Workbook
Name jk: #REF!
Name jk: #REF!
Name jk: #REF!
Name jk: #REF!

Sheet Assumption_Apt
B2: REVENUE | L2: COST
B3: No | C3: Parameter | E3: Assumption | L3: No | M3: Parameter | O3: Assumption
B4: 1 | C4: =Summary!C7 -> Grand Dhika City Jatiwarna Tower Emerald | E4: =E10 -> Broadband Apt | F4: 1 | G4: =H10 -> SOHO | H4: 0 | L4: 1 | M4: CAPEX | O4: One time cost, based on BOQ (attached)
B5: 2 | E5: Subs Growth (% of total tenants) | L5: 2 | M5: Electricity | O5: OLT, per year: | R5: 2400000
C6: Skenario | E6: Y1 | F6: Y2 | G6: Y3 | H6: Y4 | I6: Y5 | L6: 3 | M6: Maintenance | O6: % of CAPEX per year, including for EOS: | R6: 0.05
C7: A achievable target | E7: 0.32 | F7: 0.64 | G7: 0.68 | H7: 0.72 | I7: 0.8 | L7: 4 | M7: Revenue share to BM | O7: % of collected IBS Revenue: | R7: 0.1
C8: B stretch target | E8: 0.6 | F8: 0.7 | G8: 0.72 | H8: 0.77 | I8: 0.8 | L8: 5 | M8: Engineers on call | O8: cost included in 5% of capex of maintenance cost
C9: C low target | E9: 0.22 | F9: 0.34 | G9: 0.48 | H9: 0.62 | I9: 0.7 | L9: 6 | M9: Coordination Fee | O9: % of CAPEX, One time | R9: 0
B10: 3 | C10: Product Pricing of ISP (Incl STB) | E10: Broadband Apt | F10: Dist | G10: Price (IDR) | H10: SOHO | I10: Dist | J10: Price (IDR)
E11: ='Gabungan_Calculation Sheet'!E10 -> Oxygen 15 | F11: 0.6 | G11: ='Gabungan_Calculation Sheet'!F10 -> 279000 | H11: ='Gabungan_Calculation Sheet'!E14 -> SOHO 20 | I11: ='Gabungan_Calculation Sheet'!G14 -> 0.6 | J11: ='Gabungan_Calculation Sheet'!F14 -> 1200000 | L11: Other
E12: ='Gabungan_Calculation Sheet'!E11 -> Oxygen 25 | F12: 0.3 | G12: ='Gabungan_Calculation Sheet'!F11 -> 479000 | H12: ='Gabungan_Calculation Sheet'!E15 -> SOHO 30 | I12: ='Gabungan_Calculation Sheet'!G15 -> 0.3 | J12: ='Gabungan_Calculation Sheet'!F15 -> 1800000
E13: ='Gabungan_Calculation Sheet'!E12 -> Oxygen 50 | F13: ='Gabungan_Calculation Sheet'!G12 -> 0.1 | G13: ='Gabungan_Calculation Sheet'!F12 -> 879000 | H13: ='Gabungan_Calculation Sheet'!E16 -> SOHO 50 | I13: ='Gabungan_Calculation Sheet'!G16 -> 0.1 | J13: ='Gabungan_Calculation Sheet'!F16 -> 3000000 | L13: No | M13: Parameter | N13: Assumption
L14: 1 | M14: Bank loan interest rate | N14: 0.125
B15: 4 | C15: Installation charge (One Time) | E15: Broadband: | F15: ='Gabungan_Calculation Sheet'!I10 -> 250000 | H15: SOHO: | I15: ='Gabungan_Calculation Sheet'!I14 -> 1000000 | L15: 2 | M15: Deposit interest rate | N15: 0.06
B16: 5 | C16: Monthly subscriber growth | E16: Linear, calculated by total yearly target subscriber / # of months | R16: =E20*E7 -> 0.224
B17: 6 | C17: Revenue share | E17: based on PKS (see attachment): | H17: 0.5 | L17: REMARK COLOR | R17: =E20*E8 -> 0.42
B18: 7 | C18: ISP Partner | E18: MTI | M18: DEFAULT VALUES
B19: 8 | C19: Sewa CPE | E19: 30000 | F19: per resident/month | M19: INPUT VALUES
B20: 9 | C20: Target Market | E20: 0.7
B21: 10 | C21: Total Unit | E21: 892 | G21: Target Subs | H21: =ROUNDDOWN(E20*I7*E21,0) -> 499
I22: SUBCRIBER BASE
B23: Skenario | C23: Month 1 | F23: Month 2 | I23: Month 3 | L23: Month 4 | O23: Month 5 | R23: Month 6 | U23: Month 7
C24: Percentage | D24: Broadb | E24: SOHO | F24: Percentage | G24: Broadb | H24: SOHO | I24: Percentage | J24: Broadb | K24: SOHO | L24: Percentage | M24: Broadb | N24: SOHO | O24: Percentage | P24: Broadb | Q24: SOHO | R24: Percentage | S24: Broadb | T24: SOHO | U24: Percentage | V24: Broadb | W24: SOHO
C25: Year 1
B26: A | C26: =F26-($O$49/12) -> 0.026666667 | D26: =ROUNDDOWN(C26*$F$4*$E$21*$E$20,0) -> 16 | E26: =ROUNDDOWN(C26*$H$4*$E$21*$E$20,0) -> 0 | F26: =I26-($O$49/12) -> 0.053333333 | G26: =ROUNDDOWN(F26*$F$4*$E$21*$E$20,0) -> 33 | H26: =ROUNDDOWN(F26*$H$4*$E$21*$E$20,0) -> 0 | I26: =L26-($O$49/12) -> 0.08 | J26: =ROUNDDOWN(I26*$F$4*$E$21*$E$20,0) -> 49 | K26: =ROUNDDOWN(I26*$H$4*$E$21*$E$20,0) -> 0 | L26: =O26-($O$49/12) -> 0.10666667 | M26: =ROUNDDOWN(L26*$F$4*$E$21*$E$20,0) -> 66 | N26: =ROUNDDOWN(L26*$H$4*$E$21*$E$20,0) -> 0 | O26: =R26-($O$49/12) -> 0.13333333 | P26: =ROUNDDOWN(O26*$F$4*$E$21*$E$20,0) -> 83 | Q26: =ROUNDDOWN(O26*$H$4*$E$21*$E$20,0) -> 0 | R26: =U26-($O$49/12) -> 0.16 | S26: =ROUNDDOWN(R26*$F$4*$E$21*$E$20,0) -> 99 | T26: =ROUNDDOWN(R26*$H$4*$E$21*$E$20,0) -> 0 | U26: =C49-($O$49/12) -> 0.18666667 | V26: =ROUNDDOWN(U26*$F$4*$E$21*$E$20,0) -> 116 | W26: =ROUNDDOWN(U26*$H$4*$E$21*$E$20,0) -> 0
B27: B | C27: =F27-($O$50/12) -> 0.05 | D27: =ROUNDDOWN(C27*$F$4*$E$21*$E$20,0) -> 31 | E27: =ROUNDDOWN(C27*$H$4*$E$21*$E$20,0) -> 0 | F27: =I27-($O$50/12) -> 0.1 | G27: =ROUNDDOWN(F27*$F$4*$E$21*$E$20,0) -> 62 | H27: =ROUNDDOWN(F27*$H$4*$E$21*$E$20,0) -> 0 | I27: =L27-($O$50/12) -> 0.15 | J27: =ROUNDDOWN(I27*$F$4*$E$21*$E$20,0) -> 93 | K27: =ROUNDDOWN(I27*$H$4*$E$21*$E$20,0) -> 0 | L27: =O27-($O$50/12) -> 0.2 | M27: =ROUNDDOWN(L27*$F$4*$E$21*$E$20,0) -> 124 | N27: =ROUNDDOWN(L27*$H$4*$E$21*$E$20,0) -> 0 | O27: =R27-($O$50/12) -> 0.25 | P27: =ROUNDDOWN(O27*$F$4*$E$21*$E$20,0) -> 156 | Q27: =ROUNDDOWN(O27*$H$4*$E$21*$E$20,0) -> 0 | R27: =U27-($O$50/12) -> 0.3 | S27: =ROUNDDOWN(R27*$F$4*$E$21*$E$20,0) -> 187 | T27: =ROUNDDOWN(R27*$H$4*$E$21*$E$20,0) -> 0 | U27: =C50-($O$50/12) -> 0.35 | V27: =ROUNDDOWN(U27*$F$4*$E$21*$E$20,0) -> 218 | W27: =ROUNDDOWN(U27*$H$4*$E$21*$E$20,0) -> 0
B28: C | C28: =F28-($O$51/12) -> 0.018333333 | D28: =ROUNDDOWN(C28*$F$4*$E$21*$E$20,0) -> 11 | E28: =ROUNDDOWN(C28*$H$4*$E$21*$E$20,0) -> 0 | F28: =I28-($O$51/12) -> 0.036666667 | G28: =ROUNDDOWN(F28*$F$4*$E$21*$E$20,0) -> 22 | H28: =ROUNDDOWN(F28*$H$4*$E$21*$E$20,0) -> 0 | I28: =L28-($O$51/12) -> 0.055 | J28: =ROUNDDOWN(I28*$F$4*$E$21*$E$20,0) -> 34 | K28: =ROUNDDOWN(I28*$H$4*$E$21*$E$20,0) -> 0 | L28: =O28-($O$51/12) -> 0.073333333 | M28: =ROUNDDOWN(L28*$F$4*$E$21*$E$20,0) -> 45 | N28: =ROUNDDOWN(L28*$H$4*$E$21*$E$20,0) -> 0 | O28: =R28-($O$51/12) -> 0.091666667 | P28: =ROUNDDOWN(O28*$F$4*$E$21*$E$20,0) -> 57 | Q28: =ROUNDDOWN(O28*$H$4*$E$21*$E$20,0) -> 0 | R28: =U28-($O$51/12) -> 0.11 | S28: =ROUNDDOWN(R28*$F$4*$E$21*$E$20,0) -> 68 | T28: =ROUNDDOWN(R28*$H$4*$E$21*$E$20,0) -> 0 | U28: =C51-($O$51/12) -> 0.12833333 | V28: =ROUNDDOWN(U28*$F$4*$E$21*$E$20,0) -> 80 | W28: =ROUNDDOWN(U28*$H$4*$E$21*$E$20,0) -> 0
C29: Year 2
B30: A | C30: =F30-(($O$53-$O$49)/12) -> 0.34666667 | D30: =ROUNDDOWN(C30*$F$4*$E$21*$E$20,0) -> 216 | E30: =ROUNDDOWN(C30*$H$4*$E$21*$E$20,0) -> 0 | F30: =I30-(($O$53-$O$49)/12) -> 0.37333333 | G30: =ROUNDDOWN(F30*$F$4*$E$21*$E$20,0) -> 233 | H30: =ROUNDDOWN(F30*$H$4*$E$21*$E$20,0) -> 0 | I30: =L30-(($O$53-$O$49)/12) -> 0.4 | J30: =ROUNDDOWN(I30*$F$4*$E$21*$E$20,0) -> 249 | K30: =ROUNDDOWN(I30*$H$4*$E$21*$E$20,0) -> 0 | L30: =O30-(($O$53-$O$49)/12) -> 0.42666667 | M30: =ROUNDDOWN(L30*$F$4*$E$21*$E$20,0) -> 266 | N30: =ROUNDDOWN(L30*$H$4*$E$21*$E$20,0) -> 0 | O30: =R30-(($O$53-$O$49)/12) -> 0.45333333 | P30: =ROUNDDOWN(O30*$F$4*$E$21*$E$20,0) -> 283 | Q30: =ROUNDDOWN(O30*$H$4*$E$21*$E$20,0) -> 0 | R30: =U30-(($O$53-$O$49)/12) -> 0.48 | S30: =ROUNDDOWN(R30*$F$4*$E$21*$E$20,0) -> 299 | T30: =ROUNDDOWN(R30*$H$4*$E$21*$E$20,0) -> 0 | U30: =C53-(($O$53-$O$49)/12) -> 0.50666667 | V30: =ROUNDDOWN(U30*$F$4*$E$21*$E$20,0) -> 316 | W30: =ROUNDDOWN(U30*$H$4*$E$21*$E$20,0) -> 0
B31: B | C31: =F31-(($O$54-$O$50)/12) -> 0.60833333 | D31: =ROUNDDOWN(C31*$F$4*$E$21*$E$20,0) -> 379 | E31: =ROUNDDOWN(C31*$H$4*$E$21*$E$20,0) -> 0 | F31: =I31-(($O$54-$O$50)/12) -> 0.61666667 | G31: =ROUNDDOWN(F31*$F$4*$E$21*$E$20,0) -> 385 | H31: =ROUNDDOWN(F31*$H$4*$E$21*$E$20,0) -> 0 | I31: =L31-(($O$54-$O$50)/12) -> 0.625 | J31: =ROUNDDOWN(I31*$F$4*$E$21*$E$20,0) -> 390 | K31: =ROUNDDOWN(I31*$H$4*$E$21*$E$20,0) -> 0 | L31: =O31-(($O$54-$O$50)/12) -> 0.63333333 | M31: =ROUNDDOWN(L31*$F$4*$E$21*$E$20,0) -> 395 | N31: =ROUNDDOWN(L31*$H$4*$E$21*$E$20,0) -> 0 | O31: =R31-(($O$54-$O$50)/12) -> 0.64166667 | P31: =ROUNDDOWN(O31*$F$4*$E$21*$E$20,0) -> 400 | Q31: =ROUNDDOWN(O31*$H$4*$E$21*$E$20,0) -> 0 | R31: =U31-(($O$54-$O$50)/12) -> 0.65 | S31: =ROUNDDOWN(R31*$F$4*$E$21*$E$20,0) -> 405 | T31: =ROUNDDOWN(R31*$H$4*$E$21*$E$20,0) -> 0 | U31: =C54-(($O$54-$O$50)/12) -> 0.65833333 | V31: =ROUNDDOWN(U31*$F$4*$E$21*$E$20,0) -> 411 | W31: =ROUNDDOWN(U31*$H$4*$E$21*$E$20,0) -> 0
B32: C | C32: =F32-(($O$55-$O$51)/12) -> 0.23 | D32: =ROUNDDOWN(C32*$F$4*$E$21*$E$20,0) -> 143 | E32: =ROUNDDOWN(C32*$H$4*$E$21*$E$20,0) -> 0 | F32: =I32-(($O$55-$O$51)/12) -> 0.24 | G32: =ROUNDDOWN(F32*$F$4*$E$21*$E$20,0) -> 149 | H32: =ROUNDDOWN(F32*$H$4*$E$21*$E$20,0) -> 0 | I32: =L32-(($O$55-$O$51)/12) -> 0.25 | J32: =ROUNDDOWN(I32*$F$4*$E$21*$E$20,0) -> 156 | K32: =ROUNDDOWN(I32*$H$4*$E$21*$E$20,0) -> 0 | L32: =O32-(($O$55-$O$51)/12) -> 0.26 | M32: =ROUNDDOWN(L32*$F$4*$E$21*$E$20,0) -> 162 | N32: =ROUNDDOWN(L32*$H$4*$E$21*$E$20,0) -> 0 | O32: =R32-(($O$55-$O$51)/12) -> 0.27 | P32: =ROUNDDOWN(O32*$F$4*$E$21*$E$20,0) -> 168 | Q32: =ROUNDDOWN(O32*$H$4*$E$21*$E$20,0) -> 0 | R32: =U32-(($O$55-$O$51)/12) -> 0.28 | S32: =ROUNDDOWN(R32*$F$4*$E$21*$E$20,0) -> 174 | T32: =ROUNDDOWN(R32*$H$4*$E$21*$E$20,0) -> 0 | U32: =C55-(($O$55-$O$51)/12) -> 0.29 | V32: =ROUNDDOWN(U32*$F$4*$E$21*$E$20,0) -> 181 | W32: =ROUNDDOWN(U32*$H$4*$E$21*$E$20,0) -> 0
C33: Year 3
B34: A | C34: =F34-($O$57-$O$53)/12 -> 0.64333333 | D34: =ROUNDDOWN(C34*$F$4*$E$21*$E$20,0) -> 401 | E34: =ROUNDDOWN(C34*$H$4*$E$21*$E$20,0) -> 0 | F34: =I34-($O$57-$O$53)/12 -> 0.64666667 | G34: =ROUNDDOWN(F34*$F$4*$E$21*$E$20,0) -> 403 | H34: =ROUNDDOWN(F34*$H$4*$E$21*$E$20,0) -> 0 | I34: =L34-($O$57-$O$53)/12 -> 0.65 | J34: =ROUNDDOWN(I34*$F$4*$E$21*$E$20,0) -> 405 | K34: =ROUNDDOWN(I34*$H$4*$E$21*$E$20,0) -> 0 | L34: =O34-($O$57-$O$53)/12 -> 0.65333333 | M34: =ROUNDDOWN(L34*$F$4*$E$21*$E$20,0) -> 407 | N34: =ROUNDDOWN(L34*$H$4*$E$21*$E$20,0) -> 0 | O34: =R34-($O$57-$O$53)/12 -> 0.65666667 | P34: =ROUNDDOWN(O34*$F$4*$E$21*$E$20,0) -> 410 | Q34: =ROUNDDOWN(O34*$H$4*$E$21*$E$20,0) -> 0 | R34: =U34-($O$57-$O$53)/12 -> 0.66 | S34: =ROUNDDOWN(R34*$F$4*$E$21*$E$20,0) -> 412 | T34: =ROUNDDOWN(R34*$H$4*$E$21*$E$20,0) -> 0 | U34: =C57-($O$57-$O$53)/12 -> 0.66333333 | V34: =ROUNDDOWN(U34*$F$4*$E$21*$E$20,0) -> 414 | W34: =ROUNDDOWN(U34*$H$4*$E$21*$E$20,0) -> 0
B35: B | C35: =F35-($O$58-$O$54)/12 -> 0.70166667 | D35: =ROUNDDOWN(C35*$F$4*$E$21*$E$20,0) -> 438 | E35: =ROUNDDOWN(C35*$H$4*$E$21*$E$20,0) -> 0 | F35: =I35-($O$58-$O$54)/12 -> 0.70333333 | G35: =ROUNDDOWN(F35*$F$4*$E$21*$E$20,0) -> 439 | H35: =ROUNDDOWN(F35*$H$4*$E$21*$E$20,0) -> 0 | I35: =L35-($O$58-$O$54)/12 -> 0.705 | J35: =ROUNDDOWN(I35*$F$4*$E$21*$E$20,0) -> 440 | K35: =ROUNDDOWN(I35*$H$4*$E$21*$E$20,0) -> 0 | L35: =O35-($O$58-$O$54)/12 -> 0.70666667 | M35: =ROUNDDOWN(L35*$F$4*$E$21*$E$20,0) -> 441 | N35: =ROUNDDOWN(L35*$H$4*$E$21*$E$20,0) -> 0 | O35: =R35-($O$58-$O$54)/12 -> 0.70833333 | P35: =ROUNDDOWN(O35*$F$4*$E$21*$E$20,0) -> 442 | Q35: =ROUNDDOWN(O35*$H$4*$E$21*$E$20,0) -> 0 | R35: =U35-($O$58-$O$54)/12 -> 0.71 | S35: =ROUNDDOWN(R35*$F$4*$E$21*$E$20,0) -> 443 | T35: =ROUNDDOWN(R35*$H$4*$E$21*$E$20,0) -> 0 | U35: =C58-($O$58-$O$54)/12 -> 0.71166667 | V35: =ROUNDDOWN(U35*$F$4*$E$21*$E$20,0) -> 444 | W35: =ROUNDDOWN(U35*$H$4*$E$21*$E$20,0) -> 0
B36: C | C36: =F36-($O$59-$O$55)/12 -> 0.35166667 | D36: =ROUNDDOWN(C36*$F$4*$E$21*$E$20,0) -> 219 | E36: =ROUNDDOWN(C36*$H$4*$E$21*$E$20,0) -> 0 | F36: =I36-($O$59-$O$55)/12 -> 0.36333333 | G36: =ROUNDDOWN(F36*$F$4*$E$21*$E$20,0) -> 226 | H36: =ROUNDDOWN(F36*$H$4*$E$21*$E$20,0) -> 0 | I36: =L36-($O$59-$O$55)/12 -> 0.375 | J36: =ROUNDDOWN(I36*$F$4*$E$21*$E$20,0) -> 234 | K36: =ROUNDDOWN(I36*$H$4*$E$21*$E$20,0) -> 0 | L36: =O36-($O$59-$O$55)/12 -> 0.38666667 | M36: =ROUNDDOWN(L36*$F$4*$E$21*$E$20,0) -> 241 | N36: =ROUNDDOWN(L36*$H$4*$E$21*$E$20,0) -> 0 | O36: =R36-($O$59-$O$55)/12 -> 0.39833333 | P36: =ROUNDDOWN(O36*$F$4*$E$21*$E$20,0) -> 248 | Q36: =ROUNDDOWN(O36*$H$4*$E$21*$E$20,0) -> 0 | R36: =U36-($O$59-$O$55)/12 -> 0.41 | S36: =ROUNDDOWN(R36*$F$4*$E$21*$E$20,0) -> 256 | T36: =ROUNDDOWN(R36*$H$4*$E$21*$E$20,0) -> 0 | U36: =C59-($O$59-$O$55)/12 -> 0.42166667 | V36: =ROUNDDOWN(U36*$F$4*$E$21*$E$20,0) -> 263 | W36: =ROUNDDOWN(U36*$H$4*$E$21*$E$20,0) -> 0
C37: Year 4
B38: A | C38: =F38-($O$61-$O$57)/12 -> 0.68333333 | D38: =ROUNDDOWN(C38*$F$4*$E$21*$E$20,0) -> 426 | E38: =ROUNDDOWN(C38*$H$4*$E$21*$E$20,0) -> 0 | F38: =I38-($O$61-$O$57)/12 -> 0.68666667 | G38: =ROUNDDOWN(F38*$F$4*$E$21*$E$20,0) -> 428 | H38: =ROUNDDOWN(F38*$H$4*$E$21*$E$20,0) -> 0 | I38: =L38-($O$61-$O$57)/12 -> 0.69 | J38: =ROUNDDOWN(I38*$F$4*$E$21*$E$20,0) -> 430 | K38: =ROUNDDOWN(I38*$H$4*$E$21*$E$20,0) -> 0 | L38: =O38-($O$61-$O$57)/12 -> 0.69333333 | M38: =ROUNDDOWN(L38*$F$4*$E$21*$E$20,0) -> 432 | N38: =ROUNDDOWN(L38*$H$4*$E$21*$E$20,0) -> 0 | O38: =R38-($O$61-$O$57)/12 -> 0.69666667 | P38: =ROUNDDOWN(O38*$F$4*$E$21*$E$20,0) -> 434 | Q38: =ROUNDDOWN(O38*$H$4*$E$21*$E$20,0) -> 0 | R38: =U38-($O$61-$O$57)/12 -> 0.7 | S38: =ROUNDDOWN(R38*$F$4*$E$21*$E$20,0) -> 437 | T38: =ROUNDDOWN(R38*$H$4*$E$21*$E$20,0) -> 0 | U38: =C61-($O$61-$O$57)/12 -> 0.70333333 | V38: =ROUNDDOWN(U38*$F$4*$E$21*$E$20,0) -> 439 | W38: =ROUNDDOWN(U38*$H$4*$E$21*$E$20,0) -> 0
B39: B | C39: =F39-($O$62-$O$58)/12 -> 0.72416667 | D39: =ROUNDDOWN(C39*$F$4*$E$21*$E$20,0) -> 452 | E39: =ROUNDDOWN(C39*$H$4*$E$21*$E$20,0) -> 0 | F39: =I39-($O$62-$O$58)/12 -> 0.72833333 | G39: =ROUNDDOWN(F39*$F$4*$E$21*$E$20,0) -> 454 | H39: =ROUNDDOWN(F39*$H$4*$E$21*$E$20,0) -> 0 | I39: =L39-($O$62-$O$58)/12 -> 0.7325 | J39: =ROUNDDOWN(I39*$F$4*$E$21*$E$20,0) -> 457 | K39: =ROUNDDOWN(I39*$H$4*$E$21*$E$20,0) -> 0 | L39: =O39-($O$62-$O$58)/12 -> 0.73666667 | M39: =ROUNDDOWN(L39*$F$4*$E$21*$E$20,0) -> 459 | N39: =ROUNDDOWN(L39*$H$4*$E$21*$E$20,0) -> 0 | O39: =R39-($O$62-$O$58)/12 -> 0.74083333 | P39: =ROUNDDOWN(O39*$F$4*$E$21*$E$20,0) -> 462 | Q39: =ROUNDDOWN(O39*$H$4*$E$21*$E$20,0) -> 0 | R39: =U39-($O$62-$O$58)/12 -> 0.745 | S39: =ROUNDDOWN(R39*$F$4*$E$21*$E$20,0) -> 465 | T39: =ROUNDDOWN(R39*$H$4*$E$21*$E$20,0) -> 0 | U39: =C62-($O$62-$O$58)/12 -> 0.74916667 | V39: =ROUNDDOWN(U39*$F$4*$E$21*$E$20,0) -> 467 | W39: =ROUNDDOWN(U39*$H$4*$E$21*$E$20,0) -> 0
B40: C | C40: =F40-($O$63-$O$59)/12 -> 0.49166667 | D40: =ROUNDDOWN(C40*$F$4*$E$21*$E$20,0) -> 306 | E40: =ROUNDDOWN(C40*$H$4*$E$21*$E$20,0) -> 0 | F40: =I40-($O$63-$O$59)/12 -> 0.50333333 | G40: =ROUNDDOWN(F40*$F$4*$E$21*$E$20,0) -> 314 | H40: =ROUNDDOWN(F40*$H$4*$E$21*$E$20,0) -> 0 | I40: =L40-($O$63-$O$59)/12 -> 0.515 | J40: =ROUNDDOWN(I40*$F$4*$E$21*$E$20,0) -> 321 | K40: =ROUNDDOWN(I40*$H$4*$E$21*$E$20,0) -> 0 | L40: =O40-($O$63-$O$59)/12 -> 0.52666667 | M40: =ROUNDDOWN(L40*$F$4*$E$21*$E$20,0) -> 328 | N40: =ROUNDDOWN(L40*$H$4*$E$21*$E$20,0) -> 0 | O40: =R40-($O$63-$O$59)/12 -> 0.53833333 | P40: =ROUNDDOWN(O40*$F$4*$E$21*$E$20,0) -> 336 | Q40: =ROUNDDOWN(O40*$H$4*$E$21*$E$20,0) -> 0 | R40: =U40-($O$63-$O$59)/12 -> 0.55 | S40: =ROUNDDOWN(R40*$F$4*$E$21*$E$20,0) -> 343 | T40: =ROUNDDOWN(R40*$H$4*$E$21*$E$20,0) -> 0 | U40: =C63-($O$63-$O$59)/12 -> 0.56166667 | V40: =ROUNDDOWN(U40*$F$4*$E$21*$E$20,0) -> 350 | W40: =ROUNDDOWN(U40*$H$4*$E$21*$E$20,0) -> 0
C41: Year 5
B42: A | C42: =F42-($O$65-$O$61)/12 -> 0.72666667 | D42: =ROUNDDOWN(C42*$F$4*$E$21*$E$20,0) -> 453 | E42: =ROUNDDOWN(C42*$H$4*$E$21*$E$20,0) -> 0 | F42: =I42-($O$65-$O$61)/12 -> 0.73333333 | G42: =ROUNDDOWN(F42*$F$4*$E$21*$E$20,0) -> 457 | H42: =ROUNDDOWN(F42*$H$4*$E$21*$E$20,0) -> 0 | I42: =L42-($O$65-$O$61)/12 -> 0.74 | J42: =ROUNDDOWN(I42*$F$4*$E$21*$E$20,0) -> 462 | K42: =ROUNDDOWN(I42*$H$4*$E$21*$E$20,0) -> 0 | L42: =O42-($O$65-$O$61)/12 -> 0.74666667 | M42: =ROUNDDOWN(L42*$F$4*$E$21*$E$20,0) -> 466 | N42: =ROUNDDOWN(L42*$H$4*$E$21*$E$20,0) -> 0 | O42: =R42-($O$65-$O$61)/12 -> 0.75333333 | P42: =ROUNDDOWN(O42*$F$4*$E$21*$E$20,0) -> 470 | Q42: =ROUNDDOWN(O42*$H$4*$E$21*$E$20,0) -> 0 | R42: =U42-($O$65-$O$61)/12 -> 0.76 | S42: =ROUNDDOWN(R42*$F$4*$E$21*$E$20,0) -> 474 | T42: =ROUNDDOWN(R42*$H$4*$E$21*$E$20,0) -> 0 | U42: =C65-($O$65-$O$61)/12 -> 0.76666667 | V42: =ROUNDDOWN(U42*$F$4*$E$21*$E$20,0) -> 478 | W42: =ROUNDDOWN(U42*$H$4*$E$21*$E$20,0) -> 0
B43: B | C43: =F43-($O$66-$O$62)/12 -> 0.7725 | D43: =ROUNDDOWN(C43*$F$4*$E$21*$E$20,0) -> 482 | E43: =ROUNDDOWN(C43*$H$4*$E$21*$E$20,0) -> 0 | F43: =I43-($O$66-$O$62)/12 -> 0.775 | G43: =ROUNDDOWN(F43*$F$4*$E$21*$E$20,0) -> 483 | H43: =ROUNDDOWN(F43*$H$4*$E$21*$E$20,0) -> 0 | I43: =L43-($O$66-$O$62)/12 -> 0.7775 | J43: =ROUNDDOWN(I43*$F$4*$E$21*$E$20,0) -> 485 | K43: =ROUNDDOWN(I43*$H$4*$E$21*$E$20,0) -> 0 | L43: =O43-($O$66-$O$62)/12 -> 0.78 | M43: =ROUNDDOWN(L43*$F$4*$E$21*$E$20,0) -> 487 | N43: =ROUNDDOWN(L43*$H$4*$E$21*$E$20,0) -> 0 | O43: =R43-($O$66-$O$62)/12 -> 0.7825 | P43: =ROUNDDOWN(O43*$F$4*$E$21*$E$20,0) -> 488 | Q43: =ROUNDDOWN(O43*$H$4*$E$21*$E$20,0) -> 0 | R43: =U43-($O$66-$O$62)/12 -> 0.785 | S43: =ROUNDDOWN(R43*$F$4*$E$21*$E$20,0) -> 490 | T43: =ROUNDDOWN(R43*$H$4*$E$21*$E$20,0) -> 0 | U43: =C66-($O$66-$O$62)/12 -> 0.7875 | V43: =ROUNDDOWN(U43*$F$4*$E$21*$E$20,0) -> 491 | W43: =ROUNDDOWN(U43*$H$4*$E$21*$E$20,0) -> 0
B44: C | C44: =F44-($O$67-$O$63)/12 -> 0.62666667 | D44: =ROUNDDOWN(C44*$F$4*$E$21*$E$20,0) -> 391 | E44: =ROUNDDOWN(C44*$H$4*$E$21*$E$20,0) -> 0 | F44: =I44-($O$67-$O$63)/12 -> 0.63333333 | G44: =ROUNDDOWN(F44*$F$4*$E$21*$E$20,0) -> 395 | H44: =ROUNDDOWN(F44*$H$4*$E$21*$E$20,0) -> 0 | I44: =L44-($O$67-$O$63)/12 -> 0.64 | J44: =ROUNDDOWN(I44*$F$4*$E$21*$E$20,0) -> 399 | K44: =ROUNDDOWN(I44*$H$4*$E$21*$E$20,0) -> 0 | L44: =O44-($O$67-$O$63)/12 -> 0.64666667 | M44: =ROUNDDOWN(L44*$F$4*$E$21*$E$20,0) -> 403 | N44: =ROUNDDOWN(L44*$H$4*$E$21*$E$20,0) -> 0 | O44: =R44-($O$67-$O$63)/12 -> 0.65333333 | P44: =ROUNDDOWN(O44*$F$4*$E$21*$E$20,0) -> 407 | Q44: =ROUNDDOWN(O44*$H$4*$E$21*$E$20,0) -> 0 | R44: =U44-($O$67-$O$63)/12 -> 0.66 | S44: =ROUNDDOWN(R44*$F$4*$E$21*$E$20,0) -> 412 | T44: =ROUNDDOWN(R44*$H$4*$E$21*$E$20,0) -> 0 | U44: =C67-($O$67-$O$63)/12 -> 0.66666667 | V44: =ROUNDDOWN(U44*$F$4*$E$21*$E$20,0) -> 416 | W44: =ROUNDDOWN(U44*$H$4*$E$21*$E$20,0) -> 0
B46: Skenario | C46: Month 8 | F46: Month 9 | I46: Month 10 | L46: Month 11 | O46: Month 12 | R46: Yearly Change
C47: Percentage | D47: Broadb | E47: SOHO | F47: Percentage | G47: Broadb | H47: SOHO | I47: Percentage | J47: Broadb | K47: SOHO | L47: Percentage | M47: Broadb | N47: SOHO | O47: Percentage | P47: Broadb | Q47: SOHO | R47: Broadb | S47: SOHO
C48: Year 1
B49: A | C49: =F49-($O$49/12) -> 0.21333333 | D49: =ROUNDDOWN(C49*$F$4*$E$21*$E$20,0) -> 133 | E49: =ROUNDDOWN(C49*$H$4*$E$21*$E$20,0) -> 0 | F49: =I49-($O$49/12) -> 0.24 | G49: =ROUNDDOWN(F49*$F$4*$E$21*$E$20,0) -> 149 | H49: =ROUNDDOWN(F49*$H$4*$E$21*$E$20,0) -> 0 | I49: =L49-($O$49/12) -> 0.26666667 | J49: =ROUNDDOWN(I49*$F$4*$E$21*$E$20,0) -> 166 | K49: =ROUNDDOWN(I49*$H$4*$E$21*$E$20,0) -> 0 | L49: =O49-($O$49/12) -> 0.29333333 | M49: =ROUNDDOWN(L49*$F$4*$E$21*$E$20,0) -> 183 | N49: =ROUNDDOWN(L49*$H$4*$E$21*$E$20,0) -> 0 | O49: =E7 -> 0.32 | P49: =ROUNDDOWN(O49*$F$4*$E$21*$E$20,0) -> 199 | Q49: =ROUNDDOWN(O49*$H$4*$E$21*$E$20,0) -> 0 | R49: =P49 -> 199 | S49: =Q49 -> 0
B50: B | C50: =F50-($O$50/12) -> 0.4 | D50: =ROUNDDOWN(C50*$F$4*$E$21*$E$20,0) -> 249 | E50: =ROUNDDOWN(C50*$H$4*$E$21*$E$20,0) -> 0 | F50: =I50-($O$50/12) -> 0.45 | G50: =ROUNDDOWN(F50*$F$4*$E$21*$E$20,0) -> 280 | H50: =ROUNDDOWN(F50*$H$4*$E$21*$E$20,0) -> 0 | I50: =L50-($O$50/12) -> 0.5 | J50: =ROUNDDOWN(I50*$F$4*$E$21*$E$20,0) -> 312 | K50: =ROUNDDOWN(I50*$H$4*$E$21*$E$20,0) -> 0 | L50: =O50-($O$50/12) -> 0.55 | M50: =ROUNDDOWN(L50*$F$4*$E$21*$E$20,0) -> 343 | N50: =ROUNDDOWN(L50*$H$4*$E$21*$E$20,0) -> 0 | O50: =E8 -> 0.6 | P50: =ROUNDDOWN(O50*$F$4*$E$21*$E$20,0) -> 374 | Q50: =ROUNDDOWN(O50*$H$4*$E$21*$E$20,0) -> 0 | R50: =P50 -> 374 | S50: =Q50 -> 0
B51: C | C51: =F51-($O$51/12) -> 0.14666667 | D51: =ROUNDDOWN(C51*$F$4*$E$21*$E$20,0) -> 91 | E51: =ROUNDDOWN(C51*$H$4*$E$21*$E$20,0) -> 0 | F51: =I51-($O$51/12) -> 0.165 | G51: =ROUNDDOWN(F51*$F$4*$E$21*$E$20,0) -> 103 | H51: =ROUNDDOWN(F51*$H$4*$E$21*$E$20,0) -> 0 | I51: =L51-($O$51/12) -> 0.18333333 | J51: =ROUNDDOWN(I51*$F$4*$E$21*$E$20,0) -> 114 | K51: =ROUNDDOWN(I51*$H$4*$E$21*$E$20,0) -> 0 | L51: =O51-($O$51/12) -> 0.20166667 | M51: =ROUNDDOWN(L51*$F$4*$E$21*$E$20,0) -> 125 | N51: =ROUNDDOWN(L51*$H$4*$E$21*$E$20,0) -> 0 | O51: =E9 -> 0.22 | P51: =ROUNDDOWN(O51*$F$4*$E$21*$E$20,0) -> 137 | Q51: =ROUNDDOWN(O51*$H$4*$E$21*$E$20,0) -> 0 | R51: =P51 -> 137 | S51: =Q51 -> 0
C52: Year 2
B53: A | C53: =F53-(($O$53-$O$49)/12) -> 0.53333333 | D53: =ROUNDDOWN(C53*$F$4*$E$21*$E$20,0) -> 333 | E53: =ROUNDDOWN(C53*$H$4*$E$21*$E$20,0) -> 0 | F53: =I53-(($O$53-$O$49)/12) -> 0.56 | G53: =ROUNDDOWN(F53*$F$4*$E$21*$E$20,0) -> 349 | H53: =ROUNDDOWN(F53*$H$4*$E$21*$E$20,0) -> 0 | I53: =L53-(($O$53-$O$49)/12) -> 0.58666667 | J53: =ROUNDDOWN(I53*$F$4*$E$21*$E$20,0) -> 366 | K53: =ROUNDDOWN(I53*$H$4*$E$21*$E$20,0) -> 0 | L53: =O53-(($O$53-$O$49)/12) -> 0.61333333 | M53: =ROUNDDOWN(L53*$F$4*$E$21*$E$20,0) -> 382 | N53: =ROUNDDOWN(L53*$H$4*$E$21*$E$20,0) -> 0 | O53: =F7 -> 0.64 | P53: =ROUNDDOWN(O53*$F$4*$E$21*$E$20,0) -> 399 | Q53: =ROUNDDOWN(O53*$H$4*$E$21*$E$20,0) -> 0 | R53: =P53-P49 -> 200 | S53: =Q53-Q49 -> 0
B54: B | C54: =F54-(($O$54-$O$50)/12) -> 0.66666667 | D54: =ROUNDDOWN(C54*$F$4*$E$21*$E$20,0) -> 416 | E54: =ROUNDDOWN(C54*$H$4*$E$21*$E$20,0) -> 0 | F54: =I54-(($O$54-$O$50)/12) -> 0.675 | G54: =ROUNDDOWN(F54*$F$4*$E$21*$E$20,0) -> 421 | H54: =ROUNDDOWN(F54*$H$4*$E$21*$E$20,0) -> 0 | I54: =L54-(($O$54-$O$50)/12) -> 0.68333333 | J54: =ROUNDDOWN(I54*$F$4*$E$21*$E$20,0) -> 426 | K54: =ROUNDDOWN(I54*$H$4*$E$21*$E$20,0) -> 0 | L54: =O54-(($O$54-$O$50)/12) -> 0.69166667 | M54: =ROUNDDOWN(L54*$F$4*$E$21*$E$20,0) -> 431 | N54: =ROUNDDOWN(L54*$H$4*$E$21*$E$20,0) -> 0 | O54: =F8 -> 0.7 | P54: =ROUNDDOWN(O54*$F$4*$E$21*$E$20,0) -> 437 | Q54: =ROUNDDOWN(O54*$H$4*$E$21*$E$20,0) -> 0 | R54: =P54-P50 -> 63 | S54: =Q54-Q50 -> 0
B55: C | C55: =F55-(($O$55-$O$51)/12) -> 0.3 | D55: =ROUNDDOWN(C55*$F$4*$E$21*$E$20,0) -> 187 | E55: =ROUNDDOWN(C55*$H$4*$E$21*$E$20,0) -> 0 | F55: =I55-(($O$55-$O$51)/12) -> 0.31 | G55: =ROUNDDOWN(F55*$F$4*$E$21*$E$20,0) -> 193 | H55: =ROUNDDOWN(F55*$H$4*$E$21*$E$20,0) -> 0 | I55: =L55-(($O$55-$O$51)/12) -> 0.32 | J55: =ROUNDDOWN(I55*$F$4*$E$21*$E$20,0) -> 199 | K55: =ROUNDDOWN(I55*$H$4*$E$21*$E$20,0) -> 0 | L55: =O55-(($O$55-$O$51)/12) -> 0.33 | M55: =ROUNDDOWN(L55*$F$4*$E$21*$E$20,0) -> 206 | N55: =ROUNDDOWN(L55*$H$4*$E$21*$E$20,0) -> 0 | O55: =F9 -> 0.34 | P55: =ROUNDDOWN(O55*$F$4*$E$21*$E$20,0) -> 212 | Q55: =ROUNDDOWN(O55*$H$4*$E$21*$E$20,0) -> 0 | R55: =P55-P51 -> 75 | S55: =Q55-Q51 -> 0
C56: Year 3
B57: A | C57: =F57-($O$57-$O$53)/12 -> 0.66666667 | D57: =ROUNDDOWN(C57*$F$4*$E$21*$E$20,0) -> 416 | E57: =ROUNDDOWN(C57*$H$4*$E$21*$E$20,0) -> 0 | F57: =I57-($O$57-$O$53)/12 -> 0.67 | G57: =ROUNDDOWN(F57*$F$4*$E$21*$E$20,0) -> 418 | H57: =ROUNDDOWN(F57*$H$4*$E$21*$E$20,0) -> 0 | I57: =L57-($O$57-$O$53)/12 -> 0.67333333 | J57: =ROUNDDOWN(I57*$F$4*$E$21*$E$20,0) -> 420 | K57: =ROUNDDOWN(I57*$H$4*$E$21*$E$20,0) -> 0 | L57: =O57-($O$57-$O$53)/12 -> 0.67666667 | M57: =ROUNDDOWN(L57*$F$4*$E$21*$E$20,0) -> 422 | N57: =ROUNDDOWN(L57*$H$4*$E$21*$E$20,0) -> 0 | O57: =G7 -> 0.68 | P57: =ROUNDDOWN(O57*$F$4*$E$21*$E$20,0) -> 424 | Q57: =ROUNDDOWN(O57*$H$4*$E$21*$E$20,0) -> 0 | R57: =P57-P53 -> 25 | S57: =Q57-Q53 -> 0
B58: B | C58: =F58-($O$58-$O$54)/12 -> 0.71333333 | D58: =ROUNDDOWN(C58*$F$4*$E$21*$E$20,0) -> 445 | E58: =ROUNDDOWN(C58*$H$4*$E$21*$E$20,0) -> 0 | F58: =I58-($O$58-$O$54)/12 -> 0.715 | G58: =ROUNDDOWN(F58*$F$4*$E$21*$E$20,0) -> 446 | H58: =ROUNDDOWN(F58*$H$4*$E$21*$E$20,0) -> 0 | I58: =L58-($O$58-$O$54)/12 -> 0.71666667 | J58: =ROUNDDOWN(I58*$F$4*$E$21*$E$20,0) -> 447 | K58: =ROUNDDOWN(I58*$H$4*$E$21*$E$20,0) -> 0 | L58: =O58-($O$58-$O$54)/12 -> 0.71833333 | M58: =ROUNDDOWN(L58*$F$4*$E$21*$E$20,0) -> 448 | N58: =ROUNDDOWN(L58*$H$4*$E$21*$E$20,0) -> 0 | O58: =G8 -> 0.72 | P58: =ROUNDDOWN(O58*$F$4*$E$21*$E$20,0) -> 449 | Q58: =ROUNDDOWN(O58*$H$4*$E$21*$E$20,0) -> 0 | R58: =P58-P54 -> 12 | S58: =Q58-Q54 -> 0
B59: C | C59: =F59-($O$59-$O$55)/12 -> 0.43333333 | D59: =ROUNDDOWN(C59*$F$4*$E$21*$E$20,0) -> 270 | E59: =ROUNDDOWN(C59*$H$4*$E$21*$E$20,0) -> 0 | F59: =I59-($O$59-$O$55)/12 -> 0.445 | G59: =ROUNDDOWN(F59*$F$4*$E$21*$E$20,0) -> 277 | H59: =ROUNDDOWN(F59*$H$4*$E$21*$E$20,0) -> 0 | I59: =L59-($O$59-$O$55)/12 -> 0.45666667 | J59: =ROUNDDOWN(I59*$F$4*$E$21*$E$20,0) -> 285 | K59: =ROUNDDOWN(I59*$H$4*$E$21*$E$20,0) -> 0 | L59: =O59-($O$59-$O$55)/12 -> 0.46833333 | M59: =ROUNDDOWN(L59*$F$4*$E$21*$E$20,0) -> 292 | N59: =ROUNDDOWN(L59*$H$4*$E$21*$E$20,0) -> 0 | O59: =G9 -> 0.48 | P59: =ROUNDDOWN(O59*$F$4*$E$21*$E$20,0) -> 299 | Q59: =ROUNDDOWN(O59*$H$4*$E$21*$E$20,0) -> 0 | R59: =P59-P55 -> 87 | S59: =Q59-Q55 -> 0
C60: Year 4
B61: A | C61: =F61-($O$61-$O$57)/12 -> 0.70666667 | D61: =ROUNDDOWN(C61*$F$4*$E$21*$E$20,0) -> 441 | E61: =ROUNDDOWN(C61*$H$4*$E$21*$E$20,0) -> 0 | F61: =I61-($O$61-$O$57)/12 -> 0.71 | G61: =ROUNDDOWN(F61*$F$4*$E$21*$E$20,0) -> 443 | H61: =ROUNDDOWN(F61*$H$4*$E$21*$E$20,0) -> 0 | I61: =L61-($O$61-$O$57)/12 -> 0.71333333 | J61: =ROUNDDOWN(I61*$F$4*$E$21*$E$20,0) -> 445 | K61: =ROUNDDOWN(I61*$H$4*$E$21*$E$20,0) -> 0 | L61: =O61-($O$61-$O$57)/12 -> 0.71666667 | M61: =ROUNDDOWN(L61*$F$4*$E$21*$E$20,0) -> 447 | N61: =ROUNDDOWN(L61*$H$4*$E$21*$E$20,0) -> 0 | O61: =H7 -> 0.72 | P61: =ROUNDDOWN(O61*$F$4*$E$21*$E$20,0) -> 449 | Q61: =ROUNDDOWN(O61*$H$4*$E$21*$E$20,0) -> 0 | R61: =P61-P57 -> 25 | S61: =Q61-Q57 -> 0
B62: B | C62: =F62-($O$62-$O$58)/12 -> 0.75333333 | D62: =ROUNDDOWN(C62*$F$4*$E$21*$E$20,0) -> 470 | E62: =ROUNDDOWN(C62*$H$4*$E$21*$E$20,0) -> 0 | F62: =I62-($O$62-$O$58)/12 -> 0.7575 | G62: =ROUNDDOWN(F62*$F$4*$E$21*$E$20,0) -> 472 | H62: =ROUNDDOWN(F62*$H$4*$E$21*$E$20,0) -> 0 | I62: =L62-($O$62-$O$58)/12 -> 0.76166667 | J62: =ROUNDDOWN(I62*$F$4*$E$21*$E$20,0) -> 475 | K62: =ROUNDDOWN(I62*$H$4*$E$21*$E$20,0) -> 0 | L62: =O62-($O$62-$O$58)/12 -> 0.76583333 | M62: =ROUNDDOWN(L62*$F$4*$E$21*$E$20,0) -> 478 | N62: =ROUNDDOWN(L62*$H$4*$E$21*$E$20,0) -> 0 | O62: =H8 -> 0.77 | P62: =ROUNDDOWN(O62*$F$4*$E$21*$E$20,0) -> 480 | Q62: =ROUNDDOWN(O62*$H$4*$E$21*$E$20,0) -> 0 | R62: =P62-P58 -> 31 | S62: =Q62-Q58 -> 0
B63: C | C63: =F63-($O$63-$O$59)/12 -> 0.57333333 | D63: =ROUNDDOWN(C63*$F$4*$E$21*$E$20,0) -> 357 | E63: =ROUNDDOWN(C63*$H$4*$E$21*$E$20,0) -> 0 | F63: =I63-($O$63-$O$59)/12 -> 0.585 | G63: =ROUNDDOWN(F63*$F$4*$E$21*$E$20,0) -> 365 | H63: =ROUNDDOWN(F63*$H$4*$E$21*$E$20,0) -> 0 | I63: =L63-($O$63-$O$59)/12 -> 0.59666667 | J63: =ROUNDDOWN(I63*$F$4*$E$21*$E$20,0) -> 372 | K63: =ROUNDDOWN(I63*$H$4*$E$21*$E$20,0) -> 0 | L63: =O63-($O$63-$O$59)/12 -> 0.60833333 | M63: =ROUNDDOWN(L63*$F$4*$E$21*$E$20,0) -> 379 | N63: =ROUNDDOWN(L63*$H$4*$E$21*$E$20,0) -> 0 | O63: =H9 -> 0.62 | P63: =ROUNDDOWN(O63*$F$4*$E$21*$E$20,0) -> 387 | Q63: =ROUNDDOWN(O63*$H$4*$E$21*$E$20,0) -> 0 | R63: =P63-P59 -> 88 | S63: =Q63-Q59 -> 0
C64: Year 5
B65: A | C65: =F65-($O$65-$O$61)/12 -> 0.77333333 | D65: =ROUNDDOWN(C65*$F$4*$E$21*$E$20,0) -> 482 | E65: =ROUNDDOWN(C65*$H$4*$E$21*$E$20,0) -> 0 | F65: =I65-($O$65-$O$61)/12 -> 0.78 | G65: =ROUNDDOWN(F65*$F$4*$E$21*$E$20,0) -> 487 | H65: =ROUNDDOWN(F65*$H$4*$E$21*$E$20,0) -> 0 | I65: =L65-($O$65-$O$61)/12 -> 0.78666667 | J65: =ROUNDDOWN(I65*$F$4*$E$21*$E$20,0) -> 491 | K65: =ROUNDDOWN(I65*$H$4*$E$21*$E$20,0) -> 0 | L65: =O65-($O$65-$O$61)/12 -> 0.79333333 | M65: =ROUNDDOWN(L65*$F$4*$E$21*$E$20,0) -> 495 | N65: =ROUNDDOWN(L65*$H$4*$E$21*$E$20,0) -> 0 | O65: =I7 -> 0.8 | P65: =ROUNDDOWN(O65*$F$4*$E$21*$E$20,0) -> 499 | Q65: =ROUNDDOWN(O65*$H$4*$E$21*$E$20,0) -> 0 | R65: =P65-P61 -> 50 | S65: =Q65-Q61 -> 0
B66: B | C66: =F66-($O$66-$O$62)/12 -> 0.79 | D66: =ROUNDDOWN(C66*$F$4*$E$21*$E$20,0) -> 493 | E66: =ROUNDDOWN(C66*$H$4*$E$21*$E$20,0) -> 0 | F66: =I66-($O$66-$O$62)/12 -> 0.7925 | G66: =ROUNDDOWN(F66*$F$4*$E$21*$E$20,0) -> 494 | H66: =ROUNDDOWN(F66*$H$4*$E$21*$E$20,0) -> 0 | I66: =L66-($O$66-$O$62)/12 -> 0.795 | J66: =ROUNDDOWN(I66*$F$4*$E$21*$E$20,0) -> 496 | K66: =ROUNDDOWN(I66*$H$4*$E$21*$E$20,0) -> 0 | L66: =O66-($O$66-$O$62)/12 -> 0.7975 | M66: =ROUNDDOWN(L66*$F$4*$E$21*$E$20,0) -> 497 | N66: =ROUNDDOWN(L66*$H$4*$E$21*$E$20,0) -> 0 | O66: =I8 -> 0.8 | P66: =ROUNDDOWN(O66*$F$4*$E$21*$E$20,0) -> 499 | Q66: =ROUNDDOWN(O66*$H$4*$E$21*$E$20,0) -> 0 | R66: =P66-P62 -> 19 | S66: =Q66-Q62 -> 0
B67: C | C67: =F67-($O$67-$O$63)/12 -> 0.67333333 | D67: =ROUNDDOWN(C67*$F$4*$E$21*$E$20,0) -> 420 | E67: =ROUNDDOWN(C67*$H$4*$E$21*$E$20,0) -> 0 | F67: =I67-($O$67-$O$63)/12 -> 0.68 | G67: =ROUNDDOWN(F67*$F$4*$E$21*$E$20,0) -> 424 | H67: =ROUNDDOWN(F67*$H$4*$E$21*$E$20,0) -> 0 | I67: =L67-($O$67-$O$63)/12 -> 0.68666667 | J67: =ROUNDDOWN(I67*$F$4*$E$21*$E$20,0) -> 428 | K67: =ROUNDDOWN(I67*$H$4*$E$21*$E$20,0) -> 0 | L67: =O67-($O$67-$O$63)/12 -> 0.69333333 | M67: =ROUNDDOWN(L67*$F$4*$E$21*$E$20,0) -> 432 | N67: =ROUNDDOWN(L67*$H$4*$E$21*$E$20,0) -> 0 | O67: =I9 -> 0.7 | P67: =ROUNDDOWN(O67*$F$4*$E$21*$E$20,0) -> 437 | Q67: =ROUNDDOWN(O67*$H$4*$E$21*$E$20,0) -> 0 | R67: =P67-P63 -> 50 | S67: =Q67-Q63 -> 0

Sheet Gabungan_Calculation Sheet
C2: REVENUE
C4: Sharing Fee dg ISP | E4: =Assumption_Apt!H17 -> 0.5
C6: Total Unit | E6: =Assumption_Apt!E21 -> 892 | G6: Tenants | H6: =Assumption_Apt!H21 -> 499
C7: Pricing
C9: No | D9: Product | E9: Product Name | F9: Price (IDR) | G9: Distribution | H9: Weighted Price | I9: Instalation Charge
C10: 1 | D10: =Assumption_Apt!E10 -> Broadband Apt | E10: Oxygen 15 | F10: 279000 | G10: 0.6 | H10: =(F10*G10)+(F11*G11)+(F12*G12)+(F13*G13) -> 399000 | I10: 250000
E11: Oxygen 25 | F11: 479000 | G11: 0.3
E12: Oxygen 50 | F12: 879000 | G12: 0.1
C14: 2 | D14: =Assumption_Apt!H10 -> SOHO | E14: SOHO 20 | F14: 1200000 | G14: 0.6 | H14: =(F14*G14)+(F15*G15)+(F16*G16) -> 1560000 | I14: 1000000
E15: SOHO 30 | F15: 1800000 | G15: 0.3
E16: SOHO 50 | F16: 3000000 | G16: 0.1
C17: 3 | D17: TV HD + Internet | E17: IPL
C19: IBS Revenue projection (IDR)
C21: No | D21: 1. Sken A | E21: Year 1 | F21: Year 2 | G21: Year 3 | H21: Year 4 | I21: Year 5
C22: 1 | D22: =D10 -> Broadband Apt | E22: =$E$4*$H$10*(Assumption_Apt!D26+Assumption_Apt!G26+Assumption_Apt!J26+Assumption_Apt!M26+Assumption_Apt!P26+Assumption_Apt!S26+Assumption_Apt!V26+Assumption_Apt!D49+Assumption_Apt!G49+Assumption_Apt!J49+Assumption_Apt!M49+Assumption_Apt!P49+Assumption_Apt!R49) -> 297454500 | F22: =$E$4*$H$10*(Assumption_Apt!D30+Assumption_Apt!G30+Assumption_Apt!J30+Assumption_Apt!M30+Assumption_Apt!P30+Assumption_Apt!S30+Assumption_Apt!V30+Assumption_Apt!D50+Assumption_Apt!G50+Assumption_Apt!J50+Assumption_Apt!M50+Assumption_Apt!P50) -> 682290000 | G22: =$E$4*$H$10*(Assumption_Apt!D34+Assumption_Apt!G34+Assumption_Apt!J34+Assumption_Apt!M34+Assumption_Apt!P34+Assumption_Apt!S34+Assumption_Apt!V34+Assumption_Apt!D57+Assumption_Apt!G57+Assumption_Apt!J57+Assumption_Apt!M57+Assumption_Apt!P57) -> 987924000 | H22: =$E$4*$H$10*(Assumption_Apt!D38+Assumption_Apt!G38+Assumption_Apt!J38+Assumption_Apt!M38+Assumption_Apt!P38+Assumption_Apt!S38+Assumption_Apt!V38+Assumption_Apt!D61+Assumption_Apt!G61+Assumption_Apt!J61+Assumption_Apt!M61+Assumption_Apt!P61) -> 1047574500 | I22: =$E$4*$H$10*(Assumption_Apt!D42+Assumption_Apt!G42+Assumption_Apt!J42+Assumption_Apt!M42+Assumption_Apt!P42+Assumption_Apt!S42+Assumption_Apt!V42+Assumption_Apt!D65+Assumption_Apt!G65+Assumption_Apt!J65+Assumption_Apt!M65+Assumption_Apt!P65) -> 1139943000
C23: 2 | D23: Installation Apt | E23: =(($I$10*Assumption_Apt!R49)+($I$14*Assumption_Apt!S49))*$E$4 -> 24875000 | F23: =(($I$10*Assumption_Apt!R53)+($I$14*Assumption_Apt!S53))*$E$4 -> 25000000 | G23: =(($I$10*Assumption_Apt!R57)+($I$14*Assumption_Apt!S57))*$E$4 -> 3125000 | H23: =(($I$10*Assumption_Apt!R61)+($I$14*Assumption_Apt!S61))*$E$4 -> 3125000 | I23: =(($I$10*Assumption_Apt!R65)+($I$14*Assumption_Apt!S65))*$E$4 -> 6250000
C24: 3 | D24: Sewa CPE | E24: =(Assumption_Apt!E19*Assumption_Apt!D26)+(Assumption_Apt!E19*Assumption_Apt!G26)+(Assumption_Apt!E19*Assumption_Apt!J26)+(Assumption_Apt!E19*Assumption_Apt!M26)+(Assumption_Apt!E19+Assumption_Apt!P26)+(Assumption_Apt!E19*Assumption_Apt!S26)+(Assumption_Apt!E19*Assumption_Apt!V26)+(Assumption_Apt!E19*Assumption_Apt!D49)+(Assumption_Apt!E19*Assumption_Apt!G49)+(Assumption_Apt!E19*Assumption_Apt!J49)+(Assumption_Apt!E19*Assumption_Apt!M49)+(Assumption_Apt!E19*Assumption_Apt!P49) -> 36300083 | F24: =(Assumption_Apt!E19*Assumption_Apt!D30)+(Assumption_Apt!E19*Assumption_Apt!G30)+(Assumption_Apt!E19*Assumption_Apt!J30)+(Assumption_Apt!E19*Assumption_Apt!M30)+(Assumption_Apt!E19+Assumption_Apt!P30)+(Assumption_Apt!E19*Assumption_Apt!S30)+(Assumption_Apt!E19*Assumption_Apt!V30)+(Assumption_Apt!E19*Assumption_Apt!D53)+(Assumption_Apt!E19*Assumption_Apt!G53)+(Assumption_Apt!E19*Assumption_Apt!J53)+(Assumption_Apt!E19*Assumption_Apt!M53)+(Assumption_Apt!E19*Assumption_Apt!P53) -> 102270283 | G24: =(Assumption_Apt!E19*Assumption_Apt!D34)+(Assumption_Apt!E19*Assumption_Apt!G34)+(Assumption_Apt!E19*Assumption_Apt!J34)+(Assumption_Apt!E19*Assumption_Apt!M34)+(Assumption_Apt!E19+Assumption_Apt!P34)+(Assumption_Apt!E19*Assumption_Apt!S34)+(Assumption_Apt!E19*Assumption_Apt!V34)+(Assumption_Apt!E19*Assumption_Apt!D57)+(Assumption_Apt!E19*Assumption_Apt!G57)+(Assumption_Apt!E19*Assumption_Apt!J57)+(Assumption_Apt!E19*Assumption_Apt!M57)+(Assumption_Apt!E19*Assumption_Apt!P57) -> 136290410 | H24: =(Assumption_Apt!E19*Assumption_Apt!D38)+(Assumption_Apt!E19*Assumption_Apt!G38)+(Assumption_Apt!E19*Assumption_Apt!J38)+(Assumption_Apt!E19*Assumption_Apt!M38)+(Assumption_Apt!E19+Assumption_Apt!P38)+(Assumption_Apt!E19*Assumption_Apt!S38)+(Assumption_Apt!E19*Assumption_Apt!V38)+(Assumption_Apt!E19*Assumption_Apt!D61)+(Assumption_Apt!E19*Assumption_Apt!G61)+(Assumption_Apt!E19*Assumption_Apt!J61)+(Assumption_Apt!E19*Assumption_Apt!M61)+(Assumption_Apt!E19*Assumption_Apt!P61) -> 144540434 | I24: =(Assumption_Apt!E19*Assumption_Apt!D42)+(Assumption_Apt!E19*Assumption_Apt!G42)+(Assumption_Apt!E19*Assumption_Apt!J42)+(Assumption_Apt!E19*Assumption_Apt!M42)+(Assumption_Apt!E19+Assumption_Apt!P42)+(Assumption_Apt!E19*Assumption_Apt!S42)+(Assumption_Apt!E19*Assumption_Apt!V42)+(Assumption_Apt!E19*Assumption_Apt!D65)+(Assumption_Apt!E19*Assumption_Apt!G65)+(Assumption_Apt!E19*Assumption_Apt!J65)+(Assumption_Apt!E19*Assumption_Apt!M65)+(Assumption_Apt!E19*Assumption_Apt!P65) -> 157350470
E25: =SUM(E22:E24) -> 358629583 | F25: =SUM(F22:F24) -> 809560283 | G25: =SUM(G22:G24) -> 1127339410 | H25: =SUM(H22:H24) -> 1195239934 | I25: =SUM(I22:I24) -> 1303543470
AB26: Broadb | AC26: SOHO
C27: No | D27: 2. Sken B | E27: Year 1 | F27: Year 2 | G27: Year 3 | H27: Year 4 | I27: Year 5
C28: 1 | D28: =D10 -> Broadband Apt | E28: =$E$4*$H$10*(Assumption_Apt!D27+Assumption_Apt!G27+Assumption_Apt!J27+Assumption_Apt!M27+Assumption_Apt!P27+Assumption_Apt!S27+Assumption_Apt!V27+Assumption_Apt!D50+Assumption_Apt!G50+Assumption_Apt!J50+Assumption_Apt!M50+Assumption_Apt!P50) -> 484585500 | F28: =$E$4*$H$10*(Assumption_Apt!D31+Assumption_Apt!G31+Assumption_Apt!J31+Assumption_Apt!M31+Assumption_Apt!P31+Assumption_Apt!S31+Assumption_Apt!V31+Assumption_Apt!D54+Assumption_Apt!G54+Assumption_Apt!J54+Assumption_Apt!M54+Assumption_Apt!P54) -> 976752000 | G28: =$E$4*$H$10*(Assumption_Apt!D35+Assumption_Apt!G35+Assumption_Apt!J35+Assumption_Apt!M35+Assumption_Apt!P35+Assumption_Apt!S35+Assumption_Apt!V35+Assumption_Apt!D58+Assumption_Apt!G58+Assumption_Apt!J58+Assumption_Apt!M58+Assumption_Apt!P58) -> 1061739000 | H28: =$E$4*$H$10*(Assumption_Apt!D39+Assumption_Apt!G39+Assumption_Apt!J39+Assumption_Apt!M39+Assumption_Apt!P39+Assumption_Apt!S39+Assumption_Apt!V39+Assumption_Apt!D62+Assumption_Apt!G62+Assumption_Apt!J62+Assumption_Apt!M62+Assumption_Apt!P62) -> 1115404500 | I28: =$E$4*$H$10*(Assumption_Apt!D43+Assumption_Apt!G43+Assumption_Apt!J43+Assumption_Apt!M43+Assumption_Apt!P43+Assumption_Apt!S43+Assumption_Apt!V43+Assumption_Apt!D66+Assumption_Apt!G66+Assumption_Apt!J66+Assumption_Apt!M66+Assumption_Apt!P66) -> 1174057500
C29: 2 | D29: Installation Apt | E29: =(($I$10*Assumption_Apt!R50)+($I$14*Assumption_Apt!S50))*$E$4 -> 46750000 | F29: =(($I$10*Assumption_Apt!R54)+($I$14*Assumption_Apt!S54))*$E$4 -> 7875000 | G29: =(($I$10*Assumption_Apt!R58)+($I$14*Assumption_Apt!S58))*$E$4 -> 1500000 | H29: =(($I$10*Assumption_Apt!R62)+($I$14*Assumption_Apt!S62))*$E$4 -> 3875000 | I29: =(($I$10*Assumption_Apt!R66)+($I$14*Assumption_Apt!S66))*$E$4 -> 2375000
C30: 3 | D30: Sewa CPE | E30: =(Assumption_Apt!E19*Assumption_Apt!D27)+(Assumption_Apt!E19*Assumption_Apt!G27)+(Assumption_Apt!E19*Assumption_Apt!J27)+(Assumption_Apt!E19*Assumption_Apt!M27)+(Assumption_Apt!E19+Assumption_Apt!P27)+(Assumption_Apt!E19*Assumption_Apt!S27)+(Assumption_Apt!E19*Assumption_Apt!V27)+(Assumption_Apt!E19*Assumption_Apt!D50)+(Assumption_Apt!E19*Assumption_Apt!G50)+(Assumption_Apt!E19*Assumption_Apt!J50)+(Assumption_Apt!E19*Assumption_Apt!M50)+(Assumption_Apt!E19*Assumption_Apt!P50) -> 68220156 | F30: =(Assumption_Apt!E19*Assumption_Apt!D31)+(Assumption_Apt!E19*Assumption_Apt!G31)+(Assumption_Apt!E19*Assumption_Apt!J31)+(Assumption_Apt!E19*Assumption_Apt!M31)+(Assumption_Apt!E19+Assumption_Apt!P31)+(Assumption_Apt!E19*Assumption_Apt!S31)+(Assumption_Apt!E19*Assumption_Apt!V31)+(Assumption_Apt!E19*Assumption_Apt!D54)+(Assumption_Apt!E19*Assumption_Apt!G54)+(Assumption_Apt!E19*Assumption_Apt!J54)+(Assumption_Apt!E19*Assumption_Apt!M54)+(Assumption_Apt!E19*Assumption_Apt!P54) -> 134910400 | G30: =(Assumption_Apt!E19*Assumption_Apt!D35)+(Assumption_Apt!E19*Assumption_Apt!G35)+(Assumption_Apt!E19*Assumption_Apt!J35)+(Assumption_Apt!E19*Assumption_Apt!M35)+(Assumption_Apt!E19+Assumption_Apt!P35)+(Assumption_Apt!E19*Assumption_Apt!S35)+(Assumption_Apt!E19*Assumption_Apt!V35)+(Assumption_Apt!E19*Assumption_Apt!D58)+(Assumption_Apt!E19*Assumption_Apt!G58)+(Assumption_Apt!E19*Assumption_Apt!J58)+(Assumption_Apt!E19*Assumption_Apt!M58)+(Assumption_Apt!E19*Assumption_Apt!P58) -> 146430442 | H30: =(Assumption_Apt!E19*Assumption_Apt!D39)+(Assumption_Apt!E19*Assumption_Apt!G39)+(Assumption_Apt!E19*Assumption_Apt!J39)+(Assumption_Apt!E19*Assumption_Apt!M39)+(Assumption_Apt!E19+Assumption_Apt!P39)+(Assumption_Apt!E19*Assumption_Apt!S39)+(Assumption_Apt!E19*Assumption_Apt!V39)+(Assumption_Apt!E19*Assumption_Apt!D62)+(Assumption_Apt!E19*Assumption_Apt!G62)+(Assumption_Apt!E19*Assumption_Apt!J62)+(Assumption_Apt!E19*Assumption_Apt!M62)+(Assumption_Apt!E19*Assumption_Apt!P62) -> 153900462 | I30: =(Assumption_Apt!E19*Assumption_Apt!D43)+(Assumption_Apt!E19*Assumption_Apt!G43)+(Assumption_Apt!E19*Assumption_Apt!J43)+(Assumption_Apt!E19*Assumption_Apt!M43)+(Assumption_Apt!E19+Assumption_Apt!P43)+(Assumption_Apt!E19*Assumption_Apt!S43)+(Assumption_Apt!E19*Assumption_Apt!V43)+(Assumption_Apt!E19*Assumption_Apt!D66)+(Assumption_Apt!E19*Assumption_Apt!G66)+(Assumption_Apt!E19*Assumption_Apt!J66)+(Assumption_Apt!E19*Assumption_Apt!M66)+(Assumption_Apt!E19*Assumption_Apt!P66) -> 161940488
E31: =SUM(E28:E30) -> 599555656 | F31: =SUM(F28:F30) -> 1119537400 | G31: =SUM(G28:G30) -> 1209669442 | H31: =SUM(H28:H30) -> 1273179962 | I31: =SUM(I28:I30) -> 1338372988
C33: No | D33: 3. Sken C | E33: Year 1 | F33: Year 2 | G33: Year 3 | H33: Year 4 | I33: Year 5
C34: 1 | D34: =D10 -> Broadband Apt | E34: =$E$4*$H$10*(Assumption_Apt!D28+Assumption_Apt!G28+Assumption_Apt!J28+Assumption_Apt!M28+Assumption_Apt!P28+Assumption_Apt!S28+Assumption_Apt!V28+Assumption_Apt!D51+Assumption_Apt!G51+Assumption_Apt!J51+Assumption_Apt!M51+Assumption_Apt!P51) -> 176956500 | F34: =$E$4*$H$10*(Assumption_Apt!D32+Assumption_Apt!G32+Assumption_Apt!J32+Assumption_Apt!M32+Assumption_Apt!P32+Assumption_Apt!S32+Assumption_Apt!V32+Assumption_Apt!D55+Assumption_Apt!G55+Assumption_Apt!J55+Assumption_Apt!M55+Assumption_Apt!P55) -> 424935000 | G34: =$E$4*$H$10*(Assumption_Apt!D36+Assumption_Apt!G36+Assumption_Apt!J36+Assumption_Apt!M36+Assumption_Apt!P36+Assumption_Apt!S36+Assumption_Apt!V36+Assumption_Apt!D59+Assumption_Apt!G59+Assumption_Apt!J59+Assumption_Apt!M59+Assumption_Apt!P59) -> 620445000 | H34: =$E$4*$H$10*(Assumption_Apt!D40+Assumption_Apt!G40+Assumption_Apt!J40+Assumption_Apt!M40+Assumption_Apt!P40+Assumption_Apt!S40+Assumption_Apt!V40+Assumption_Apt!D63+Assumption_Apt!G63+Assumption_Apt!J63+Assumption_Apt!M63+Assumption_Apt!P63) -> 829521000 | I34: =$E$4*$H$10*(Assumption_Apt!D44+Assumption_Apt!G44+Assumption_Apt!J44+Assumption_Apt!M44+Assumption_Apt!P44+Assumption_Apt!S44+Assumption_Apt!V44+Assumption_Apt!D67+Assumption_Apt!G67+Assumption_Apt!J67+Assumption_Apt!M67+Assumption_Apt!P67) -> 990318000
C35: 2 | D35: Installation Apt | E35: =(($I$10*Assumption_Apt!R51)+($I$14*Assumption_Apt!S51))*$E$4 -> 17125000 | F35: =(($I$10*Assumption_Apt!R55)+($I$14*Assumption_Apt!S55))*$E$4 -> 9375000 | G35: =(($I$10*Assumption_Apt!R59)+($I$14*Assumption_Apt!S59))*$E$4 -> 10875000 | H35: =(($I$10*Assumption_Apt!R63)+($I$14*Assumption_Apt!S63))*$E$4 -> 11000000 | I35: =(($I$10*Assumption_Apt!R67)+($I$14*Assumption_Apt!S67))*$E$4 -> 6250000
C36: 3 | D36: Sewa CPE | E36: =(Assumption_Apt!E19*Assumption_Apt!D28)+(Assumption_Apt!E19*Assumption_Apt!G28)+(Assumption_Apt!E19*Assumption_Apt!J28)+(Assumption_Apt!E19*Assumption_Apt!M28)+(Assumption_Apt!E19+Assumption_Apt!P28)+(Assumption_Apt!E19*Assumption_Apt!S28)+(Assumption_Apt!E19*Assumption_Apt!V28)+(Assumption_Apt!E19*Assumption_Apt!D51)+(Assumption_Apt!E19*Assumption_Apt!G51)+(Assumption_Apt!E19*Assumption_Apt!J51)+(Assumption_Apt!E19*Assumption_Apt!M51)+(Assumption_Apt!E19*Assumption_Apt!P51) -> 24930057 | F36: =(Assumption_Apt!E19*Assumption_Apt!D32)+(Assumption_Apt!E19*Assumption_Apt!G32)+(Assumption_Apt!E19*Assumption_Apt!J32)+(Assumption_Apt!E19*Assumption_Apt!M32)+(Assumption_Apt!E19+Assumption_Apt!P32)+(Assumption_Apt!E19*Assumption_Apt!S32)+(Assumption_Apt!E19*Assumption_Apt!V32)+(Assumption_Apt!E19*Assumption_Apt!D55)+(Assumption_Apt!E19*Assumption_Apt!G55)+(Assumption_Apt!E19*Assumption_Apt!J55)+(Assumption_Apt!E19*Assumption_Apt!M55)+(Assumption_Apt!E19*Assumption_Apt!P55) -> 58890168 | G36: =(Assumption_Apt!E19*Assumption_Apt!D36)+(Assumption_Apt!E19*Assumption_Apt!G36)+(Assumption_Apt!E19*Assumption_Apt!J36)+(Assumption_Apt!E19*Assumption_Apt!M36)+(Assumption_Apt!E19+Assumption_Apt!P36)+(Assumption_Apt!E19*Assumption_Apt!S36)+(Assumption_Apt!E19*Assumption_Apt!V36)+(Assumption_Apt!E19*Assumption_Apt!D59)+(Assumption_Apt!E19*Assumption_Apt!G59)+(Assumption_Apt!E19*Assumption_Apt!J59)+(Assumption_Apt!E19*Assumption_Apt!M59)+(Assumption_Apt!E19*Assumption_Apt!P59) -> 85890248 | H36: =(Assumption_Apt!E19*Assumption_Apt!D40)+(Assumption_Apt!E19*Assumption_Apt!G40)+(Assumption_Apt!E19*Assumption_Apt!J40)+(Assumption_Apt!E19*Assumption_Apt!M40)+(Assumption_Apt!E19+Assumption_Apt!P40)+(Assumption_Apt!E19*Assumption_Apt!S40)+(Assumption_Apt!E19*Assumption_Apt!V40)+(Assumption_Apt!E19*Assumption_Apt!D63)+(Assumption_Apt!E19*Assumption_Apt!G63)+(Assumption_Apt!E19*Assumption_Apt!J63)+(Assumption_Apt!E19*Assumption_Apt!M63)+(Assumption_Apt!E19*Assumption_Apt!P63) -> 114690336 | I36: =(Assumption_Apt!E19*Assumption_Apt!D44)+(Assumption_Apt!E19*Assumption_Apt!G44)+(Assumption_Apt!E19*Assumption_Apt!J44)+(Assumption_Apt!E19*Assumption_Apt!M44)+(Assumption_Apt!E19+Assumption_Apt!P44)+(Assumption_Apt!E19*Assumption_Apt!S44)+(Assumption_Apt!E19*Assumption_Apt!V44)+(Assumption_Apt!E19*Assumption_Apt!D67)+(Assumption_Apt!E19*Assumption_Apt!G67)+(Assumption_Apt!E19*Assumption_Apt!J67)+(Assumption_Apt!E19*Assumption_Apt!M67)+(Assumption_Apt!E19*Assumption_Apt!P67) -> 136740407
E37: =SUM(E34:E36) -> 219011557 | F37: =SUM(F34:F36) -> 493200168 | G37: =SUM(G34:G36) -> 717210248 | H37: =SUM(H34:H36) -> 955211336 | I37: =SUM(I34:I36) -> 1133308407
C39: COST
C41: CAPEX (BOQ)
E42: CPE | F42: 600000
C44: No | D44: Item | E44: Year 1 | F44: Year 2 | G44: Year 3 | H44: Year 4 | I44: Year 5
C45: 1 | D45: Kable + Instalasi Lumpsum | E45: 100000000
C46: 2 | D46: AC | E46: 6050000
C47: 3 | D47: CPE A | E47: =Assumption_Apt!R49*$F$42 -> 119400000 | F47: =Assumption_Apt!R53*$F$42 -> 120000000 | G47: =Assumption_Apt!R57*$F$42 -> 15000000 | H47: =Assumption_Apt!R61*$F$42 -> 15000000 | I47: =Assumption_Apt!R65*$F$42 -> 30000000
C48: 4 | D48: CPE B | E48: =Assumption_Apt!R50*$F$42 -> 224400000 | F48: =Assumption_Apt!R54*$F$42 -> 37800000 | G48: =Assumption_Apt!R58*$F$42 -> 7200000 | H48: =Assumption_Apt!R62*$F$42 -> 18600000 | I48: =Assumption_Apt!R66*$F$42 -> 11400000
C49: 5 | D49: CPE C | E49: =Assumption_Apt!R51*$F$42 -> 82200000 | F49: =Assumption_Apt!R55*$F$42 -> 45000000 | G49: =Assumption_Apt!R59*$F$42 -> 52200000 | H49: =Assumption_Apt!R63*$F$42 -> 52800000 | I49: =Assumption_Apt!R67*$F$42 -> 30000000
D50: TOTAL A | E50: =SUM(E47:I47)+E45+E46 -> 405450000 | F50: Total B | G50: =SUM(E48:I48)+E45+E46 -> 405450000 | H50: Total C | I50: =SUM(E49:I49)+E45+E46 -> 368250000
C52: Revenue share to BM | E52: 0.1
C53: Connection Fee for BM | F53: IDR
C58: Operating Expense (IDR)
C60: No | D60: 1. Sken A | E60: Year 1 | F60: Year 2 | G60: Year 3 | H60: Year 4 | I60: Year 5
C61: 1 | D61: Electricity | E61: =Assumption_Apt!$R$5 -> 2400000 | F61: =Assumption_Apt!$R$5 -> 2400000 | G61: =Assumption_Apt!$R$5 -> 2400000 | H61: =Assumption_Apt!$R$5 -> 2400000 | I61: =Assumption_Apt!$R$5 -> 2400000
C62: 2 | D62: Maintenance | E62: =(E45+E46+E47)*Assumption_Apt!R6 -> 11272500 | F62: =(E45+E46+E47+F47)*Assumption_Apt!R6 -> 17272500 | G62: =(E45+E46+E47+F47+G47)*Assumption_Apt!R6 -> 18022500 | H62: =(E45+E46+E47+F47+G47+H47)*Assumption_Apt!R6 -> 18772500 | I62: =(E45+E46+E47+F47+G47+H47+I47)*Assumption_Apt!R6 -> 20272500
C63: 3 | D63: Revenue Share BM | E63: =($E$4*E25)*$E$52 -> 17931479 | F63: =($E$4*F25)*$E$52 -> 40478014 | G63: =($E$4*G25)*$E$52 -> 56366970 | H63: =($E$4*H25)*$E$52 -> 59761997 | I63: =($E$4*I25)*$E$52 -> 65177174
E64: =SUM(E61:E63) -> 31603979 | F64: =SUM(F61:F63) -> 60150514 | G64: =SUM(G61:G63) -> 76789470 | H64: =SUM(H61:H63) -> 80934497 | I64: =SUM(I61:I63) -> 87849674
C66: No | D66: 2. Sken B | E66: Year 1 | F66: Year 2 | G66: Year 3 | H66: Year 4 | I66: Year 5
C67: 1 | D67: Electricity | E67: =Assumption_Apt!$R$5 -> 2400000 | F67: =Assumption_Apt!$R$5 -> 2400000 | G67: =Assumption_Apt!$R$5 -> 2400000 | H67: =Assumption_Apt!$R$5 -> 2400000 | I67: =Assumption_Apt!$R$5 -> 2400000
C68: 2 | D68: Maintenance | E68: =(E45+E46+E48)*Assumption_Apt!R6 -> 16522500 | F68: =(E45+E46+E48+F48)*Assumption_Apt!R6 -> 18412500 | G68: =(E45+E46+E48+F48+G48)*Assumption_Apt!R6 -> 18772500 | H68: =(E45+E46+E48+F48+G48+H48)*Assumption_Apt!R6 -> 19702500 | I68: =(E45+E46+E48+F48++G48+H48+I48)*Assumption_Apt!R6 -> 20272500
C69: 3 | D69: Revenue Share BM | E69: =($E$4*E31)*$E$52 -> 29977783 | F69: =($E$4*F31)*$E$52 -> 55976870 | G69: =($E$4*G31)*$E$52 -> 60483472 | H69: =($E$4*H31)*$E$52 -> 63658998 | I69: =($E$4*I31)*$E$52 -> 66918649
E70: =SUM(E67:E69) -> 48900283 | F70: =SUM(F67:F69) -> 76789370 | G70: =SUM(G67:G69) -> 81655972 | H70: =SUM(H67:H69) -> 85761498 | I70: =SUM(I67:I69) -> 89591149
C72: No | D72: 3. Sken C | E72: Year 1 | F72: Year 2 | G72: Year 3 | H72: Year 4 | I72: Year 5
C73: 1 | D73: Electricity | E73: =Assumption_Apt!$R$5 -> 2400000 | F73: =Assumption_Apt!$R$5 -> 2400000 | G73: =Assumption_Apt!$R$5 -> 2400000 | H73: =Assumption_Apt!$R$5 -> 2400000 | I73: =Assumption_Apt!$R$5 -> 2400000
C74: 2 | D74: Maintenance | E74: =(E45+E46+E49)*Assumption_Apt!R6 -> 9412500 | F74: =(E45+E46+E49+F49)*Assumption_Apt!R6 -> 11662500 | G74: =(E45+E46+E49+F49+G49)*Assumption_Apt!R6 -> 14272500 | H74: =(E45+E46+E49+F49+G49+H49)*Assumption_Apt!R6 -> 16912500 | I74: =(E45+E46+E49+F49+G49+H49+I49)*Assumption_Apt!R6 -> 18412500
C75: 3 | D75: Revenue Share BM | E75: =($E$4*E37)*$E$52 -> 10950578 | F75: =($E$4*F37)*$E$52 -> 24660008 | G75: =($E$4*G37)*$E$52 -> 35860512 | H75: =($E$4*H37)*$E$52 -> 47760567 | I75: =($E$4*I37)*$E$52 -> 56665420
E76: =SUM(E73:E75) -> 22763078 | F76: =SUM(F73:F75) -> 38722508 | G76: =SUM(G73:G75) -> 52533012 | H76: =SUM(H73:H75) -> 67073067 | I76: =SUM(I73:I75) -> 77477920

Sheet IRR
B2: INTERNAL RATE OF RETURN (IRR)
B5: Building Name | D5: =Summary!C7 -> Grand Dhika City Jatiwarna Tower Emerald
B6: Address | D6: =Summary!C8 -> Jl. Raya Hankam No.1, Jatimelati
B7: Location | D7: Bekasi
B8: Building Type | D8: Superblock
B9: Status | D9: Bangunan Baru
B10: Date | D10: 2018
B11: Status IRR | D11: New
B13: General Param
B14: Deposit Rate | D14: =Assumption_Apt!N15 -> 0.06 | E14: /tahun
B15: Discount Rate | D15: 0.15
B16: Loan Rate | D16: =Assumption_Apt!N14 -> 0.125 | E16: /tahun
B17: Kurs | D17: 14500 | E17: / USD 1 | H17: 0.5
E19: A Achievable Target | G19: IRR: | H19: =IRR(D29:H29,$D$15) -> #NUM!
E20: B Stretch Target | G20: IRR: | H20: =IRR(D37:H37,$D$15) -> #NUM!
E21: C Low Target | G21: IRR: | H21: =IRR(D45:H45,$D$15) -> #NUM!
B24: No | C24: 1. Sken A | D24: Year 1 | E24: Year 2 | F24: Year 3 | G24: Year 4 | H24: Year 5 | I24: TOTAL
B25: 1 | C25: Revenue | D25: ='Gabungan_Calculation Sheet'!E25 -> 358629583 | E25: ='Gabungan_Calculation Sheet'!F25 -> 809560283 | F25: ='Gabungan_Calculation Sheet'!G25 -> 1127339410 | G25: ='Gabungan_Calculation Sheet'!H25 -> 1195239934 | H25: ='Gabungan_Calculation Sheet'!I25 -> 1303543470 | I25: =SUM(D25:H25) -> 4794312680
B26: 2 | C26: Cost | D26: ='Gabungan_Calculation Sheet'!E45+'Gabungan_Calculation Sheet'!E46+'Gabungan_Calculation Sheet'!E47+'Gabungan_Calculation Sheet'!E64 -> 2.5705398e+08 | E26: ='Gabungan_Calculation Sheet'!F64+'Gabungan_Calculation Sheet'!F47 -> 1.8015051e+08 | F26: ='Gabungan_Calculation Sheet'!G64+'Gabungan_Calculation Sheet'!G47 -> 91789470 | G26: ='Gabungan_Calculation Sheet'!H64+'Gabungan_Calculation Sheet'!H47 -> 95934497 | H26: ='Gabungan_Calculation Sheet'!I64+'Gabungan_Calculation Sheet'!I47 -> 1.1784967e+08 | I26: =SUM(D26:H26) -> 742778134
B27: 3 | C27: Net | D27: =D25-D26 -> 1.015756e+08 | E27: =E25-E26 -> 6.2940977e+08 | F27: =F25-F26 -> 1.0355499e+09 | G27: =G25-G26 -> 1.0993054e+09 | H27: =H25-H26 -> 1.1856938e+09 | I27: =SUM(D27:H27) -> 4051534546
B28: 4 | C28: Interest | D28: =IF(D30<1,(D30*70%)*$D$16,D30*$D$14) -> 6094536.2 | E28: =IF(E30<1,(E30*70%)*$D$16,E30*$D$14) -> 43859122 | F28: =IF(F30<1,(F30*70%)*$D$16,F30*$D$14) -> 1.0599212e+08 | G28: =IF(G30<1,(G30*70%)*$D$16,G30*$D$14) -> 1.7195044e+08 | H28: =IF(H30<1,(H30*70%)*$D$16,H30*$D$14) -> 2.4309207e+08 | I28: =SUM(D28:H28) -> 5.709883e+08
C29: TOTAL | D29: =D27+D28 -> 1.0767014e+08 | E29: =E27+E28 -> 6.7326889e+08 | F29: =F27+F28 -> 1.1415421e+09 | G29: =G27+G28 -> 1.2712559e+09 | H29: =H27+H28 -> 1.4287859e+09 | I29: =SUM(D29:H29) -> 4.6225228e+09
D30: =D27 -> 1.015756e+08 | E30: =D30+E27 -> 7.3098537e+08 | F30: =E30+F27 -> 1.7665353e+09 | G30: =F30+G27 -> 2.8658407e+09 | H30: =G30+H27 -> 4051534546
B32: No | C32: 2. Sken B | D32: Year 1 | E32: Year 2 | F32: Year 3 | G32: Year 4 | H32: Year 5 | I32: TOTAL
B33: 1 | C33: Revenue | D33: ='Gabungan_Calculation Sheet'!E31 -> 599555656 | E33: ='Gabungan_Calculation Sheet'!F31 -> 1119537400 | F33: ='Gabungan_Calculation Sheet'!G31 -> 1209669442 | G33: ='Gabungan_Calculation Sheet'!H31 -> 1273179962 | H33: ='Gabungan_Calculation Sheet'!I31 -> 1338372988 | I33: =SUM(D33:H33) -> 5540315448
B34: 2 | C34: Cost | D34: ='Gabungan_Calculation Sheet'!E45+'Gabungan_Calculation Sheet'!E46+'Gabungan_Calculation Sheet'!E48+'Gabungan_Calculation Sheet'!E70 -> 3.7935028e+08 | E34: ='Gabungan_Calculation Sheet'!F70+'Gabungan_Calculation Sheet'!F48 -> 114589370 | F34: ='Gabungan_Calculation Sheet'!G70+'Gabungan_Calculation Sheet'!G48 -> 88855972 | G34: ='Gabungan_Calculation Sheet'!H70+'Gabungan_Calculation Sheet'!H48 -> 1.043615e+08 | H34: ='Gabungan_Calculation Sheet'!I70+'Gabungan_Calculation Sheet'!I48 -> 1.0099115e+08 | I34: =SUM(D34:H34) -> 7.8814827e+08
B35: 3 | C35: Net | D35: =D33-D34 -> 2.2020537e+08 | E35: =E33-E34 -> 1004948030 | F35: =F33-F34 -> 1.1208135e+09 | G35: =G33-G34 -> 1.1688185e+09 | H35: =H33-H34 -> 1.2373818e+09 | I35: =SUM(D35:H35) -> 4.7521672e+09
B36: 4 | C36: Interest | D36: =IF(D38<1,(D38*70%)*$D$16,D38*$D$14) -> 13212322 | E36: =IF(E38<1,(E38*70%)*$D$16,E38*$D$14) -> 73509204 | F36: =IF(F38<1,(F38*70%)*$D$16,F38*$D$14) -> 1.4075801e+08 | G36: =IF(G38<1,(G38*70%)*$D$16,G38*$D$14) -> 2.1088712e+08 | H36: =IF(H38<1,(H38*70%)*$D$16,H38*$D$14) -> 2.8513003e+08 | I36: =SUM(D36:H36) -> 7.2349669e+08
C37: TOTAL | D37: =D35+D36 -> 2.334177e+08 | E37: =E35+E36 -> 1.0784572e+09 | F37: =F35+F36 -> 1.2615715e+09 | G37: =G35+G36 -> 1.3797056e+09 | H37: =H35+H36 -> 1.5225119e+09 | I37: =SUM(D37:H37) -> 5.4756639e+09
D38: =D35 -> 2.2020537e+08 | E38: =D38+E35 -> 1.2251534e+09 | F38: =E38+F35 -> 2.3459669e+09 | G38: =F38+G35 -> 3.5147853e+09 | H38: =G38+H35 -> 4.7521672e+09
B40: No | C40: 3. Sken C | D40: Year 1 | E40: Year 2 | F40: Year 3 | G40: Year 4 | H40: Year 5 | I40: TOTAL
B41: 1 | C41: Revenue | D41: ='Gabungan_Calculation Sheet'!E37 -> 219011557 | E41: ='Gabungan_Calculation Sheet'!F37 -> 493200168 | F41: ='Gabungan_Calculation Sheet'!G37 -> 717210248 | G41: ='Gabungan_Calculation Sheet'!H37 -> 955211336 | H41: ='Gabungan_Calculation Sheet'!I37 -> 1133308407 | I41: =SUM(D41:H41) -> 3517941716
B42: 2 | C42: Cost | D42: ='Gabungan_Calculation Sheet'!E45+'Gabungan_Calculation Sheet'!E46+'Gabungan_Calculation Sheet'!E49+'Gabungan_Calculation Sheet'!E76 -> 2.1101308e+08 | E42: ='Gabungan_Calculation Sheet'!F76+'Gabungan_Calculation Sheet'!F49 -> 83722508 | F42: ='Gabungan_Calculation Sheet'!G76+'Gabungan_Calculation Sheet'!G49 -> 1.0473301e+08 | G42: ='Gabungan_Calculation Sheet'!H76+'Gabungan_Calculation Sheet'!H49 -> 1.1987307e+08 | H42: ='Gabungan_Calculation Sheet'!I76+'Gabungan_Calculation Sheet'!I49 -> 1.0747792e+08 | I42: =SUM(D42:H42) -> 6.2681959e+08
B43: 3 | C43: Net | D43: =D41-D42 -> 7998479.2 | E43: =E41-E42 -> 4.0947766e+08 | F43: =F41-F42 -> 6.1247724e+08 | G43: =G41-G42 -> 8.3533827e+08 | H43: =H41-H42 -> 1.0258305e+09 | I43: =SUM(D43:H43) -> 2.8911221e+09
B44: 4 | C44: Interest | D44: =IF(D46<1,(D46*70%)*$D$16,D46*$D$14) -> 479908.75 | E44: =IF(E46<1,(E46*70%)*$D$16,E46*$D$14) -> 25048568 | F44: =IF(F46<1,(F46*70%)*$D$16,F46*$D$14) -> 61797202 | G44: =IF(G46<1,(G46*70%)*$D$16,G46*$D$14) -> 1.119175e+08 | H44: =IF(H46<1,(H46*70%)*$D$16,H46*$D$14) -> 1.7346733e+08 | I44: =SUM(D44:H44) -> 3.7271051e+08
C45: TOTAL | D45: =D43+D44 -> 8478387.9 | E45: =E43+E44 -> 4.3452623e+08 | F45: =F43+F44 -> 6.7427444e+08 | G45: =G43+G44 -> 9.4725577e+08 | H45: =H43+H44 -> 1.1992978e+09 | I45: =SUM(D45:H45) -> 3.2638326e+09
D46: =D43 -> 7998479.2 | E46: =D46+E43 -> 4.1747614e+08 | F46: =E46+F43 -> 1.0299534e+09 | G46: =F46+G43 -> 1.8652916e+09 | H46: =G46+H43 -> 2.8911221e+09
D51: (Sukmawati) | E51: (Hermina Y) | F51: (Aries W)

Sheet New IRR (5th) OK (A)
G1: IRR COMBINED SCHEME A
B2: INTERNAL RATE OF RETURN (IRR) | P2: No IRR :
B5: Nama Bangunan | E5: : | F5: =Summary!C7 -> Grand Dhika City Jatiwarna Tower Emerald | N5: Jumlah Lantai :
B6: Alamat | E6: : | F6: =Summary!C8 -> Jl. Raya Hankam No.1, Jatimelati | BB6: TSEL | BC6: ISAT | BD6: XL | BE6: HCPT | BF6: FM | BG6: SMARTFREN | BH6: AXIS | BI6: FLEXI | BJ6: ESIA
B7: Lokasi Bangunan | E7: : | F7: Jabodetabek | AC7: Lokasi Bangunan | AD7: Type Bangunan | AE7: Status | AF7: Tanggal | AG7: Bulan | AH7: Tahun | AI7: Status IRR | AJ7: Operator Join | AK7: Masa Sewa | AL7: persentase | AM7: persentase pembayran | AQ7: No | AR7: Operator | AS7: =I10 -> 2019 | AT7: =AS7+1 -> 2020 | AU7: =AT7+1 -> 2021 | AV7: =AU7+1 -> 2022 | AW7: =AV7+1 -> 2023 | AX7: =AW7+1 -> 2024
B8: Type Bangunan | E8: : | F8: Apartement | J8: =VLOOKUP(Q16,BA8:BK759,11,FALSE) -> S | K8: Masa Sewa : | M8: 5 | N8: Tahun | AC8: Jabodetabek | AD8: Mall | AE8: Bangunan Baru | AF8: 1 | AG8: Januari | AH8: 2008 | AI8: Baru | AQ8: 1 | AR8: TSEL | AS8: =E21*$Q$16*E33*60 -> 0 | AT8: =F21*$Q$16*F33*60 -> 0 | AU8: =G21*$Q$16*G33*60 -> 0 | AV8: =H21*$Q$16*H33*60 -> 0 | AW8: =I21*$Q$16*I33*60 -> 0 | AX8: =J21*$Q$16*J33*60 -> 0 | BA8: 1 | BB8: N/A | BC8: 270000 | BD8: 300000 | BE8: 150000 | BF8: 270000 | BK8: S
B9: Status | E9: : | F9: Bangunan Baru | AC9: Jawa Tengah | AD9: Superblok | AE9: Bangunan Lama | AF9: 2 | AG9: Februari | AH9: 2009 | AI9: Revisi I | AJ9: 1 | AK9: 1 | AL9: 0.05 | AM9: 0.05 | AQ9: 2 | AR9: ISAT | AS9: =E22*$Q$16*E34*60 -> 0 | AT9: =F22*$Q$16*F34*60 -> 0 | AU9: =G22*$Q$16*G34*60 -> 0 | AV9: =H22*$Q$16*H34*60 -> 0 | AW9: =I22*$Q$16*I34*60 -> 0 | AX9: =J22*$Q$16*J34*60 -> 0 | BA9: 2 | BB9: N/A | BC9: 270000 | BD9: 300000 | BE9: 150000 | BF9: 270000 | BK9: S
B10: Tanggal | E10: : | G10: Januari | I10: 2019 | AC10: Jawa Timur | AD10: Rumah Sakit | AF10: 3 | AG10: Maret | AH10: 2010 | AI10: Revisi II | AK10: 3 | AL10: 0.1 | AM10: 0.1 | AQ10: 3 | AR10: XL | AS10: =E23*$Q$16*E35*60 -> 0 | AT10: =F23*$Q$16*F35*60 -> 0 | AU10: =G23*$Q$16*G35*60 -> 0 | AV10: =H23*$Q$16*H35*60 -> 0 | AW10: =I23*$Q$16*I35*60 -> 0 | AX10: =J23*$Q$16*J35*60 -> 0 | BA10: 3 | BB10: N/A | BC10: 270000 | BD10: 300000 | BE10: 150000 | BF10: 270000 | BK10: S
B11: Status IRR | E11: : | F11: Baru | AC11: Jawa Barat | AD11: Rusunami | AF11: 4 | AG11: April | AH11: 2011 | AI11: Revisi III | AK11: 5 | AM11: 0.15 | AQ11: 4 | AR11: HCPT | AS11: =E24*$Q$16*E36*60 -> 0 | AT11: =F24*$Q$16*F36*60 -> 0 | AU11: =G24*$Q$16*G36*60 -> 0 | AV11: =H24*$Q$16*H36*60 -> 0 | AW11: =I24*$Q$16*I36*60 -> 0 | AX11: =J24*$Q$16*J36*60 -> 0 | BA11: 4 | BB11: N/A | BC11: 270000 | BD11: 300000 | BE11: 150000 | BF11: 270000 | BK11: S
L12: SUMMARY | AC12: Kalimantan | AD12: Office | AF12: 5 | AG12: Mei | AH12: 2012 | AK12: 10 | AM12: 0.2 | AQ12: 5 | AR12: FM | AS12: =E25*$Q$16*E37*60 -> 0 | AT12: =F25*$Q$16*F37*60 -> 0 | AU12: =G25*$Q$16*G37*60 -> 0 | AV12: =H25*$Q$16*H37*60 -> 0 | AW12: =I25*$Q$16*I37*60 -> 0 | AX12: =J25*$Q$16*J37*60 -> 0 | BA12: 5 | BB12: N/A | BC12: 270000 | BD12: 300000 | BE12: 150000 | BF12: 270000 | BK12: S
B13: Parameter umum | AC13: Sumatra | AD13: Universitas | AF13: 6 | AG13: Juni | AH13: 2013 | AM13: 0.25 | AQ13: 6 | AR13: SMARTFREN | AS13: =E26*$Q$16*E38*60 -> 0 | AT13: =F26*$Q$16*F38*60 -> 0 | AU13: =G26*$Q$16*G38*60 -> 0 | AV13: =H26*$Q$16*H38*60 -> 0 | AW13: =I26*$Q$16*I38*60 -> 0 | AX13: =J26*$Q$16*J38*60 -> 0 | BA13: 6 | BB13: N/A | BC13: 270000 | BD13: 300000 | BE13: 150000 | BF13: 270000 | BK13: S
B14: Tingkat bunga Deposito | D14: : | E14: 0.075 | F14: /tahun | AC14: Sulawesi | AD14: Hotel | AF14: 7 | AG14: Juli | AH14: 2014 | AM14: 0.3 | AQ14: 7 | AR14: AXIS | AS14: =E27*$Q$16*E39*60 -> 0 | AT14: =F27*$Q$16*F39*60 -> 0 | AU14: =G27*$Q$16*G39*60 -> 0 | AV14: =H27*$Q$16*H39*60 -> 0 | AW14: =I27*$Q$16*I39*60 -> 0 | AX14: =J27*$Q$16*J39*60 -> 0 | BA14: 7 | BB14: N/A | BC14: 270000 | BD14: 300000 | BE14: 150000 | BF14: 270000 | BK14: S
B15: Discount Rate | D15: : | E15: 0.15 | M15: Perkiraan Umum | AC15: Bali/Lombok | AD15: Traditional Market | AF15: 8 | AG15: Agustus | AH15: 2015 | AM15: 0.35 | AQ15: 8 | AR15: FLEXI | AS15: =E28*$Q$16*E40*60 -> 0 | AT15: =F28*$Q$16*F40*60 -> 0 | AU15: =G28*$Q$16*G40*60 -> 0 | AV15: =H28*$Q$16*H40*60 -> 0 | AW15: =I28*$Q$16*I40*60 -> 0 | AX15: =J28*$Q$16*J40*60 -> 0 | BA15: 8 | BB15: N/A | BC15: 270000 | BD15: 300000 | BE15: 150000 | BF15: 270000 | BK15: S
B16: Tingkat bunga Pinjaman | D16: : | E16: 0.125 | F16: /tahun | M16: Jumlah Antena | P16: : | Q16: 10 | R16: Antena | AC16: Ind Bg Tim | AD16: Apartement | AF16: 9 | AG16: September | AH16: 2016 | AM16: 0.4 | AQ16: 9 | AR16: ESIA | AS16: =E29*$Q$16*E41*60 -> 0 | AT16: =F29*$Q$16*F41*60 -> 0 | AU16: =G29*$Q$16*G41*60 -> 0 | AV16: =H29*$Q$16*H41*60 -> 0 | AW16: =I29*$Q$16*I41*60 -> 0 | AX16: =J29*$Q$16*J41*60 -> 0 | BA16: 9 | BB16: N/A | BC16: 270000 | BD16: 300000 | BE16: 150000 | BF16: 270000 | BK16: S
B17: Kurs | D17: : | E17: 15000 | F17: / USD 1 | H17: 0.5 | M17: Jumlah Combiner | P17: : | R17: Unit | AD17: Entertaint Area | AF17: 10 | AG17: Oktober | AH17: 2017 | AM17: 0.45 | BA17: 10 | BB17: N/A | BC17: 270000 | BD17: 300000 | BE17: 150000 | BF17: 270000 | BK17: S
M18: Jumlah Shooter | P18: : | Q18: 2 | R18: Pole | AF18: 11 | AG18: November | AH18: 2018 | AM18: 0.5 | AQ18: No | AR18: Operator | AS18: =AS7 -> 2019 | AT18: =AS18+1 -> 2020 | AU18: =AT18+1 -> 2021 | AV18: =AU18+1 -> 2022 | AW18: =AV18+1 -> 2023 | AX18: =AW18+1 -> 2024 | BA18: 11 | BB18: N/A | BC18: 270000 | BD18: 300000 | BE18: 150000 | BF18: 270000 | BK18: S
B19: Parameter Harga Jual/antena/bulan | M19: Pendapatan dari operator | P19: : | Q19: =K55 -> 5574312680 | AC19: MCP-Shooter/Titik | AD19: 300000000 | AF19: 12 | AG19: Desember | AH19: 2019 | AM19: 0.55 | AQ19: 1 | AR19: TSEL | AS19: =IF(AS8>1,AS8/5,0) -> 0 | AT19: =IF(AS19>1,AS19,AT8/5) -> 0 | AU19: =IF(AT19>1,AT19,AU8/5) -> 0 | AV19: =IF(AU19>1,AU19,AV8/5) -> 0 | AW19: =IF(AV19>1,AV19,AW8/5) -> 0 | AX19: =IF(AW19>1,AW19,AX8/5) -> 0 | BA19: 12 | BB19: N/A | BC19: 270000 | BD19: 300000 | BE19: 150000 | BF19: 270000 | BK19: S
C20: No | D20: Operator | E20: =I10 -> 2019 | F20: =E20+1 -> 2020 | G20: =F20+1 -> 2021 | H20: =G20+1 -> 2022 | I20: =H20+1 -> 2023 | J20: =I20+1 -> 2024 | M20: Pembelian Aset Tetap | P20: : | Q20: =-K61-K63 -> -360000000 | AF20: 13 | AH20: 2020 | AM20: 0.6 | AQ20: 2 | AR20: ISAT | AS20: =IF(AS9>1,AS9/5,0) -> 0 | AT20: =IF(AS20>1,AS20,AT9/5) -> 0 | AU20: =IF(AT20>1,AT20,AU9/5) -> 0 | AV20: =IF(AU20>1,AU20,AV9/5) -> 0 | AW20: =IF(AV20>1,AV20,AW9/5) -> 0 | AX20: =IF(AW20>1,AW20,AX9/5) -> 0 | BA20: 13 | BB20: N/A | BC20: 270000 | BD20: 300000 | BE20: 150000 | BF20: 270000 | BK20: S
C21: 1 | D21: TSEL | M21: Biaya Sewa | P21: : | Q21: =-K58-K59-K60 -> -1225000000 | AF21: 14 | AH21: 2021 | AM21: 0.65 | AQ21: 3 | AR21: XL | AS21: =IF(AS10>1,AS10/5,0) -> 0 | AT21: =IF(AS21>1,AS21,AT10/5) -> 0 | AU21: =IF(AT21>1,AT21,AU10/5) -> 0 | AV21: =IF(AU21>1,AU21,AV10/5) -> 0 | AW21: =IF(AV21>1,AV21,AW10/5) -> 0 | AX21: =IF(AW21>1,AW21,AX10/5) -> 0 | BA21: 14 | BB21: N/A | BC21: 270000 | BD21: 300000 | BE21: 150000 | BF21: 270000 | BK21: S
C22: 2 | D22: ISAT | M22: Biaya Operasional | P22: : | Q22: =-K64-K65-K66 -> -6.1172415e+08 | AF22: 15 | AH22: 2022 | AM22: 0.7 | AQ22: 4 | AR22: HCPT | AS22: =IF(AS11>1,AS11/5,0) -> 0 | AT22: =IF(AS22>1,AS22,AT11/5) -> 0 | AU22: =IF(AT22>1,AT22,AU11/5) -> 0 | AV22: =IF(AU22>1,AU22,AV11/5) -> 0 | AW22: =IF(AV22>1,AV22,AW11/5) -> 0 | AX22: =IF(AW22>1,AW22,AX11/5) -> 0 | BA22: 15 | BB22: N/A | BC22: 270000 | BD22: 300000 | BE22: 150000 | BF22: 270000 | BK22: S
C23: 3 | D23: XL | M23: Pendapatan Bunga (Biaya Bunga) | P23: : | Q23: =K74 -> 1.8254238e+08 | AF23: 16 | AH23: 2023 | AM23: 0.75 | AQ23: 5 | AR23: FM | AS23: =IF(AS12>1,AS12/5,0) -> 0 | AT23: =IF(AS23>1,AS23,AT12/5) -> 0 | AU23: =IF(AT23>1,AT23,AU12/5) -> 0 | AV23: =IF(AU23>1,AU23,AV12/5) -> 0 | AW23: =IF(AV23>1,AV23,AW12/5) -> 0 | AX23: =IF(AW23>1,AW23,AX12/5) -> 0 | BA23: 16 | BB23: N/A | BC23: 270000 | BD23: 300000 | BE23: 150000 | BF23: 270000 | BK23: S
C24: 4 | D24: HCPT | N24: Arus Kas Bersih (dalam 6 tahun) | Q24: =SUM(Q19:Q23) -> 3.5601309e+09 | AF24: 17 | AH24: 2024 | AM24: 0.8 | AQ24: 6 | AR24: SMARTFREN | AS24: =IF(AS13>1,AS13/5,0) -> 0 | AT24: =IF(AS24>1,AS24,AT13/5) -> 0 | AU24: =IF(AT24>1,AT24,AU13/5) -> 0 | AV24: =IF(AU24>1,AU24,AV13/5) -> 0 | AW24: =IF(AV24>1,AV24,AW13/5) -> 0 | AX24: =IF(AW24>1,AW24,AX13/5) -> 0 | BA24: 17 | BB24: N/A | BC24: 270000 | BD24: 300000 | BE24: 150000 | BF24: 270000 | BK24: S
C25: 5 | D25: FM | AF25: 18 | AH25: 2025 | AM25: 0.85 | AQ25: 7 | AR25: AXIS | AS25: =IF(AS14>1,AS14/5,0) -> 0 | AT25: =IF(AS25>1,AS25,AT14/5) -> 0 | AU25: =IF(AT25>1,AT25,AU14/5) -> 0 | AV25: =IF(AU25>1,AU25,AV14/5) -> 0 | AW25: =IF(AV25>1,AV25,AW14/5) -> 0 | AX25: =IF(AW25>1,AW25,AX14/5) -> 0 | BA25: 18 | BB25: N/A | BC25: 270000 | BD25: 300000 | BE25: 150000 | BF25: 270000 | BK25: S
C26: 6 | D26: SMARTFREN | M26: NPV | P26: : | Q26: =NPV(E14,E75:J75) -> 2.1208345e+09 | AF26: 19 | AM26: 0.9 | AQ26: 8 | AR26: FLEXI | AS26: =IF(AS15>1,AS15/5,0) -> 0 | AT26: =IF(AS26>1,AS26,AT15/5) -> 0 | AU26: =IF(AT26>1,AT26,AU15/5) -> 0 | AV26: =IF(AU26>1,AU26,AV15/5) -> 0 | AW26: =IF(AV26>1,AV26,AW15/5) -> 0 | AX26: =IF(AW26>1,AW26,AX15/5) -> 0 | BA26: 19 | BB26: N/A | BC26: 270000 | BD26: 300000 | BE26: 150000 | BF26: 270000 | BK26: S
C27: 7 | D27: MTI | M27: IRR | P27: : | Q27: =N70 -> 0.57017789 | AF27: 20 | AM27: 0.95 | AQ27: 9 | AR27: ESIA | AS27: =IF(AS16>1,AS16/5,0) -> 0 | AT27: =IF(AS27>1,AS27,AT16/5) -> 0 | AU27: =IF(AT27>1,AT27,AU16/5) -> 0 | AV27: =IF(AU27>1,AU27,AV16/5) -> 0 | AW27: =IF(AV27>1,AV27,AW16/5) -> 0 | AX27: =IF(AW27>1,AW27,AX16/5) -> 0 | BA27: 20 | BB27: N/A | BC27: 270000 | BD27: 300000 | BE27: 150000 | BF27: 270000 | BK27: S
C28: 8 | D28: FLEXI | L28: =MATCH(TRUE,E76:J76,0) -> 3 | M28: Payback periode | P28: : | Q28: =(L28-1+OFFSET(E75,0,L28)/OFFSET(E69,0,L28))*12 -> 33.582794 | R28: Bulan | AF28: 21 | AM28: 1 | BA28: 21 | BB28: N/A | BC28: 270000 | BD28: 300000 | BE28: 150000 | BF28: 270000 | BK28: S
C29: 9 | D29: ESIA | AF29: 22 | BA29: 22 | BB29: N/A | BC29: 270000 | BD29: 300000 | BE29: 150000 | BF29: 270000 | BK29: S
AF30: 23 | BA30: 23 | BB30: N/A | BC30: 270000 | BD30: 300000 | BE30: 150000 | BF30: 270000 | BK30: S
B31: Operator Join | AF31: 24 | BA31: 24 | BB31: N/A | BC31: 270000 | BD31: 300000 | BE31: 150000 | BF31: 270000 | BK31: S
C32: No | D32: Operator | E32: =E20 -> 2019 | F32: =E32+1 -> 2020 | G32: =F32+1 -> 2021 | H32: =G32+1 -> 2022 | I32: =H32+1 -> 2023 | J32: =I32+1 -> 2024 | M32: Parameter Harga untuk OPEX | Q32: Parameter Harga untuk CAPEX | AF32: 25 | BA32: 25 | BB32: N/A | BC32: 270000 | BD32: 300000 | BE32: 150000 | BF32: 270000 | BK32: S
B33: =SUM(E33:J33) -> 1 | C33: 1 | D33: TSEL | E33: 1 | K33: =IF(B33>1,"Salah","Benar") -> Benar | M33: 1 | N33: Listrik | O33: Jumlah | Q33: No | R33: Keterangan | S33: =E20 -> 2019 | T33: Keterangan | AF33: 26 | BA33: 26 | BB33: N/A | BC33: 270000 | BD33: 300000 | BE33: 150000 | BF33: 270000 | BK33: S
B34: =SUM(E34:J34) -> 0 | C34: 2 | D34: ISAT | K34: =IF(B34>1,"Salah","Benar") -> Benar | N34: - TSEL | O34: =IF($Q$16<100,36000000,IF($Q$16>200,48000000,42000000)) -> 36000000 | P34: per Tahun | Q34: 1 | R34: SITAC | AF34: 27 | BA34: 27 | BB34: N/A | BC34: 270000 | BD34: 300000 | BE34: 150000 | BF34: 270000 | BK34: S
B35: =SUM(E35:J35) -> 1 | C35: 3 | D35: XL | G35: 1 | K35: =IF(B35>1,"Salah","Benar") -> Benar | N35: - ISAT | O35: =IF($Q$16<100,36000000,IF($Q$16>200,48000000,42000000)) -> 36000000 | P35: per Tahun | Q35: =J8&F8&F7 -> SApartementJabodetabek | R35: - Sewa Lahan | S35: 100000000 | T35: per tahun | AF35: 28 | BA35: 28 | BB35: N/A | BC35: 270000 | BD35: 300000 | BE35: 150000 | BF35: 270000 | BK35: S
B36: =SUM(E36:J36) -> 0 | C36: 4 | D36: HCPT | K36: =IF(B36>1,"Salah","Benar") -> Benar | N36: - XL | P36: per Tahun | R36: - Biaya Koordinasi | S36: 25000000 | T36: per bangunan | AF36: 29 | BA36: 29 | BB36: N/A | BC36: 270000 | BD36: 300000 | BE36: 150000 | BF36: 270000 | BK36: S
B37: =SUM(E37:J37) -> 0 | C37: 5 | D37: FM | K37: =IF(B37>1,"Salah","Benar") -> Benar | N37: - HCPT | P37: per Tahun | R37: - Biaya Agensi | T37: per bangunan | AF37: 30 | BA37: 30 | BB37: N/A | BC37: 270000 | BD37: 300000 | BE37: 150000 | BF37: 270000 | BK37: S
B38: =SUM(E38:J38) -> 0 | C38: 6 | D38: SMARTFREN | K38: =IF(B38>1,"Salah","Benar") -> Benar | N38: - FM | P38: per Tahun | AF38: 31 | BA38: 31 | BB38: N/A | BC38: 270000 | BD38: 300000 | BE38: 150000 | BF38: 270000 | BK38: S
B39: =SUM(E39:J39) -> 1 | C39: 7 | D39: MTI | E39: 1 | K39: =IF(B39>1,"Salah","Benar") -> Benar | N39: - SMARTFREN | P39: per Tahun | Q39: 2 | R39: ASSET (non Op) | BA39: 32 | BB39: N/A | BC39: 270000 | BD39: 300000 | BE39: 150000 | BF39: 270000 | BK39: S
B40: =SUM(E40:J40) -> 1 | C40: 8 | D40: MCP | E40: 1 | K40: =IF(B40>1,"Salah","Benar") -> Benar | N40: MTI | O40: =Assumption_Apt!R5 -> 2400000 | P40: per Tahun | R40: - DAS IBC | S40: =(Q16*6000000) -> 60000000 | T40: Sesuai BOQ | BA40: 33 | BB40: N/A | BC40: 270000 | BD40: 300000 | BE40: 150000 | BF40: 270000 | BK40: S
B41: =SUM(E41:J41) -> 0 | C41: 9 | D41: ESIA | K41: =IF(B41>1,"Salah","Benar") -> Benar | N41: - FLEXI | P41: per Tahun | R41: - GPON | S41: ='Gabungan_Calculation Sheet'!E50 -> 405450000 | BA41: 34 | BB41: N/A | BC41: 270000 | BD41: 300000 | BE41: 150000 | BF41: 270000 | BK41: S
N42: - ESIA | P42: per Tahun | R42: - MCP-Shooter | S42: =(Q18*AD19)+50000000+50000000 -> 700000000 | BA42: 35 | BB42: N/A | BC42: 270000 | BD42: 300000 | BE42: 150000 | BF42: 270000 | BK42: S
Q43: 3 | R43: BTS Operator | S43: Indoor | T43: Outdoor | BA43: 36 | BB43: N/A | BC43: 270000 | BD43: 300000 | BE43: 150000 | BF43: 270000 | BK43: S
B44: Kas masuk dari operator | M44: 2 | N44: Pemeliharaan | R44: - TSEL | T44: 150000000 | BA44: 37 | BB44: N/A | BC44: 270000 | BD44: 300000 | BE44: 150000 | BF44: 270000 | BK44: S
C45: No | D45: Operator | E45: =E32 -> 2019 | F45: =E45+1 -> 2020 | G45: =F45+1 -> 2021 | H45: =G45+1 -> 2022 | I45: =H45+1 -> 2023 | J45: =I45+1 -> 2024 | K45: TOTAL | N45: - Rutin | O45: 6000000 | P45: per Tahun/Op | R45: - ISAT | T45: 150000000 | BA45: 38 | BB45: N/A | BC45: 270000 | BD45: 300000 | BE45: 150000 | BF45: 270000 | BK45: S
C46: 1 | D46: TSEL | F46: =AS19 -> 0 | G46: =AT19 -> 0 | H46: =AU19 -> 0 | I46: =AV19 -> 0 | J46: =AW19 -> 0 | K46: =SUM(E46:J46) -> 0 | N46: - Perbaikan | O46: =7000000 -> 7000000 | P46: per Tahun/Op | R46: - XL | T46: 150000000 | BA46: 39 | BB46: N/A | BC46: 270000 | BD46: 300000 | BE46: 150000 | BF46: 270000 | BK46: S
C47: 2 | D47: ISAT | F47: =AS20 -> 0 | G47: =AT20 -> 0 | H47: =AU20 -> 0 | I47: =AV20 -> 0 | J47: =AW20 -> 0 | K47: =SUM(E47:J47) -> 0 | N47: - Tes Jangkauan | O47: 20000000 | P47: per Tahun/Op | R47: - HCPT | T47: 150000000 | BA47: 40 | BB47: 260000 | BC47: 216000 | BD47: 240000 | BE47: 150000 | BF47: 216000 | BK47: S
C48: 3 | D48: XL | F48: =AS21 -> 0 | G48: =AT21 -> 0 | H48: =AU21 -> 0 | I48: =AV21 -> 0 | J48: =AW21 -> 0 | K48: =SUM(E48:J48) -> 0 | N48: - Open Net | P48: per Tahun/Op | R48: - FM | BA48: 41 | BB48: 260000 | BC48: 216000 | BD48: 240000 | BE48: 150000 | BF48: 216000 | BK48: S
C49: 4 | D49: HCPT | F49: =AS22 -> 0 | G49: =AT22 -> 0 | H49: =AU22 -> 0 | I49: =AV22 -> 0 | J49: =AW22 -> 0 | K49: =SUM(E49:J49) -> 0 | R49: - SMARTFREN | BA49: 42 | BB49: 260000 | BC49: 216000 | BD49: 240000 | BE49: 150000 | BF49: 216000 | BK49: S
C50: 5 | D50: FM | F50: =AS23 -> 0 | G50: =AT23 -> 0 | H50: =AU23 -> 0 | I50: =AV23 -> 0 | J50: =AW23 -> 0 | K50: =SUM(E50:J50) -> 0 | R50: - AXIS | BA50: 43 | BB50: 260000 | BC50: 216000 | BD50: 240000 | BE50: 150000 | BF50: 216000 | BK50: S
C51: 6 | D51: SMARTFREN | F51: =AS24 -> 0 | G51: =AT24 -> 0 | H51: =AU24 -> 0 | I51: =AV24 -> 0 | J51: =AW24 -> 0 | K51: =SUM(E51:J51) -> 0 | R51: - FLEXI | BA51: 44 | BB51: 260000 | BC51: 216000 | BD51: 240000 | BE51: 150000 | BF51: 216000 | BK51: S
C52: 7 | D52: MTI | E52: =IRR!D25 -> 358629583 | F52: =IRR!E25 -> 809560283 | G52: =IRR!F25 -> 1127339410 | H52: =IRR!G25 -> 1195239934 | I52: =IRR!H25 -> 1303543470 | J52: 0 | K52: =SUM(E52:J52) -> 4794312680 | R52: - ESIA | BA52: 45 | BB52: 260000 | BC52: 216000 | BD52: 240000 | BE52: 150000 | BF52: 216000 | BK52: S
C53: 8 | D53: MCP | F53: =5000000*2*12 -> 120000000 | G53: =5000000*2*12 -> 120000000 | H53: =5000000*3*12 -> 180000000 | I53: =5000000*3*12 -> 180000000 | J53: =5000000*3*12 -> 180000000 | K53: =SUM(E53:J53) -> 780000000 | BA53: 46 | BB53: 260000 | BC53: 216000 | BD53: 240000 | BE53: 150000 | BF53: 216000 | BK53: S
C54: 9 | D54: ESIA | F54: =AS27 -> 0 | G54: =AT27 -> 0 | H54: =AU27 -> 0 | I54: =AV27 -> 0 | J54: =AW27 -> 0 | K54: =SUM(E54:J54) -> 0 | BA54: 47 | BB54: 260000 | BC54: 216000 | BD54: 240000 | BE54: 150000 | BF54: 216000 | BK54: S
K55: =SUM(K46:K54) -> 5574312680 | BA55: 48 | BB55: 260000 | BC55: 216000 | BD55: 240000 | BE55: 150000 | BF55: 216000 | BK55: S
B56: Kas keluar | M56: Asumsi pembayaran | BA56: 49 | BB56: 260000 | BC56: 216000 | BD56: 240000 | BE56: 150000 | BF56: 216000 | BK56: S
C57: No | D57: Keterangan | E57: =E45 -> 2019 | F57: =E57+1 -> 2020 | G57: =F57+1 -> 2021 | H57: =G57+1 -> 2022 | I57: =H57+1 -> 2023 | J57: =I57+1 -> 2024 | K57: TOTAL | M57: No | N57: Keterangan | O57: =E57 -> 2019 | P57: =O57+1 -> 2020 | Q57: =P57+1 -> 2021 | R57: =Q57+1 -> 2022 | S57: =R57+1 -> 2023 | T57: =S57+1 -> 2024 | BA57: 50 | BB57: 260000 | BC57: 216000 | BD57: 240000 | BE57: 150000 | BF57: 216000 | BK57: S
C58: 1 | D58: SEWA | E58: =O58*($S$35*$M$8) -> 500000000 | F58: =P58*($S$35*$M$8) -> 0 | G58: =Q58*($S$35*$M$8) -> 0 | H58: =R58*($S$35*$M$8) -> 0 | I58: =S58*($S$35*$M$8) -> 0 | J58: =T58*($S$35*$M$8) -> 0 | K58: =SUM(E58:J58) -> 500000000 | L58: =SUM(O58:T58) -> 1 | M58: 1 | N58: =D58 -> SEWA | O58: 1 | U58: =IF(L58=1,0,"Salah") -> 0 | BA58: 51 | BB58: 260000 | BC58: 216000 | BD58: 240000 | BE58: 150000 | BF58: 216000 | BK58: S
C59: 2 | D59: Koordinasi | E59: =O59*$S$36 -> 25000000 | F59: =P59*$S$36 -> 0 | G59: =Q59*$S$36 -> 0 | H59: =R59*$S$36 -> 0 | I59: =S59*$S$36 -> 0 | J59: =T59*$S$36 -> 0 | K59: =SUM(E59:J59) -> 25000000 | L59: =SUM(O59:T59) -> 1 | M59: 2 | N59: =D59 -> Koordinasi | O59: 1 | U59: =IF(L59=1,0,"Salah") -> 0 | BA59: 52 | BB59: 260000 | BC59: 216000 | BD59: 240000 | BE59: 150000 | BF59: 216000 | BK59: S
C60: 3 | D60: MCP-Shooter | E60: =$S$42*O60 -> 700000000 | F60: =$S$42*P60 -> 0 | G60: =$S$42*Q60 -> 0 | H60: =$S$42*R60 -> 0 | I60: =$S$42*S60 -> 0 | J60: =$S$42*T60 -> 0 | K60: =SUM(E60:J60) -> 700000000 | L60: =SUM(O60:T60) -> 1 | M60: 3 | N60: =D60 -> MCP-Shooter | O60: 1 | U60: =IF(L60=1,0,"Salah") -> 0 | BA60: 53 | BB60: 260000 | BC60: 216000 | BD60: 240000 | BE60: 150000 | BF60: 216000 | BK60: S
C61: 4 | D61: DAS IBC | E61: =O61*($S$40) -> 60000000 | F61: =P61*($S$40) -> 0 | G61: =Q61*($S$40) -> 0 | H61: =R61*($S$40) -> 0 | I61: =S61*($S$40) -> 0 | J61: =T61*($S$40) -> 0 | K61: =SUM(E61:J61) -> 60000000 | L61: =SUM(O61:T61) -> 1 | M61: 4 | N61: =D61 -> DAS IBC | O61: 1 | U61: =IF(L61=1,0,"Salah") -> 0 | BA61: 54 | BB61: 260000 | BC61: 216000 | BD61: 240000 | BE61: 150000 | BF61: 216000 | BK61: S
C62: 5 | D62: CAPEX GPON | E62: ='Gabungan_Calculation Sheet'!E45+'Gabungan_Calculation Sheet'!E46+'Gabungan_Calculation Sheet'!E47 -> 225450000 | F62: ='Gabungan_Calculation Sheet'!F47 -> 120000000 | G62: ='Gabungan_Calculation Sheet'!G47 -> 15000000 | H62: ='Gabungan_Calculation Sheet'!H47 -> 15000000 | I62: ='Gabungan_Calculation Sheet'!I47 -> 30000000 | J62: =T62*($S$41) -> 0 | K62: =SUM(E62:J62) -> 405450000 | L62: =SUM(O62:T62) -> 0 | M62: 5 | N62: =D62 -> CAPEX GPON
C63: 6 | D63: BTS | F63: =(P63*(E33*($S$44+$T$44)))+(P63*(E34*($S$45+$T$45)))+(P63*(E35*($S$46+$T$46)))+(P63*(E36*($S$47+$T$47)))+(P63*(E37*($S$48+$T$48)))+(P63*(E38*($S$49+$T$49)))+(P63*(E39*($S$50+$T$50)))+(P63*(E40*($S$51+$T$51)))+(P63*(E41*($S$52+$T$52))) -> 150000000 | G63: =(Q63*(F33*($S$44+$T$44)))+(Q63*(F34*($S$45+$T$45)))+(Q63*(F35*($S$46+$T$46)))+(Q63*(F36*($S$47+$T$47)))+(Q63*(F37*($S$48+$T$48)))+(Q63*(F38*($S$49+$T$49)))+(Q63*(F39*($S$50+$T$50)))+(Q63*(F40*($S$51+$T$51)))+(Q63*(F41*($S$52+$T$52))) -> 0 | H63: =(R63*(G33*($S$44+$T$44)))+(R63*(G34*($S$45+$T$45)))+(R63*(G35*($S$46+$T$46)))+(R63*(G36*($S$47+$T$47)))+(R63*(G37*($S$48+$T$48)))+(R63*(G38*($S$49+$T$49)))+(R63*(G39*($S$50+$T$50)))+(R63*(G40*($S$51+$T$51)))+(R63*(G41*($S$52+$T$52))) -> 150000000 | I63: =(S63*(H33*($S$44+$T$44)))+(S63*(H34*($S$45+$T$45)))+(S63*(H35*($S$46+$T$46)))+(S63*(H36*($S$47+$T$47)))+(S63*(H37*($S$48+$T$48)))+(S63*(H38*($S$49+$T$49)))+(S63*(H39*($S$50+$T$50)))+(S63*(H40*($S$51+$T$51)))+(S63*(H41*($S$52+$T$52))) -> 0 | J63: =(T63*(I33*($S$44+$T$44)))+(T63*(I34*($S$45+$T$45)))+(T63*(I35*($S$46+$T$46)))+(T63*(I36*($S$47+$T$47)))+(T63*(I37*($S$48+$T$48)))+(T63*(I38*($S$49+$T$49)))+(T63*(I39*($S$50+$T$50)))+(T63*(I40*($S$51+$T$51)))+(T63*(I41*($S$52+$T$52))) -> 0 | K63: =SUM(F63:J63) -> 300000000 | L63: =SUM(O63:T63) -> 5 | M63: 6 | N63: =D63 -> BTS | P63: 1 | Q63: 1 | R63: 1 | S63: 1 | T63: 1 | U63: =IF(L63=5,0,"Salah") -> 0 | BA63: 55 | BB63: 260000 | BC63: 216000 | BD63: 240000 | BE63: 150000 | BF63: 216000 | BK63: S
C64: 7 | D64: Listrik | E64: 15000000 | F64: 15000000 | G64: =(Q64*F$33*$O$34)+(Q64*F$34*$O$35)+(Q64*F$35*$O$36)+(Q64*F$36*$O$37)+(Q64*F$37*$O$38)+(Q64*F$38*$O$39)+(Q64*F$39*$O$40)+(Q64*F$40*$O$41)+(Q64*F$41*$O$42)+F64 -> 15000000 | H64: =(R64*G$33*$O$34)+(R64*G$34*$O$35)+(R64*G$35*$O$36)+(R64*G$36*$O$37)+(R64*G$37*$O$38)+(R64*G$38*$O$39)+(R64*G$39*$O$40)+(R64*G$40*$O$41)+(R64*G$41*$O$42)+G64 -> 15000000 | I64: =(S64*H$33*$O$34)+(S64*H$34*$O$35)+(S64*H$35*$O$36)+(S64*H$36*$O$37)+(S64*H$37*$O$38)+(S64*H$38*$O$39)+(S64*H$39*$O$40)+(S64*H$40*$O$41)+(S64*H$41*$O$42)+H64 -> 15000000 | K64: =SUM(E64:J64) -> 75000000 | L64: =SUM(O64:T64) -> 5 | M64: 7 | N64: =D64 -> Listrik | P64: 1 | Q64: 1 | R64: 1 | S64: 1 | T64: 1 | U64: =IF(L64=5,0,"Salah") -> 0 | BA64: 56 | BB64: 260000 | BC64: 216000 | BD64: 240000 | BE64: 150000 | BF64: 216000 | BK64: S
C65: 8 | D65: Pemeliharaan | E65: =O47+O46+O45 -> 33000000 | F65: =O47+O46+O45 -> 33000000 | G65: =(Q65*((($O$45+$O$46)*SUM(F33:F41))+($O$47*SUM(F33:F41)))+F65) -> 33000000 | H65: =(R65*((($O$45+$O$46)*SUM(G33:G41))+($O$47*SUM(G33:G41)))+G65) -> 66000000 | I65: =(S65*((($O$45+$O$46)*SUM(H33:H41))+($O$47*SUM(H33:H41)))+H65) -> 66000000 | K65: =SUM(E65:J65) -> 231000000 | L65: =SUM(O65:T65) -> 5 | M65: 8 | N65: =D65 -> Pemeliharaan | P65: 1 | Q65: 1 | R65: 1 | S65: 1 | T65: 1 | U65: =IF(L65=5,0,"Salah") -> 0 | BA65: 57 | BB65: 260000 | BC65: 216000 | BD65: 240000 | BE65: 150000 | BF65: 216000 | BK65: S
C66: 9 | D66: OPEX GPON | E66: ='Gabungan_Calculation Sheet'!E64 -> 31603979 | F66: ='Gabungan_Calculation Sheet'!F64 -> 60150514 | G66: ='Gabungan_Calculation Sheet'!G64 -> 76789470 | H66: ='Gabungan_Calculation Sheet'!H64 -> 80934497 | I66: ='Gabungan_Calculation Sheet'!I64 -> 87849674 | J66: ='Gabungan_Calculation Sheet'!J64 -> 0 | K66: =SUM(F66:J66) -> 3.0572415e+08 | L66: =SUM(O66:T66) -> 5 | M66: 9 | N66: OPEX GPON | O66: 1 | P66: 1 | Q66: 1 | R66: 1 | S66: 1 | U66: =IF(L66=5,0,"Salah") -> 0 | BA66: 58 | BB66: 260000 | BC66: 216000 | BD66: 240000 | BE66: 150000 | BF66: 216000 | BK66: S
C67: 10 | K67: =SUM(E67:J67) -> 0
K68: =SUM(K58:K67) -> 2.6021742e+09 | BA68: 59 | BB68: 260000 | BC68: 216000 | BD68: 240000 | BE68: 150000 | BF68: 216000 | BK68: S
C69: Kas Bersih | E69: =E75 -> -1.339174e+09 | F69: =F75+E69 -> -8.4726554e+08 | G69: =G75+F69 -> 2.9234955e+08 | H69: =H75+G69 -> 1.451343e+09 | I69: =I75+H69 -> 2.9430769e+09 | J69: =J75+I69 -> 3.1230769e+09 | BA69: 60 | BB69: 260000 | BC69: 216000 | BD69: 240000 | BE69: 150000 | BF69: 216000 | BK69: S
C70: No | D70: Keterangan | E70: =E57 -> 2019 | F70: =E70+1 -> 2020 | G70: =F70+1 -> 2021 | H70: =G70+1 -> 2022 | I70: =H70+1 -> 2023 | J70: =I70+1 -> 2024 | K70: TOTAL | M70: =IF(N70<20%,"IRR.","IRR :") -> IRR : | N70: =IRR(E75:J75,E15) -> 0.57017789 | Q70: NFC | R70: =SUM(E75:J75) -> 3.1230769e+09 | BA70: 61 | BB70: 210000 | BC70: 216000 | BD70: 240000 | BE70: 150000 | BF70: 216000 | BK70: S
C71: 1 | D71: Kas Masuk | E71: =SUM(E46:E54) -> 358629583 | F71: =SUM(F46:F54) -> 929560283 | G71: =SUM(G46:G54) -> 1247339410 | H71: =SUM(H46:H54) -> 1375239934 | I71: =SUM(I46:I54) -> 1483543470 | J71: =SUM(J46:J54) -> 180000000 | K71: =SUM(E71:J71) -> 5574312680 | BA71: 62 | BB71: 210000 | BC71: 216000 | BD71: 240000 | BE71: 150000 | BF71: 216000 | BK71: S
C72: 2 | D72: Kas Keluar | E72: =SUM(E58:E67) -> 1.590054e+09 | F72: =SUM(F58:F67) -> 3.7815051e+08 | G72: =SUM(G58:G67) -> 1.3978947e+08 | H72: =SUM(H58:H67) -> 3.269345e+08 | I72: =SUM(I58:I67) -> 1.9884967e+08 | J72: =SUM(J58:J67) -> 0 | K72: =SUM(K58:K67) -> 2.6021742e+09 | BA72: 63 | BB72: 210000 | BC72: 216000 | BD72: 240000 | BE72: 150000 | BF72: 216000 | BK72: S
D73: Kas Bersih | E73: =E71-E72 -> -1.2314244e+09 | F73: =F71-F72 -> 5.5140977e+08 | G73: =G71-G72 -> 1.1075499e+09 | H73: =H71-H72 -> 1.0483054e+09 | I73: =I71-I72 -> 1.2846938e+09 | J73: =J71-J72 -> 180000000 | K73: =SUM(E73:J73) -> 2940534546 | BA73: 64 | BB73: 210000 | BC73: 216000 | BD73: 240000 | BE73: 150000 | BF73: 216000 | BK73: S
D74: Biaya Bunga | E74: =E78 -> -1.0774963e+08 | F74: =F78 -> -59501280 | G74: =G78 -> 32065148 | H74: =H78 -> 1.1068806e+08 | I74: =I78 -> 2.0704009e+08 | K74: =SUM(E74:J74) -> 1.8254238e+08 | BA74: 65 | BB74: 210000 | BC74: 216000 | BD74: 240000 | BE74: 150000 | BF74: 216000 | BK74: S
D75: Jumlah | E75: =E73+E74 -> -1.339174e+09 | F75: =F73+F74 -> 4.9190849e+08 | G75: =G73+G74 -> 1.1396151e+09 | H75: =H73+H74 -> 1.1589935e+09 | I75: =I73+I74 -> 1.4917339e+09 | J75: =J73+J74 -> 180000000 | K75: =SUM(K73:K74) -> 3.1230769e+09 | BA75: 66 | BB75: 210000 | BC75: 216000 | BD75: 240000 | BE75: 150000 | BF75: 216000 | BK75: S
E76: =E69>=0 -> FALSE | F76: =F69>=0 -> FALSE | G76: =G69>=0 -> TRUE | H76: =H69>=0 -> TRUE | I76: =I69>=0 -> TRUE | J76: =J69>=0 -> TRUE | BA76: 67 | BB76: 210000 | BC76: 216000 | BD76: 240000 | BE76: 150000 | BF76: 216000 | BK76: S
E77: =E73 -> -1.2314244e+09 | F77: =F73+E77 -> -6.8001463e+08 | G77: =G73+F77 -> 4.2753531e+08 | H77: =H73+G77 -> 1.4758407e+09 | I77: =I73+H77 -> 2760534546 | J77: =J73+I77 -> 2940534546 | BA77: 68 | BB77: 210000 | BC77: 216000 | BD77: 240000 | BE77: 150000 | BF77: 216000 | BK77: S
E78: =IF(E77<1,(E77*70%)*$E$16,E77*$E$14) -> -1.0774963e+08 | F78: =IF(F77<1,(F77*70%)*$E$16,F77*$E$14) -> -59501280 | G78: =IF(G77<1,(G77*70%)*$E$16,G77*$E$14) -> 32065148 | H78: =IF(H77<1,(H77*70%)*$E$16,H77*$E$14) -> 1.1068806e+08 | I78: =IF(I77<1,(I77*70%)*$E$16,I77*$E$14) -> 2.0704009e+08 | J78: =IF(J77<1,(J77*70%)*$E$16,J77*$E$14) -> 2.2054009e+08 | BA78: 69 | BB78: 210000 | BC78: 216000 | BD78: 240000 | BE78: 150000 | BF78: 216000 | BK78: S
BA79: 70 | BB79: 210000 | BC79: 180000 | BD79: 200000 | BE79: 150000 | BF79: 180000 | BK79: S
BA80: 71 | BB80: 210000 | BC80: 180000 | BD80: 200000 | BE80: 150000 | BF80: 180000 | BK80: S
BA81: 72 | BB81: 210000 | BC81: 180000 | BD81: 200000 | BE81: 150000 | BF81: 180000 | BK81: S
BA82: 73 | BB82: 210000 | BC82: 180000 | BD82: 200000 | BE82: 150000 | BF82: 180000 | BK82: S
BA83: 74 | BB83: 210000 | BC83: 180000 | BD83: 200000 | BE83: 150000 | BF83: 180000 | BK83: S
BA84: 75 | BB84: 210000 | BC84: 180000 | BD84: 200000 | BE84: 150000 | BF84: 180000 | BK84: S
BA85: 76 | BB85: 210000 | BC85: 180000 | BD85: 200000 | BE85: 150000 | BF85: 180000 | BK85: S
BA86: 77 | BB86: 210000 | BC86: 180000 | BD86: 200000 | BE86: 150000 | BF86: 180000 | BK86: S
BA87: 78 | BB87: 210000 | BC87: 180000 | BD87: 200000 | BE87: 150000 | BF87: 180000 | BK87: S
BA88: 79 | BB88: 210000 | BC88: 180000 | BD88: 200000 | BE88: 150000 | BF88: 180000 | BK88: S
BA89: 80 | BB89: 210000 | BC89: 180000 | BD89: 200000 | BE89: 150000 | BF89: 180000 | BK89: S
BA90: 81 | BB90: 180000 | BC90: 180000 | BD90: 200000 | BE90: 150000 | BF90: 180000 | BK90: S
... BA759: 750 | BB759: 135000 | BC759: 99000 | BD759: 110000 | BE759: 85000 | BF759: 99000 | BK759: L
BA761: bulk price | BB761: N/A | BC761: N/A | BD761: N/A | BE761: 150000 | BF761: 250000

Sheet New IRR (5th) OK (B)
G1: IRR COMBINED SCHEME B
B2: INTERNAL RATE OF RETURN (IRR) | P2: No IRR :
B5: Nama Bangunan | E5: : | F5: ='New IRR (5th) OK (A)'!F5:M5 -> Grand Dhika City Jatiwarna Tower Emerald | N5: Jumlah Lantai :
B6: Alamat | E6: : | F6: ='New IRR (5th) OK (A)'!F6:O6 -> Jl. Raya Hankam No.1, Jatimelati | BB6: TSEL | BC6: ISAT | BD6: XL | BE6: HCPT | BF6: FM | BG6: SMARTFREN | BH6: AXIS | BI6: FLEXI | BJ6: ESIA
B7: Lokasi Bangunan | E7: : | F7: Jabodetabek | AC7: Lokasi Bangunan | AD7: Type Bangunan | AE7: Status | AF7: Tanggal | AG7: Bulan | AH7: Tahun | AI7: Status IRR | AJ7: Operator Join | AK7: Masa Sewa | AL7: persentase | AM7: persentase pembayran | AQ7: No | AR7: Operator | AS7: =I10 -> 2019 | AT7: =AS7+1 -> 2020 | AU7: =AT7+1 -> 2021 | AV7: =AU7+1 -> 2022 | AW7: =AV7+1 -> 2023 | AX7: =AW7+1 -> 2024
B8: Type Bangunan | E8: : | F8: Apartement | J8: =VLOOKUP(Q16,BA8:BK759,11,FALSE) -> S | K8: Masa Sewa : | M8: 5 | N8: Tahun | AC8: Jabodetabek | AD8: Mall | AE8: Bangunan Baru | AF8: 1 | AG8: Januari | AH8: 2008 | AI8: Baru | AQ8: 1 | AR8: TSEL | AS8: =E21*$Q$16*E33*60 -> 0 | AT8: =F21*$Q$16*F33*60 -> 0 | AU8: =G21*$Q$16*G33*60 -> 0 | AV8: =H21*$Q$16*H33*60 -> 0 | AW8: =I21*$Q$16*I33*60 -> 0 | AX8: =J21*$Q$16*J33*60 -> 0 | BA8: 1 | BB8: N/A | BC8: 270000 | BD8: 300000 | BE8: 150000 | BF8: 270000 | BK8: S
B9: Status | E9: : | F9: Bangunan Baru | AC9: Jawa Tengah | AD9: Superblok | AE9: Bangunan Lama | AF9: 2 | AG9: Februari | AH9: 2009 | AI9: Revisi I | AJ9: 1 | AK9: 1 | AL9: 0.05 | AM9: 0.05 | AQ9: 2 | AR9: ISAT | AS9: =E22*$Q$16*E34*60 -> 0 | AT9: =F22*$Q$16*F34*60 -> 0 | AU9: =G22*$Q$16*G34*60 -> 0 | AV9: =H22*$Q$16*H34*60 -> 0 | AW9: =I22*$Q$16*I34*60 -> 0 | AX9: =J22*$Q$16*J34*60 -> 0 | BA9: 2 | BB9: N/A | BC9: 270000 | BD9: 300000 | BE9: 150000 | BF9: 270000 | BK9: S
B10: Tanggal | E10: : | G10: Januari | I10: 2019 | AC10: Jawa Timur | AD10: Rumah Sakit | AF10: 3 | AG10: Maret | AH10: 2010 | AI10: Revisi II | AK10: 3 | AL10: 0.1 | AM10: 0.1 | AQ10: 3 | AR10: XL | AS10: =E23*$Q$16*E35*60 -> 0 | AT10: =F23*$Q$16*F35*60 -> 0 | AU10: =G23*$Q$16*G35*60 -> 0 | AV10: =H23*$Q$16*H35*60 -> 0 | AW10: =I23*$Q$16*I35*60 -> 0 | AX10: =J23*$Q$16*J35*60 -> 0 | BA10: 3 | BB10: N/A | BC10: 270000 | BD10: 300000 | BE10: 150000 | BF10: 270000 | BK10: S
B11: Status IRR | E11: : | F11: Baru | AC11: Jawa Barat | AD11: Rusunami | AF11: 4 | AG11: April | AH11: 2011 | AI11: Revisi III | AK11: 5 | AM11: 0.15 | AQ11: 4 | AR11: HCPT | AS11: =E24*$Q$16*E36*60 -> 0 | AT11: =F24*$Q$16*F36*60 -> 0 | AU11: =G24*$Q$16*G36*60 -> 0 | AV11: =H24*$Q$16*H36*60 -> 0 | AW11: =I24*$Q$16*I36*60 -> 0 | AX11: =J24*$Q$16*J36*60 -> 0 | BA11: 4 | BB11: N/A | BC11: 270000 | BD11: 300000 | BE11: 150000 | BF11: 270000 | BK11: S
L12: SUMMARY | AC12: Kalimantan | AD12: Office | AF12: 5 | AG12: Mei | AH12: 2012 | AK12: 10 | AM12: 0.2 | AQ12: 5 | AR12: FM | AS12: =E25*$Q$16*E37*60 -> 0 | AT12: =F25*$Q$16*F37*60 -> 0 | AU12: =G25*$Q$16*G37*60 -> 0 | AV12: =H25*$Q$16*H37*60 -> 0 | AW12: =I25*$Q$16*I37*60 -> 0 | AX12: =J25*$Q$16*J37*60 -> 0 | BA12: 5 | BB12: N/A | BC12: 270000 | BD12: 300000 | BE12: 150000 | BF12: 270000 | BK12: S
B13: Parameter umum | AC13: Sumatra | AD13: Universitas | AF13: 6 | AG13: Juni | AH13: 2013 | AM13: 0.25 | AQ13: 6 | AR13: SMARTFREN | AS13: =E26*$Q$16*E38*60 -> 0 | AT13: =F26*$Q$16*F38*60 -> 0 | AU13: =G26*$Q$16*G38*60 -> 0 | AV13: =H26*$Q$16*H38*60 -> 0 | AW13: =I26*$Q$16*I38*60 -> 0 | AX13: =J26*$Q$16*J38*60 -> 0 | BA13: 6 | BB13: N/A | BC13: 270000 | BD13: 300000 | BE13: 150000 | BF13: 270000 | BK13: S
B14: Tingkat bunga Deposito | D14: : | E14: 0.075 | F14: /tahun | AC14: Sulawesi | AD14: Hotel | AF14: 7 | AG14: Juli | AH14: 2014 | AM14: 0.3 | AQ14: 7 | AR14: AXIS | AS14: =E27*$Q$16*E39*60 -> 0 | AT14: =F27*$Q$16*F39*60 -> 0 | AU14: =G27*$Q$16*G39*60 -> 0 | AV14: =H27*$Q$16*H39*60 -> 0 | AW14: =I27*$Q$16*I39*60 -> 0 | AX14: =J27*$Q$16*J39*60 -> 0 | BA14: 7 | BB14: N/A | BC14: 270000 | BD14: 300000 | BE14: 150000 | BF14: 270000 | BK14: S
B15: Discount Rate | D15: : | E15: 0.15 | M15: Perkiraan Umum | AC15: Bali/Lombok | AD15: Traditional Market | AF15: 8 | AG15: Agustus | AH15: 2015 | AM15: 0.35 | AQ15: 8 | AR15: FLEXI | AS15: =E28*$Q$16*E40*60 -> 0 | AT15: =F28*$Q$16*F40*60 -> 0 | AU15: =G28*$Q$16*G40*60 -> 0 | AV15: =H28*$Q$16*H40*60 -> 0 | AW15: =I28*$Q$16*I40*60 -> 0 | AX15: =J28*$Q$16*J40*60 -> 0 | BA15: 8 | BB15: N/A | BC15: 270000 | BD15: 300000 | BE15: 150000 | BF15: 270000 | BK15: S
B16: Tingkat bunga Pinjaman | D16: : | E16: 0.125 | F16: /tahun | M16: Jumlah Antena | P16: : | Q16: 10 | R16: Antena | AC16: Ind Bg Tim | AD16: Apartement | AF16: 9 | AG16: September | AH16: 2016 | AM16: 0.4 | AQ16: 9 | AR16: ESIA | AS16: =E29*$Q$16*E41*60 -> 0 | AT16: =F29*$Q$16*F41*60 -> 0 | AU16: =G29*$Q$16*G41*60 -> 0 | AV16: =H29*$Q$16*H41*60 -> 0 | AW16: =I29*$Q$16*I41*60 -> 0 | AX16: =J29*$Q$16*J41*60 -> 0 | BA16: 9 | BB16: N/A | BC16: 270000 | BD16: 300000 | BE16: 150000 | BF16: 270000 | BK16: S
B17: Kurs | D17: : | E17: 15000 | F17: / USD 1 | H17: 0.5 | M17: Jumlah Combiner | P17: : | R17: Unit | AD17: Entertaint Area | AF17: 10 | AG17: Oktober | AH17: 2017 | AM17: 0.45 | BA17: 10 | BB17: N/A | BC17: 270000 | BD17: 300000 | BE17: 150000 | BF17: 270000 | BK17: S
M18: Jumlah Shooter | P18: : | Q18: 2 | R18: Pole | AF18: 11 | AG18: November | AH18: 2018 | AM18: 0.5 | AQ18: No | AR18: Operator | AS18: =AS7 -> 2019 | AT18: =AS18+1 -> 2020 | AU18: =AT18+1 -> 2021 | AV18: =AU18+1 -> 2022 | AW18: =AV18+1 -> 2023 | AX18: =AW18+1 -> 2024 | BA18: 11 | BB18: N/A | BC18: 270000 | BD18: 300000 | BE18: 150000 | BF18: 270000 | BK18: S
B19: Parameter Harga Jual/antena/bulan | M19: Pendapatan dari operator | P19: : | Q19: =K55 -> 6320315448 | AC19: MCP-Shooter/Titik | AD19: 300000000 | AF19: 12 | AG19: Desember | AH19: 2019 | AM19: 0.55 | AQ19: 1 | AR19: TSEL | AS19: =IF(AS8>1,AS8/5,0) -> 0 | AT19: =IF(AS19>1,AS19,AT8/5) -> 0 | AU19: =IF(AT19>1,AT19,AU8/5) -> 0 | AV19: =IF(AU19>1,AU19,AV8/5) -> 0 | AW19: =IF(AV19>1,AV19,AW8/5) -> 0 | AX19: =IF(AW19>1,AW19,AX8/5) -> 0 | BA19: 12 | BB19: N/A | BC19: 270000 | BD19: 300000 | BE19: 150000 | BF19: 270000 | BK19: S
C20: No | D20: Operator | E20: =I10 -> 2019 | F20: =E20+1 -> 2020 | G20: =F20+1 -> 2021 | H20: =G20+1 -> 2022 | I20: =H20+1 -> 2023 | J20: =I20+1 -> 2024 | M20: Pembelian Aset Tetap | P20: : | Q20: =-K61-K63 -> -360000000 | AF20: 13 | AH20: 2020 | AM20: 0.6 | AQ20: 2 | AR20: ISAT | AS20: =IF(AS9>1,AS9/5,0) -> 0 | AT20: =IF(AS20>1,AS20,AT9/5) -> 0 | AU20: =IF(AT20>1,AT20,AU9/5) -> 0 | AV20: =IF(AU20>1,AU20,AV9/5) -> 0 | AW20: =IF(AV20>1,AV20,AW9/5) -> 0 | AX20: =IF(AW20>1,AW20,AX9/5) -> 0 | BA20: 13 | BB20: N/A | BC20: 270000 | BD20: 300000 | BE20: 150000 | BF20: 270000 | BK20: S
C21: 1 | D21: TSEL | M21: Biaya Sewa | P21: : | Q21: =-K58-K59-K60 -> -1225000000 | AF21: 14 | AH21: 2021 | AM21: 0.65 | AQ21: 3 | AR21: XL | AS21: =IF(AS10>1,AS10/5,0) -> 0 | AT21: =IF(AS21>1,AS21,AT10/5) -> 0 | AU21: =IF(AT21>1,AT21,AU10/5) -> 0 | AV21: =IF(AU21>1,AU21,AV10/5) -> 0 | AW21: =IF(AV21>1,AV21,AW10/5) -> 0 | AX21: =IF(AW21>1,AW21,AX10/5) -> 0 | BA21: 14 | BB21: N/A | BC21: 270000 | BD21: 300000 | BE21: 150000 | BF21: 270000 | BK21: S
C22: 2 | D22: ISAT | M22: Biaya Operasional | P22: : | Q22: =-K64-K65-K66 -> -6.1172415e+08 | AF22: 15 | AH22: 2022 | AM22: 0.7 | AQ22: 4 | AR22: HCPT | AS22: =IF(AS11>1,AS11/5,0) -> 0 | AT22: =IF(AS22>1,AS22,AT11/5) -> 0 | AU22: =IF(AT22>1,AT22,AU11/5) -> 0 | AV22: =IF(AU22>1,AU22,AV11/5) -> 0 | AW22: =IF(AV22>1,AV22,AW11/5) -> 0 | AX22: =IF(AW22>1,AW22,AX11/5) -> 0 | BA22: 15 | BB22: N/A | BC22: 270000 | BD22: 300000 | BE22: 150000 | BF22: 270000 | BK22: S
C23: 3 | D23: XL | M23: Pendapatan Bunga (Biaya Bunga) | P23: : | Q23: =K74 -> 3.9490563e+08 | AF23: 16 | AH23: 2023 | AM23: 0.75 | AQ23: 5 | AR23: FM | AS23: =IF(AS12>1,AS12/5,0) -> 0 | AT23: =IF(AS23>1,AS23,AT12/5) -> 0 | AU23: =IF(AT23>1,AT23,AU12/5) -> 0 | AV23: =IF(AU23>1,AU23,AV12/5) -> 0 | AW23: =IF(AV23>1,AV23,AW12/5) -> 0 | AX23: =IF(AW23>1,AW23,AX12/5) -> 0 | BA23: 16 | BB23: N/A | BC23: 270000 | BD23: 300000 | BE23: 150000 | BF23: 270000 | BK23: S
C24: 4 | D24: HCPT | N24: Arus Kas Bersih (dalam 6 tahun) | Q24: =SUM(Q19:Q23) -> 4.5184969e+09 | AF24: 17 | AH24: 2024 | AM24: 0.8 | AQ24: 6 | AR24: SMARTFREN | AS24: =IF(AS13>1,AS13/5,0) -> 0 | AT24: =IF(AS24>1,AS24,AT13/5) -> 0 | AU24: =IF(AT24>1,AT24,AU13/5) -> 0 | AV24: =IF(AU24>1,AU24,AV13/5) -> 0 | AW24: =IF(AV24>1,AV24,AW13/5) -> 0 | AX24: =IF(AW24>1,AW24,AX13/5) -> 0 | BA24: 17 | BB24: N/A | BC24: 270000 | BD24: 300000 | BE24: 150000 | BF24: 270000 | BK24: S
C25: 5 | D25: FM | AF25: 18 | AH25: 2025 | AM25: 0.85 | AQ25: 7 | AR25: AXIS | AS25: =IF(AS14>1,AS14/5,0) -> 0 | AT25: =IF(AS25>1,AS25,AT14/5) -> 0 | AU25: =IF(AT25>1,AT25,AU14/5) -> 0 | AV25: =IF(AU25>1,AU25,AV14/5) -> 0 | AW25: =IF(AV25>1,AV25,AW14/5) -> 0 | AX25: =IF(AW25>1,AW25,AX14/5) -> 0 | BA25: 18 | BB25: N/A | BC25: 270000 | BD25: 300000 | BE25: 150000 | BF25: 270000 | BK25: S
C26: 6 | D26: SMARTFREN | M26: NPV | P26: : | Q26: =NPV(E14,E75:J75) -> 2.9183163e+09 | AF26: 19 | AM26: 0.9 | AQ26: 8 | AR26: FLEXI | AS26: =IF(AS15>1,AS15/5,0) -> 0 | AT26: =IF(AS26>1,AS26,AT15/5) -> 0 | AU26: =IF(AT26>1,AT26,AU15/5) -> 0 | AV26: =IF(AU26>1,AU26,AV15/5) -> 0 | AW26: =IF(AV26>1,AV26,AW15/5) -> 0 | AX26: =IF(AW26>1,AW26,AX15/5) -> 0 | BA26: 19 | BB26: N/A | BC26: 270000 | BD26: 300000 | BE26: 150000 | BF26: 270000 | BK26: S
C27: 7 | D27: MTI | M27: IRR | P27: : | Q27: =N70 -> 0.87506204 | AF27: 20 | AM27: 0.95 | AQ27: 9 | AR27: ESIA | AS27: =IF(AS16>1,AS16/5,0) -> 0 | AT27: =IF(AS27>1,AS27,AT16/5) -> 0 | AU27: =IF(AT27>1,AT27,AU16/5) -> 0 | AV27: =IF(AU27>1,AU27,AV16/5) -> 0 | AW27: =IF(AV27>1,AV27,AW16/5) -> 0 | AX27: =IF(AW27>1,AW27,AX16/5) -> 0 | BA27: 20 | BB27: N/A | BC27: 270000 | BD27: 300000 | BE27: 150000 | BF27: 270000 | BK27: S
C28: 8 | D28: FLEXI | L28: =MATCH(TRUE,E76:J76,0) -> 3 | M28: Payback periode | P28: : | Q28: =(L28-1+OFFSET(E75,0,L28)/OFFSET(E69,0,L28))*12 -> 30.70483 | R28: Bulan | AF28: 21 | AM28: 1 | BA28: 21 | BB28: N/A | BC28: 270000 | BD28: 300000 | BE28: 150000 | BF28: 270000 | BK28: S
C29: 9 | D29: ESIA | AF29: 22 | BA29: 22 | BB29: N/A | BC29: 270000 | BD29: 300000 | BE29: 150000 | BF29: 270000 | BK29: S
AF30: 23 | BA30: 23 | BB30: N/A | BC30: 270000 | BD30: 300000 | BE30: 150000 | BF30: 270000 | BK30: S
B31: Operator Join | AF31: 24 | BA31: 24 | BB31: N/A | BC31: 270000 | BD31: 300000 | BE31: 150000 | BF31: 270000 | BK31: S
C32: No | D32: Operator | E32: =E20 -> 2019 | F32: =E32+1 -> 2020 | G32: =F32+1 -> 2021 | H32: =G32+1 -> 2022 | I32: =H32+1 -> 2023 | J32: =I32+1 -> 2024 | M32: Parameter Harga untuk OPEX | Q32: Parameter Harga untuk CAPEX | AF32: 25 | BA32: 25 | BB32: N/A | BC32: 270000 | BD32: 300000 | BE32: 150000 | BF32: 270000 | BK32: S
B33: =SUM(E33:J33) -> 1 | C33: 1 | D33: TSEL | E33: 1 | K33: =IF(B33>1,"Salah","Benar") -> Benar | M33: 1 | N33: Listrik | O33: Jumlah | Q33: No | R33: Keterangan | S33: =E20 -> 2019 | T33: Keterangan | AF33: 26 | BA33: 26 | BB33: N/A | BC33: 270000 | BD33: 300000 | BE33: 150000 | BF33: 270000 | BK33: S
B34: =SUM(E34:J34) -> 0 | C34: 2 | D34: ISAT | K34: =IF(B34>1,"Salah","Benar") -> Benar | N34: - TSEL | O34: =IF($Q$16<100,36000000,IF($Q$16>200,48000000,42000000)) -> 36000000 | P34: per Tahun | Q34: 1 | R34: SITAC | AF34: 27 | BA34: 27 | BB34: N/A | BC34: 270000 | BD34: 300000 | BE34: 150000 | BF34: 270000 | BK34: S
B35: =SUM(E35:J35) -> 1 | C35: 3 | D35: XL | G35: 1 | K35: =IF(B35>1,"Salah","Benar") -> Benar | N35: - ISAT | O35: =IF($Q$16<100,36000000,IF($Q$16>200,48000000,42000000)) -> 36000000 | P35: per Tahun | Q35: =J8&F8&F7 -> SApartementJabodetabek | R35: - Sewa Lahan | S35: 100000000 | T35: per tahun | AF35: 28 | BA35: 28 | BB35: N/A | BC35: 270000 | BD35: 300000 | BE35: 150000 | BF35: 270000 | BK35: S
B36: =SUM(E36:J36) -> 0 | C36: 4 | D36: HCPT | K36: =IF(B36>1,"Salah","Benar") -> Benar | N36: - XL | P36: per Tahun | R36: - Biaya Koordinasi | S36: 25000000 | T36: per bangunan | AF36: 29 | BA36: 29 | BB36: N/A | BC36: 270000 | BD36: 300000 | BE36: 150000 | BF36: 270000 | BK36: S
B37: =SUM(E37:J37) -> 0 | C37: 5 | D37: FM | K37: =IF(B37>1,"Salah","Benar") -> Benar | N37: - HCPT | P37: per Tahun | R37: - Biaya Agensi | T37: per bangunan | AF37: 30 | BA37: 30 | BB37: N/A | BC37: 270000 | BD37: 300000 | BE37: 150000 | BF37: 270000 | BK37: S
B38: =SUM(E38:J38) -> 0 | C38: 6 | D38: SMARTFREN | K38: =IF(B38>1,"Salah","Benar") -> Benar | N38: - FM | P38: per Tahun | AF38: 31 | BA38: 31 | BB38: N/A | BC38: 270000 | BD38: 300000 | BE38: 150000 | BF38: 270000 | BK38: S
B39: =SUM(E39:J39) -> 1 | C39: 7 | D39: MTI | E39: 1 | K39: =IF(B39>1,"Salah","Benar") -> Benar | N39: - SMARTFREN | P39: per Tahun | Q39: 2 | R39: ASSET (non Op) | BA39: 32 | BB39: N/A | BC39: 270000 | BD39: 300000 | BE39: 150000 | BF39: 270000 | BK39: S
B40: =SUM(E40:J40) -> 1 | C40: 8 | D40: MCP | E40: 1 | K40: =IF(B40>1,"Salah","Benar") -> Benar | N40: MTI | O40: =Assumption_Apt!R5 -> 2400000 | P40: per Tahun | R40: - DAS IBC | S40: =6000000*10 -> 60000000 | T40: Sesuai BOQ | BA40: 33 | BB40: N/A | BC40: 270000 | BD40: 300000 | BE40: 150000 | BF40: 270000 | BK40: S
B41: =SUM(E41:J41) -> 0 | C41: 9 | D41: ESIA | K41: =IF(B41>1,"Salah","Benar") -> Benar | N41: - FLEXI | P41: per Tahun | R41: - GPON | S41: ='Gabungan_Calculation Sheet'!E45+'Gabungan_Calculation Sheet'!E46+'Gabungan_Calculation Sheet'!E48 -> 330450000 | BA41: 34 | BB41: N/A | BC41: 270000 | BD41: 300000 | BE41: 150000 | BF41: 270000 | BK41: S
N42: - ESIA | P42: per Tahun | R42: - MCP Shooter | S42: =(Q18*AD19)+50000000+50000000 -> 700000000 | BA42: 35 | BB42: N/A | BC42: 270000 | BD42: 300000 | BE42: 150000 | BF42: 270000 | BK42: S
Q43: 3 | R43: BTS Operator | S43: Indoor | T43: Outdoor | BA43: 36 | BB43: N/A | BC43: 270000 | BD43: 300000 | BE43: 150000 | BF43: 270000 | BK43: S
B44: Kas masuk dari operator | M44: 2 | N44: Pemeliharaan | R44: - TSEL | T44: 150000000 | BA44: 37 | BB44: N/A | BC44: 270000 | BD44: 300000 | BE44: 150000 | BF44: 270000 | BK44: S
C45: No | D45: Operator | E45: =E32 -> 2019 | F45: =E45+1 -> 2020 | G45: =F45+1 -> 2021 | H45: =G45+1 -> 2022 | I45: =H45+1 -> 2023 | J45: =I45+1 -> 2024 | K45: TOTAL | N45: - Rutin | O45: 6000000 | P45: per Tahun/Op | R45: - ISAT | T45: 150000000 | BA45: 38 | BB45: N/A | BC45: 270000 | BD45: 300000 | BE45: 150000 | BF45: 270000 | BK45: S
C46: 1 | D46: TSEL | F46: =AS19 -> 0 | G46: =AT19 -> 0 | H46: =AU19 -> 0 | I46: =AV19 -> 0 | J46: =AW19 -> 0 | K46: =SUM(E46:J46) -> 0 | N46: - Perbaikan | O46: =7000000 -> 7000000 | P46: per Tahun/Op | R46: - XL | T46: 150000000 | BA46: 39 | BB46: N/A | BC46: 270000 | BD46: 300000 | BE46: 150000 | BF46: 270000 | BK46: S
C47: 2 | D47: ISAT | F47: =AS20 -> 0 | G47: =AT20 -> 0 | H47: =AU20 -> 0 | I47: =AV20 -> 0 | J47: =AW20 -> 0 | K47: =SUM(E47:J47) -> 0 | N47: - Tes Jangkauan | O47: 20000000 | P47: per Tahun/Op | R47: - HCPT | T47: 150000000 | BA47: 40 | BB47: 260000 | BC47: 216000 | BD47: 240000 | BE47: 150000 | BF47: 216000 | BK47: S
C48: 3 | D48: XL | F48: =AS21 -> 0 | G48: =AT21 -> 0 | H48: =AU21 -> 0 | I48: =AV21 -> 0 | J48: =AW21 -> 0 | K48: =SUM(E48:J48) -> 0 | N48: - Open Net | P48: per Tahun/Op | R48: - FM | BA48: 41 | BB48: 260000 | BC48: 216000 | BD48: 240000 | BE48: 150000 | BF48: 216000 | BK48: S
C49: 4 | D49: HCPT | F49: =AS22 -> 0 | G49: =AT22 -> 0 | H49: =AU22 -> 0 | I49: =AV22 -> 0 | J49: =AW22 -> 0 | K49: =SUM(E49:J49) -> 0 | R49: - SMARTFREN | BA49: 42 | BB49: 260000 | BC49: 216000 | BD49: 240000 | BE49: 150000 | BF49: 216000 | BK49: S
C50: 5 | D50: FM | F50: =AS23 -> 0 | G50: =AT23 -> 0 | H50: =AU23 -> 0 | I50: =AV23 -> 0 | J50: =AW23 -> 0 | K50: =SUM(E50:J50) -> 0 | R50: - AXIS | BA50: 43 | BB50: 260000 | BC50: 216000 | BD50: 240000 | BE50: 150000 | BF50: 216000 | BK50: S
C51: 6 | D51: SMARTFREN | F51: =AS24 -> 0 | G51: =AT24 -> 0 | H51: =AU24 -> 0 | I51: =AV24 -> 0 | J51: =AW24 -> 0 | K51: =SUM(E51:J51) -> 0 | R51: - FLEXI | BA51: 44 | BB51: 260000 | BC51: 216000 | BD51: 240000 | BE51: 150000 | BF51: 216000 | BK51: S
C52: 7 | D52: MTI | E52: =IRR!D33 -> 599555656 | F52: =IRR!E33 -> 1119537400 | G52: =IRR!F33 -> 1209669442 | H52: =IRR!G33 -> 1273179962 | I52: =IRR!H33 -> 1338372988 | J52: 0 | K52: =SUM(E52:J52) -> 5540315448 | R52: - ESIA | BA52: 45 | BB52: 260000 | BC52: 216000 | BD52: 240000 | BE52: 150000 | BF52: 216000 | BK52: S
C53: 8 | D53: MCP | F53: ='New IRR (5th) OK (A)'!F53 -> 120000000 | G53: ='New IRR (5th) OK (A)'!G53 -> 120000000 | H53: ='New IRR (5th) OK (A)'!H53 -> 180000000 | I53: ='New IRR (5th) OK (A)'!I53 -> 180000000 | J53: ='New IRR (5th) OK (A)'!J53 -> 180000000 | K53: =SUM(E53:J53) -> 780000000 | BA53: 46 | BB53: 260000 | BC53: 216000 | BD53: 240000 | BE53: 150000 | BF53: 216000 | BK53: S
C54: 9 | D54: ESIA | F54: =AS27 -> 0 | G54: =AT27 -> 0 | H54: =AU27 -> 0 | I54: =AV27 -> 0 | J54: =AW27 -> 0 | K54: =SUM(E54:J54) -> 0 | BA54: 47 | BB54: 260000 | BC54: 216000 | BD54: 240000 | BE54: 150000 | BF54: 216000 | BK54: S
K55: =SUM(K46:K54) -> 6320315448 | BA55: 48 | BB55: 260000 | BC55: 216000 | BD55: 240000 | BE55: 150000 | BF55: 216000 | BK55: S
B56: Kas keluar | M56: Asumsi pembayaran | BA56: 49 | BB56: 260000 | BC56: 216000 | BD56: 240000 | BE56: 150000 | BF56: 216000 | BK56: S
C57: No | D57: Keterangan | E57: =E45 -> 2019 | F57: =E57+1 -> 2020 | G57: =F57+1 -> 2021 | H57: =G57+1 -> 2022 | I57: =H57+1 -> 2023 | J57: =I57+1 -> 2024 | K57: TOTAL | M57: No | N57: Keterangan | O57: =E57 -> 2019 | P57: =O57+1 -> 2020 | Q57: =P57+1 -> 2021 | R57: =Q57+1 -> 2022 | S57: =R57+1 -> 2023 | T57: =S57+1 -> 2024 | BA57: 50 | BB57: 260000 | BC57: 216000 | BD57: 240000 | BE57: 150000 | BF57: 216000 | BK57: S
C58: 1 | D58: SEWA | E58: =O58*($S$35*$M$8) -> 500000000 | F58: =P58*($S$35*$M$8) -> 0 | G58: =Q58*($S$35*$M$8) -> 0 | H58: =R58*($S$35*$M$8) -> 0 | I58: =S58*($S$35*$M$8) -> 0 | J58: =T58*($S$35*$M$8) -> 0 | K58: =SUM(E58:J58) -> 500000000 | L58: =SUM(O58:T58) -> 1 | M58: 1 | N58: =D58 -> SEWA | O58: 1 | U58: =IF(L58=1,0,"Salah") -> 0 | BA58: 51 | BB58: 260000 | BC58: 216000 | BD58: 240000 | BE58: 150000 | BF58: 216000 | BK58: S
C59: 2 | D59: Koordinasi | E59: =O59*$S$36 -> 25000000 | F59: =P59*$S$36 -> 0 | G59: =Q59*$S$36 -> 0 | H59: =R59*$S$36 -> 0 | I59: =S59*$S$36 -> 0 | J59: =T59*$S$36 -> 0 | K59: =SUM(E59:J59) -> 25000000 | L59: =SUM(O59:T59) -> 1 | M59: 2 | N59: =D59 -> Koordinasi | O59: 1 | U59: =IF(L59=1,0,"Salah") -> 0 | BA59: 52 | BB59: 260000 | BC59: 216000 | BD59: 240000 | BE59: 150000 | BF59: 216000 | BK59: S
C60: 3 | D60: MCP-Shooter | E60: =O60*$S$42 -> 700000000 | F60: =P60*$S$42 -> 0 | G60: =Q60*$S$42 -> 0 | H60: =R60*$S$42 -> 0 | I60: =S60*$S$42 -> 0 | J60: =T60*$S$42 -> 0 | K60: =SUM(E60:J60) -> 700000000 | L60: =SUM(O60:T60) -> 1 | M60: 3 | N60: =D60 -> MCP-Shooter | O60: 1 | U60: =IF(L60=1,0,"Salah") -> 0 | BA60: 53 | BB60: 260000 | BC60: 216000 | BD60: 240000 | BE60: 150000 | BF60: 216000 | BK60: S
C61: 4 | D61: DAS IBC | E61: =O61*($S$40) -> 60000000 | F61: =P61*($S$40) -> 0 | G61: =Q61*($S$40) -> 0 | H61: =R61*($S$40) -> 0 | I61: =S61*($S$40) -> 0 | J61: =T61*($S$40) -> 0 | K61: =SUM(E61:J61) -> 60000000 | L61: =SUM(O61:T61) -> 1 | M61: 4 | N61: =D61 -> DAS IBC | O61: 1 | U61: =IF(L61=1,0,"Salah") -> 0 | BA61: 54 | BB61: 260000 | BC61: 216000 | BD61: 240000 | BE61: 150000 | BF61: 216000 | BK61: S
C62: 5 | D62: CAPEX GPON | E62: =($S$41) -> 330450000 | F62: ='Gabungan_Calculation Sheet'!F48 -> 37800000 | G62: ='Gabungan_Calculation Sheet'!G48 -> 7200000 | H62: ='Gabungan_Calculation Sheet'!H48 -> 18600000 | I62: ='Gabungan_Calculation Sheet'!I48 -> 11400000 | J62: =T62*($S$41) -> 0 | K62: =SUM(E62:J62) -> 405450000 | L62: =SUM(O62:T62) -> 0 | M62: 5 | N62: =D62 -> CAPEX GPON | U62: =IF(L62=1,0,"Salah") -> Salah
C63: 6 | D63: BTS | F63: =(P63*(E33*($S$44+$T$44)))+(P63*(E34*($S$45+$T$45)))+(P63*(E35*($S$46+$T$46)))+(P63*(E36*($S$47+$T$47)))+(P63*(E37*($S$48+$T$48)))+(P63*(E38*($S$49+$T$49)))+(P63*(E39*($S$50+$T$50)))+(P63*(E40*($S$51+$T$51)))+(P63*(E41*($S$52+$T$52))) -> 150000000 | G63: =(Q63*(F33*($S$44+$T$44)))+(Q63*(F34*($S$45+$T$45)))+(Q63*(F35*($S$46+$T$46)))+(Q63*(F36*($S$47+$T$47)))+(Q63*(F37*($S$48+$T$48)))+(Q63*(F38*($S$49+$T$49)))+(Q63*(F39*($S$50+$T$50)))+(Q63*(F40*($S$51+$T$51)))+(Q63*(F41*($S$52+$T$52))) -> 0 | H63: =(R63*(G33*($S$44+$T$44)))+(R63*(G34*($S$45+$T$45)))+(R63*(G35*($S$46+$T$46)))+(R63*(G36*($S$47+$T$47)))+(R63*(G37*($S$48+$T$48)))+(R63*(G38*($S$49+$T$49)))+(R63*(G39*($S$50+$T$50)))+(R63*(G40*($S$51+$T$51)))+(R63*(G41*($S$52+$T$52))) -> 150000000 | I63: =(S63*(H33*($S$44+$T$44)))+(S63*(H34*($S$45+$T$45)))+(S63*(H35*($S$46+$T$46)))+(S63*(H36*($S$47+$T$47)))+(S63*(H37*($S$48+$T$48)))+(S63*(H38*($S$49+$T$49)))+(S63*(H39*($S$50+$T$50)))+(S63*(H40*($S$51+$T$51)))+(S63*(H41*($S$52+$T$52))) -> 0 | J63: =(T63*(I33*($S$44+$T$44)))+(T63*(I34*($S$45+$T$45)))+(T63*(I35*($S$46+$T$46)))+(T63*(I36*($S$47+$T$47)))+(T63*(I37*($S$48+$T$48)))+(T63*(I38*($S$49+$T$49)))+(T63*(I39*($S$50+$T$50)))+(T63*(I40*($S$51+$T$51)))+(T63*(I41*($S$52+$T$52))) -> 0 | K63: =SUM(F63:J63) -> 300000000 | L63: =SUM(O63:T63) -> 5 | M63: 6 | N63: =D63 -> BTS | P63: 1 | Q63: 1 | R63: 1 | S63: 1 | T63: 1 | U63: =IF(L63=5,0,"Salah") -> 0 | BA63: 55 | BB63: 260000 | BC63: 216000 | BD63: 240000 | BE63: 150000 | BF63: 216000 | BK63: S
C64: 7 | D64: Listrik | E64: 15000000 | F64: 15000000 | G64: =(Q64*F$33*$O$34)+(Q64*F$34*$O$35)+(Q64*F$35*$O$36)+(Q64*F$36*$O$37)+(Q64*F$37*$O$38)+(Q64*F$38*$O$39)+(Q64*F$39*$O$40)+(Q64*F$40*$O$41)+(Q64*F$41*$O$42)+F64 -> 15000000 | H64: =(R64*G$33*$O$34)+(R64*G$34*$O$35)+(R64*G$35*$O$36)+(R64*G$36*$O$37)+(R64*G$37*$O$38)+(R64*G$38*$O$39)+(R64*G$39*$O$40)+(R64*G$40*$O$41)+(R64*G$41*$O$42)+G64 -> 15000000 | I64: =(S64*H$33*$O$34)+(S64*H$34*$O$35)+(S64*H$35*$O$36)+(S64*H$36*$O$37)+(S64*H$37*$O$38)+(S64*H$38*$O$39)+(S64*H$39*$O$40)+(S64*H$40*$O$41)+(S64*H$41*$O$42)+H64 -> 15000000 | K64: =SUM(E64:J64) -> 75000000 | L64: =SUM(O64:T64) -> 5 | M64: 7 | N64: =D64 -> Listrik | P64: 1 | Q64: 1 | R64: 1 | S64: 1 | T64: 1 | U64: =IF(L64=5,0,"Salah") -> 0 | BA64: 56 | BB64: 260000 | BC64: 216000 | BD64: 240000 | BE64: 150000 | BF64: 216000 | BK64: S
C65: 8 | D65: Pemeliharaan | E65: =O47+O46+O45 -> 33000000 | F65: =O47+O46+O45 -> 33000000 | G65: =(Q65*((($O$45+$O$46)*SUM(F33:F41))+($O$47*SUM(F33:F41)))+F65) -> 33000000 | H65: =(R65*((($O$45+$O$46)*SUM(G33:G41))+($O$47*SUM(G33:G41)))+G65) -> 66000000 | I65: =(S65*((($O$45+$O$46)*SUM(H33:H41))+($O$47*SUM(H33:H41)))+H65) -> 66000000 | K65: =SUM(E65:J65) -> 231000000 | L65: =SUM(O65:T65) -> 5 | M65: 8 | N65: =D65 -> Pemeliharaan | P65: 1 | Q65: 1 | R65: 1 | S65: 1 | T65: 1 | U65: =IF(L65=5,0,"Salah") -> 0 | BA65: 57 | BB65: 260000 | BC65: 216000 | BD65: 240000 | BE65: 150000 | BF65: 216000 | BK65: S
C66: 9 | D66: OPEX GPON | E66: ='Gabungan_Calculation Sheet'!E64 -> 31603979 | F66: ='Gabungan_Calculation Sheet'!F64 -> 60150514 | G66: ='Gabungan_Calculation Sheet'!G64 -> 76789470 | H66: ='Gabungan_Calculation Sheet'!H64 -> 80934497 | I66: ='Gabungan_Calculation Sheet'!I64 -> 87849674 | J66: ='Gabungan_Calculation Sheet'!J64 -> 0 | K66: =SUM(F66:J66) -> 3.0572415e+08 | L66: =SUM(O66:T66) -> 5 | M66: 9 | N66: OPEX GPON | O66: 1 | P66: 1 | Q66: 1 | R66: 1 | S66: 1 | U66: =IF(L66=5,0,"Salah") -> 0 | BA66: 58 | BB66: 260000 | BC66: 216000 | BD66: 240000 | BE66: 150000 | BF66: 216000 | BK66: S
C67: 10 | K67: =SUM(E67:J67) -> 0
K68: =SUM(K58:K67) -> 2.6021742e+09 | BA68: 59 | BB68: 260000 | BC68: 216000 | BD68: 240000 | BE68: 150000 | BF68: 216000 | BK68: S
C69: Kas Bersih | E69: =E75 -> -1.1913544e+09 | F69: =F75+E69 -> -2.6105979e+08 | G69: =G75+F69 -> 1.0150528e+09 | H69: =H75+G69 -> 2.3003293e+09 | I69: =I75+H69 -> 3.9014429e+09 | J69: =J75+I69 -> 4.0814429e+09 | BA69: 60 | BB69: 260000 | BC69: 216000 | BD69: 240000 | BE69: 150000 | BF69: 216000 | BK69: S
C70: No | D70: Keterangan | E70: =E57 -> 2019 | F70: =E70+1 -> 2020 | G70: =F70+1 -> 2021 | H70: =G70+1 -> 2022 | I70: =H70+1 -> 2023 | J70: =I70+1 -> 2024 | K70: TOTAL | M70: =IF(N70<20%,"IRR.","IRR :") -> IRR : | N70: =IRR(E75:J75,E15) -> 0.87506204 | Q70: NFC | R70: =SUM(E75:J75) -> 4.0814429e+09 | BA70: 61 | BB70: 210000 | BC70: 216000 | BD70: 240000 | BE70: 150000 | BF70: 216000 | BK70: S
C71: 1 | D71: Kas Masuk | E71: =SUM(E46:E54) -> 599555656 | F71: =SUM(F46:F54) -> 1239537400 | G71: =SUM(G46:G54) -> 1329669442 | H71: =SUM(H46:H54) -> 1453179962 | I71: =SUM(I46:I54) -> 1518372988 | J71: =SUM(J46:J54) -> 180000000 | K71: =SUM(E71:J71) -> 6320315448 | BA71: 62 | BB71: 210000 | BC71: 216000 | BD71: 240000 | BE71: 150000 | BF71: 216000 | BK71: S
C72: 2 | D72: Kas Keluar | E72: =SUM(E58:E67) -> 1.695054e+09 | F72: =SUM(F58:F67) -> 2.9595051e+08 | G72: =SUM(G58:G67) -> 1.3198947e+08 | H72: =SUM(H58:H67) -> 3.305345e+08 | I72: =SUM(I58:I67) -> 1.8024967e+08 | J72: =SUM(J58:J67) -> 0 | K72: =SUM(K58:K67) -> 2.6021742e+09 | BA72: 63 | BB72: 210000 | BC72: 216000 | BD72: 240000 | BE72: 150000 | BF72: 216000 | BK72: S
D73: Kas Bersih | E73: =E71-E72 -> -1.0954983e+09 | F73: =F71-F72 -> 9.4358689e+08 | G73: =G71-G72 -> 1.19768e+09 | H73: =H71-H72 -> 1.1226455e+09 | I73: =I71-I72 -> 1.3381233e+09 | J73: =J71-J72 -> 180000000 | K73: =SUM(E73:J73) -> 3686537314 | BA73: 64 | BB73: 210000 | BC73: 216000 | BD73: 240000 | BE73: 150000 | BF73: 216000 | BK73: S
D74: Biaya Bunga | E74: =E78 -> -95856103 | F74: =F78 -> -13292251 | G74: =G78 -> 78432640 | H74: =H78 -> 1.6263105e+08 | I74: =I78 -> 2.629903e+08 | K74: =SUM(E74:J74) -> 3.9490563e+08 | BA74: 65 | BB74: 210000 | BC74: 216000 | BD74: 240000 | BE74: 150000 | BF74: 216000 | BK74: S
D75: Jumlah | E75: =E73+E74 -> -1.1913544e+09 | F75: =F73+F74 -> 9.3029464e+08 | G75: =G73+G74 -> 1.2761126e+09 | H75: =H73+H74 -> 1.2852765e+09 | I75: =I73+I74 -> 1.6011136e+09 | J75: =J73+J74 -> 180000000 | K75: =SUM(K73:K74) -> 4.0814429e+09 | BA75: 66 | BB75: 210000 | BC75: 216000 | BD75: 240000 | BE75: 150000 | BF75: 216000 | BK75: S
E76: =E69>=0 -> FALSE | F76: =F69>=0 -> FALSE | G76: =G69>=0 -> TRUE | H76: =H69>=0 -> TRUE | I76: =I69>=0 -> TRUE | J76: =J69>=0 -> TRUE | BA76: 67 | BB76: 210000 | BC76: 216000 | BD76: 240000 | BE76: 150000 | BF76: 216000 | BK76: S
E77: =E73 -> -1.0954983e+09 | F77: =F73+E77 -> -1.5191144e+08 | G77: =G73+F77 -> 1.0457685e+09 | H77: =H73+G77 -> 2.168414e+09 | I77: =I73+H77 -> 3506537314 | J77: =J73+I77 -> 3686537314 | BA77: 68 | BB77: 210000 | BC77: 216000 | BD77: 240000 | BE77: 150000 | BF77: 216000 | BK77: S
E78: =IF(E77<1,(E77*70%)*$E$16,E77*$E$14) -> -95856103 | F78: =IF(F77<1,(F77*70%)*$E$16,F77*$E$14) -> -13292251 | G78: =IF(G77<1,(G77*70%)*$E$16,G77*$E$14) -> 78432640 | H78: =IF(H77<1,(H77*70%)*$E$16,H77*$E$14) -> 1.6263105e+08 | I78: =IF(I77<1,(I77*70%)*$E$16,I77*$E$14) -> 2.629903e+08 | J78: =IF(J77<1,(J77*70%)*$E$16,J77*$E$14) -> 2.764903e+08 | BA78: 69 | BB78: 210000 | BC78: 216000 | BD78: 240000 | BE78: 150000 | BF78: 216000 | BK78: S
BA79: 70 | BB79: 210000 | BC79: 180000 | BD79: 200000 | BE79: 150000 | BF79: 180000 | BK79: S
BA80: 71 | BB80: 210000 | BC80: 180000 | BD80: 200000 | BE80: 150000 | BF80: 180000 | BK80: S
BA81: 72 | BB81: 210000 | BC81: 180000 | BD81: 200000 | BE81: 150000 | BF81: 180000 | BK81: S
BA82: 73 | BB82: 210000 | BC82: 180000 | BD82: 200000 | BE82: 150000 | BF82: 180000 | BK82: S
BA83: 74 | BB83: 210000 | BC83: 180000 | BD83: 200000 | BE83: 150000 | BF83: 180000 | BK83: S
BA84: 75 | BB84: 210000 | BC84: 180000 | BD84: 200000 | BE84: 150000 | BF84: 180000 | BK84: S
BA85: 76 | BB85: 210000 | BC85: 180000 | BD85: 200000 | BE85: 150000 | BF85: 180000 | BK85: S
BA86: 77 | BB86: 210000 | BC86: 180000 | BD86: 200000 | BE86: 150000 | BF86: 180000 | BK86: S
BA87: 78 | BB87: 210000 | BC87: 180000 | BD87: 200000 | BE87: 150000 | BF87: 180000 | BK87: S
BA88: 79 | BB88: 210000 | BC88: 180000 | BD88: 200000 | BE88: 150000 | BF88: 180000 | BK88: S
BA89: 80 | BB89: 210000 | BC89: 180000 | BD89: 200000 | BE89: 150000 | BF89: 180000 | BK89: S
BA90: 81 | BB90: 180000 | BC90: 180000 | BD90: 200000 | BE90: 150000 | BF90: 180000 | BK90: S
... BA759: 750 | BB759: 135000 | BC759: 99000 | BD759: 110000 | BE759: 85000 | BF759: 99000 | BK759: L
BA761: bulk price | BB761: N/A | BC761: N/A | BD761: N/A | BE761: 150000 | BF761: 250000

Sheet New IRR (5th) OK (C)
G1: IRR COMBINED SCHEME C
B2: INTERNAL RATE OF RETURN (IRR) | P2: No IRR :
B5: Nama Bangunan | E5: : | F5: ='New IRR (5th) OK (B)'!F5:M5 -> Grand Dhika City Jatiwarna Tower Emerald | N5: Jumlah Lantai : | O5: 5
B6: Alamat | E6: : | F6: ='New IRR (5th) OK (B)'!F6:O6 -> Jl. Raya Hankam No.1, Jatimelati | BB6: TSEL | BC6: ISAT | BD6: XL | BE6: HCPT | BF6: FM | BG6: SMARTFREN | BH6: AXIS | BI6: FLEXI | BJ6: ESIA
B7: Lokasi Bangunan | E7: : | F7: Jabodetabek | AC7: Lokasi Bangunan | AD7: Type Bangunan | AE7: Status | AF7: Tanggal | AG7: Bulan | AH7: Tahun | AI7: Status IRR | AJ7: Operator Join | AK7: Masa Sewa | AL7: persentase | AM7: persentase pembayran | AQ7: No | AR7: Operator | AS7: =I10 -> 2019 | AT7: =AS7+1 -> 2020 | AU7: =AT7+1 -> 2021 | AV7: =AU7+1 -> 2022 | AW7: =AV7+1 -> 2023 | AX7: =AW7+1 -> 2024
B8: Type Bangunan | E8: : | F8: Apartement | J8: =VLOOKUP(Q16,BA8:BK759,11,FALSE) -> S | K8: Masa Sewa : | M8: 5 | N8: Tahun | AC8: Jabodetabek | AD8: Mall | AE8: Bangunan Baru | AF8: 1 | AG8: Januari | AH8: 2008 | AI8: Baru | AQ8: 1 | AR8: TSEL | AS8: =E21*$Q$16*E33*60 -> 0 | AT8: =F21*$Q$16*F33*60 -> 0 | AU8: =G21*$Q$16*G33*60 -> 0 | AV8: =H21*$Q$16*H33*60 -> 0 | AW8: =I21*$Q$16*I33*60 -> 0 | AX8: =J21*$Q$16*J33*60 -> 0 | BA8: 1 | BB8: N/A | BC8: 270000 | BD8: 300000 | BE8: 150000 | BF8: 270000 | BK8: S
B9: Status | E9: : | F9: Bangunan Baru | AC9: Jawa Tengah | AD9: Superblok | AE9: Bangunan Lama | AF9: 2 | AG9: Februari | AH9: 2009 | AI9: Revisi I | AJ9: 1 | AK9: 1 | AL9: 0.05 | AM9: 0.05 | AQ9: 2 | AR9: ISAT | AS9: =E22*$Q$16*E34*60 -> 0 | AT9: =F22*$Q$16*F34*60 -> 0 | AU9: =G22*$Q$16*G34*60 -> 0 | AV9: =H22*$Q$16*H34*60 -> 0 | AW9: =I22*$Q$16*I34*60 -> 0 | AX9: =J22*$Q$16*J34*60 -> 0 | BA9: 2 | BB9: N/A | BC9: 270000 | BD9: 300000 | BE9: 150000 | BF9: 270000 | BK9: S
B10: Tanggal | E10: : | G10: Januari | I10: 2019 | AC10: Jawa Timur | AD10: Rumah Sakit | AF10: 3 | AG10: Maret | AH10: 2010 | AI10: Revisi II | AK10: 3 | AL10: 0.1 | AM10: 0.1 | AQ10: 3 | AR10: XL | AS10: =E23*$Q$16*E35*60 -> 0 | AT10: =F23*$Q$16*F35*60 -> 0 | AU10: =G23*$Q$16*G35*60 -> 0 | AV10: =H23*$Q$16*H35*60 -> 0 | AW10: =I23*$Q$16*I35*60 -> 0 | AX10: =J23*$Q$16*J35*60 -> 0 | BA10: 3 | BB10: N/A | BC10: 270000 | BD10: 300000 | BE10: 150000 | BF10: 270000 | BK10: S
B11: Status IRR | E11: : | F11: Baru | AC11: Jawa Barat | AD11: Rusunami | AF11: 4 | AG11: April | AH11: 2011 | AI11: Revisi III | AK11: 5 | AM11: 0.15 | AQ11: 4 | AR11: HCPT | AS11: =E24*$Q$16*E36*60 -> 0 | AT11: =F24*$Q$16*F36*60 -> 0 | AU11: =G24*$Q$16*G36*60 -> 0 | AV11: =H24*$Q$16*H36*60 -> 0 | AW11: =I24*$Q$16*I36*60 -> 0 | AX11: =J24*$Q$16*J36*60 -> 0 | BA11: 4 | BB11: N/A | BC11: 270000 | BD11: 300000 | BE11: 150000 | BF11: 270000 | BK11: S
L12: SUMMARY | AC12: Kalimantan | AD12: Office | AF12: 5 | AG12: Mei | AH12: 2012 | AK12: 10 | AM12: 0.2 | AQ12: 5 | AR12: FM | AS12: =E25*$Q$16*E37*60 -> 0 | AT12: =F25*$Q$16*F37*60 -> 0 | AU12: =G25*$Q$16*G37*60 -> 0 | AV12: =H25*$Q$16*H37*60 -> 0 | AW12: =I25*$Q$16*I37*60 -> 0 | AX12: =J25*$Q$16*J37*60 -> 0 | BA12: 5 | BB12: N/A | BC12: 270000 | BD12: 300000 | BE12: 150000 | BF12: 270000 | BK12: S
B13: Parameter umum | AC13: Sumatra | AD13: Universitas | AF13: 6 | AG13: Juni | AH13: 2013 | AM13: 0.25 | AQ13: 6 | AR13: SMARTFREN | AS13: =E26*$Q$16*E38*60 -> 0 | AT13: =F26*$Q$16*F38*60 -> 0 | AU13: =G26*$Q$16*G38*60 -> 0 | AV13: =H26*$Q$16*H38*60 -> 0 | AW13: =I26*$Q$16*I38*60 -> 0 | AX13: =J26*$Q$16*J38*60 -> 0 | BA13: 6 | BB13: N/A | BC13: 270000 | BD13: 300000 | BE13: 150000 | BF13: 270000 | BK13: S
B14: Tingkat bunga Deposito | D14: : | E14: 0.075 | F14: /tahun | AC14: Sulawesi | AD14: Hotel | AF14: 7 | AG14: Juli | AH14: 2014 | AM14: 0.3 | AQ14: 7 | AR14: AXIS | AS14: =E27*$Q$16*E39*60 -> 0 | AT14: =F27*$Q$16*F39*60 -> 0 | AU14: =G27*$Q$16*G39*60 -> 0 | AV14: =H27*$Q$16*H39*60 -> 0 | AW14: =I27*$Q$16*I39*60 -> 0 | AX14: =J27*$Q$16*J39*60 -> 0 | BA14: 7 | BB14: N/A | BC14: 270000 | BD14: 300000 | BE14: 150000 | BF14: 270000 | BK14: S
B15: Discount Rate | D15: : | E15: 0.15 | M15: Perkiraan Umum | AC15: Bali/Lombok | AD15: Traditional Market | AF15: 8 | AG15: Agustus | AH15: 2015 | AM15: 0.35 | AQ15: 8 | AR15: FLEXI | AS15: =E28*$Q$16*E40*60 -> 0 | AT15: =F28*$Q$16*F40*60 -> 0 | AU15: =G28*$Q$16*G40*60 -> 0 | AV15: =H28*$Q$16*H40*60 -> 0 | AW15: =I28*$Q$16*I40*60 -> 0 | AX15: =J28*$Q$16*J40*60 -> 0 | BA15: 8 | BB15: N/A | BC15: 270000 | BD15: 300000 | BE15: 150000 | BF15: 270000 | BK15: S
B16: Tingkat bunga Pinjaman | D16: : | E16: 0.125 | F16: /tahun | M16: Jumlah Antena | P16: : | Q16: 10 | R16: Antena | AC16: Ind Bg Tim | AD16: Apartement | AF16: 9 | AG16: September | AH16: 2016 | AM16: 0.4 | AQ16: 9 | AR16: ESIA | AS16: =E29*$Q$16*E41*60 -> 0 | AT16: =F29*$Q$16*F41*60 -> 0 | AU16: =G29*$Q$16*G41*60 -> 0 | AV16: =H29*$Q$16*H41*60 -> 0 | AW16: =I29*$Q$16*I41*60 -> 0 | AX16: =J29*$Q$16*J41*60 -> 0 | BA16: 9 | BB16: N/A | BC16: 270000 | BD16: 300000 | BE16: 150000 | BF16: 270000 | BK16: S
B17: Kurs | D17: : | E17: 15000 | F17: / USD 1 | H17: 0.5 | M17: Jumlah Combiner | P17: : | R17: Unit | AD17: Entertaint Area | AF17: 10 | AG17: Oktober | AH17: 2017 | AM17: 0.45 | BA17: 10 | BB17: N/A | BC17: 270000 | BD17: 300000 | BE17: 150000 | BF17: 270000 | BK17: S
M18: Jumlah Shooter | P18: : | Q18: 2 | R18: Pole | AF18: 11 | AG18: November | AH18: 2018 | AM18: 0.5 | AQ18: No | AR18: Operator | AS18: =AS7 -> 2019 | AT18: =AS18+1 -> 2020 | AU18: =AT18+1 -> 2021 | AV18: =AU18+1 -> 2022 | AW18: =AV18+1 -> 2023 | AX18: =AW18+1 -> 2024 | BA18: 11 | BB18: N/A | BC18: 270000 | BD18: 300000 | BE18: 150000 | BF18: 270000 | BK18: S
B19: Parameter Harga Jual/antena/bulan | M19: Pendapatan dari operator | P19: : | Q19: =K55 -> 4297941716 | AC19: MCP-Shooter/Titik | AD19: 300000000 | AF19: 12 | AG19: Desember | AH19: 2019 | AM19: 0.55 | AQ19: 1 | AR19: TSEL | AS19: =IF(AS8>1,AS8/5,0) -> 0 | AT19: =IF(AS19>1,AS19,AT8/5) -> 0 | AU19: =IF(AT19>1,AT19,AU8/5) -> 0 | AV19: =IF(AU19>1,AU19,AV8/5) -> 0 | AW19: =IF(AV19>1,AV19,AW8/5) -> 0 | AX19: =IF(AW19>1,AW19,AX8/5) -> 0 | BA19: 12 | BB19: N/A | BC19: 270000 | BD19: 300000 | BE19: 150000 | BF19: 270000 | BK19: S
C20: No | D20: Operator | E20: =I10 -> 2019 | F20: =E20+1 -> 2020 | G20: =F20+1 -> 2021 | H20: =G20+1 -> 2022 | I20: =H20+1 -> 2023 | J20: =I20+1 -> 2024 | M20: Pembelian Aset Tetap | P20: : | Q20: =-K61-K63 -> -360000000 | AF20: 13 | AH20: 2020 | AM20: 0.6 | AQ20: 2 | AR20: ISAT | AS20: =IF(AS9>1,AS9/5,0) -> 0 | AT20: =IF(AS20>1,AS20,AT9/5) -> 0 | AU20: =IF(AT20>1,AT20,AU9/5) -> 0 | AV20: =IF(AU20>1,AU20,AV9/5) -> 0 | AW20: =IF(AV20>1,AV20,AW9/5) -> 0 | AX20: =IF(AW20>1,AW20,AX9/5) -> 0 | BA20: 13 | BB20: N/A | BC20: 270000 | BD20: 300000 | BE20: 150000 | BF20: 270000 | BK20: S
C21: 1 | D21: TSEL | M21: Biaya Sewa | P21: : | Q21: =-K58-K59-K60 -> -1225000000 | AF21: 14 | AH21: 2021 | AM21: 0.65 | AQ21: 3 | AR21: XL | AS21: =IF(AS10>1,AS10/5,0) -> 0 | AT21: =IF(AS21>1,AS21,AT10/5) -> 0 | AU21: =IF(AT21>1,AT21,AU10/5) -> 0 | AV21: =IF(AU21>1,AU21,AV10/5) -> 0 | AW21: =IF(AV21>1,AV21,AW10/5) -> 0 | AX21: =IF(AW21>1,AW21,AX10/5) -> 0 | BA21: 14 | BB21: N/A | BC21: 270000 | BD21: 300000 | BE21: 150000 | BF21: 270000 | BK21: S
C22: 2 | D22: ISAT | M22: Biaya Operasional | P22: : | Q22: =-K64-K65-K66 -> -6.1172415e+08 | AF22: 15 | AH22: 2022 | AM22: 0.7 | AQ22: 4 | AR22: HCPT | AS22: =IF(AS11>1,AS11/5,0) -> 0 | AT22: =IF(AS22>1,AS22,AT11/5) -> 0 | AU22: =IF(AT22>1,AT22,AU11/5) -> 0 | AV22: =IF(AU22>1,AU22,AV11/5) -> 0 | AW22: =IF(AV22>1,AV22,AW11/5) -> 0 | AX22: =IF(AW22>1,AW22,AX11/5) -> 0 | BA22: 15 | BB22: N/A | BC22: 270000 | BD22: 300000 | BE22: 150000 | BF22: 270000 | BK22: S
C23: 3 | D23: XL | M23: Pendapatan Bunga (Biaya Bunga) | P23: : | Q23: =K74 -> -93485496 | AF23: 16 | AH23: 2023 | AM23: 0.75 | AQ23: 5 | AR23: FM | AS23: =IF(AS12>1,AS12/5,0) -> 0 | AT23: =IF(AS23>1,AS23,AT12/5) -> 0 | AU23: =IF(AT23>1,AT23,AU12/5) -> 0 | AV23: =IF(AU23>1,AU23,AV12/5) -> 0 | AW23: =IF(AV23>1,AV23,AW12/5) -> 0 | AX23: =IF(AW23>1,AW23,AX12/5) -> 0 | BA23: 16 | BB23: N/A | BC23: 270000 | BD23: 300000 | BE23: 150000 | BF23: 270000 | BK23: S
C24: 4 | D24: HCPT | N24: Arus Kas Bersih (dalam 6 tahun) | Q24: =SUM(Q19:Q23) -> 2.0077321e+09 | AF24: 17 | AH24: 2024 | AM24: 0.8 | AQ24: 6 | AR24: SMARTFREN | AS24: =IF(AS13>1,AS13/5,0) -> 0 | AT24: =IF(AS24>1,AS24,AT13/5) -> 0 | AU24: =IF(AT24>1,AT24,AU13/5) -> 0 | AV24: =IF(AU24>1,AU24,AV13/5) -> 0 | AW24: =IF(AV24>1,AV24,AW13/5) -> 0 | AX24: =IF(AW24>1,AW24,AX13/5) -> 0 | BA24: 17 | BB24: N/A | BC24: 270000 | BD24: 300000 | BE24: 150000 | BF24: 270000 | BK24: S
C25: 5 | D25: FM | F25: =E25 -> 0 | G25: =F25 -> 0 | H25: =G25 -> 0 | I25: =H25 -> 0 | J25: =I25 -> 0 | AF25: 18 | AH25: 2025 | AM25: 0.85 | AQ25: 7 | AR25: AXIS | AS25: =IF(AS14>1,AS14/5,0) -> 0 | AT25: =IF(AS25>1,AS25,AT14/5) -> 0 | AU25: =IF(AT25>1,AT25,AU14/5) -> 0 | AV25: =IF(AU25>1,AU25,AV14/5) -> 0 | AW25: =IF(AV25>1,AV25,AW14/5) -> 0 | AX25: =IF(AW25>1,AW25,AX14/5) -> 0 | BA25: 18 | BB25: N/A | BC25: 270000 | BD25: 300000 | BE25: 150000 | BF25: 270000 | BK25: S
C26: 6 | D26: SMARTFREN | M26: NPV | P26: : | Q26: =NPV(E14,E75:J75) -> 9.194527e+08 | AF26: 19 | AM26: 0.9 | AQ26: 8 | AR26: FLEXI | AS26: =IF(AS15>1,AS15/5,0) -> 0 | AT26: =IF(AS26>1,AS26,AT15/5) -> 0 | AU26: =IF(AT26>1,AT26,AU15/5) -> 0 | AV26: =IF(AU26>1,AU26,AV15/5) -> 0 | AW26: =IF(AV26>1,AV26,AW15/5) -> 0 | AX26: =IF(AW26>1,AW26,AX15/5) -> 0 | BA26: 19 | BB26: N/A | BC26: 270000 | BD26: 300000 | BE26: 150000 | BF26: 270000 | BK26: S
C27: 7 | D27: MTI | M27: IRR | P27: : | Q27: =N70 -> 0.2791563 | AF27: 20 | AM27: 0.95 | AQ27: 9 | AR27: ESIA | AS27: =IF(AS16>1,AS16/5,0) -> 0 | AT27: =IF(AS27>1,AS27,AT16/5) -> 0 | AU27: =IF(AT27>1,AT27,AU16/5) -> 0 | AV27: =IF(AU27>1,AU27,AV16/5) -> 0 | AW27: =IF(AV27>1,AV27,AW16/5) -> 0 | AX27: =IF(AW27>1,AW27,AX16/5) -> 0 | BA27: 20 | BB27: N/A | BC27: 270000 | BD27: 300000 | BE27: 150000 | BF27: 270000 | BK27: S
C28: 8 | D28: FLEXI | L28: =MATCH(TRUE,E76:J76,0) -> 4 | M28: Payback periode | P28: : | Q28: =(L28-1+OFFSET(E75,0,L28)/OFFSET(E69,0,L28))*12 -> 46.324924 | R28: Bulan | AF28: 21 | AM28: 1 | BA28: 21 | BB28: N/A | BC28: 270000 | BD28: 300000 | BE28: 150000 | BF28: 270000 | BK28: S
C29: 9 | D29: ESIA | AF29: 22 | BA29: 22 | BB29: N/A | BC29: 270000 | BD29: 300000 | BE29: 150000 | BF29: 270000 | BK29: S
AF30: 23 | BA30: 23 | BB30: N/A | BC30: 270000 | BD30: 300000 | BE30: 150000 | BF30: 270000 | BK30: S
B31: Operator Join | AF31: 24 | BA31: 24 | BB31: N/A | BC31: 270000 | BD31: 300000 | BE31: 150000 | BF31: 270000 | BK31: S
C32: No | D32: Operator | E32: =E20 -> 2019 | F32: =E32+1 -> 2020 | G32: =F32+1 -> 2021 | H32: =G32+1 -> 2022 | I32: =H32+1 -> 2023 | J32: =I32+1 -> 2024 | M32: Parameter Harga untuk OPEX | Q32: Parameter Harga untuk CAPEX | AF32: 25 | BA32: 25 | BB32: N/A | BC32: 270000 | BD32: 300000 | BE32: 150000 | BF32: 270000 | BK32: S
B33: =SUM(E33:J33) -> 1 | C33: 1 | D33: TSEL | E33: 1 | K33: =IF(B33>1,"Salah","Benar") -> Benar | M33: 1 | N33: Listrik | O33: Jumlah | Q33: No | R33: Keterangan | S33: =E20 -> 2019 | T33: Keterangan | AF33: 26 | BA33: 26 | BB33: N/A | BC33: 270000 | BD33: 300000 | BE33: 150000 | BF33: 270000 | BK33: S
B34: =SUM(E34:J34) -> 0 | C34: 2 | D34: ISAT | K34: =IF(B34>1,"Salah","Benar") -> Benar | N34: - TSEL | O34: =IF($Q$16<100,36000000,IF($Q$16>200,48000000,42000000)) -> 36000000 | P34: per Tahun | Q34: 1 | R34: SITAC | AF34: 27 | BA34: 27 | BB34: N/A | BC34: 270000 | BD34: 300000 | BE34: 150000 | BF34: 270000 | BK34: S
B35: =SUM(E35:J35) -> 1 | C35: 3 | D35: XL | G35: 1 | K35: =IF(B35>1,"Salah","Benar") -> Benar | N35: - ISAT | O35: =IF($Q$16<100,36000000,IF($Q$16>200,48000000,42000000)) -> 36000000 | P35: per Tahun | Q35: =J8&F8&F7 -> SApartementJabodetabek | R35: - Sewa Lahan | S35: 100000000 | T35: per tahun | AF35: 28 | BA35: 28 | BB35: N/A | BC35: 270000 | BD35: 300000 | BE35: 150000 | BF35: 270000 | BK35: S
B36: =SUM(E36:J36) -> 0 | C36: 4 | D36: HCPT | K36: =IF(B36>1,"Salah","Benar") -> Benar | N36: - XL | P36: per Tahun | R36: - Biaya Koordinasi | S36: 25000000 | T36: per bangunan | AF36: 29 | BA36: 29 | BB36: N/A | BC36: 270000 | BD36: 300000 | BE36: 150000 | BF36: 270000 | BK36: S
B37: =SUM(E37:J37) -> 0 | C37: 5 | D37: FM | K37: =IF(B37>1,"Salah","Benar") -> Benar | N37: - HCPT | P37: per Tahun | R37: - Biaya Agensi | T37: per bangunan | AF37: 30 | BA37: 30 | BB37: N/A | BC37: 270000 | BD37: 300000 | BE37: 150000 | BF37: 270000 | BK37: S
B38: =SUM(E38:J38) -> 0 | C38: 6 | D38: SMARTFREN | K38: =IF(B38>1,"Salah","Benar") -> Benar | N38: - FM | P38: per Tahun | AF38: 31 | BA38: 31 | BB38: N/A | BC38: 270000 | BD38: 300000 | BE38: 150000 | BF38: 270000 | BK38: S
B39: =SUM(E39:J39) -> 1 | C39: 7 | D39: MTI | E39: 1 | K39: =IF(B39>1,"Salah","Benar") -> Benar | N39: - SMARTFREN | P39: per Tahun | Q39: 2 | R39: ASSET (non Op) | BA39: 32 | BB39: N/A | BC39: 270000 | BD39: 300000 | BE39: 150000 | BF39: 270000 | BK39: S
B40: =SUM(E40:J40) -> 1 | C40: 8 | D40: MCP | E40: 1 | K40: =IF(B40>1,"Salah","Benar") -> Benar | N40: MTI | O40: =Assumption_Apt!R5 -> 2400000 | P40: per Tahun | R40: - DAS IBC | S40: =(Q16*6000000) -> 60000000 | T40: Sesuai BOQ | BA40: 33 | BB40: N/A | BC40: 270000 | BD40: 300000 | BE40: 150000 | BF40: 270000 | BK40: S
B41: =SUM(E41:J41) -> 0 | C41: 9 | D41: ESIA | K41: =IF(B41>1,"Salah","Benar") -> Benar | N41: - FLEXI | P41: per Tahun | R41: - GPON | S41: ='Gabungan_Calculation Sheet'!E45+'Gabungan_Calculation Sheet'!E46+'Gabungan_Calculation Sheet'!E49 -> 188250000 | BA41: 34 | BB41: N/A | BC41: 270000 | BD41: 300000 | BE41: 150000 | BF41: 270000 | BK41: S
N42: - ESIA | P42: per Tahun | R42: - MCP Shooter | S42: =(Q18*AD19)+100000000 -> 700000000 | BA42: 35 | BB42: N/A | BC42: 270000 | BD42: 300000 | BE42: 150000 | BF42: 270000 | BK42: S
Q43: 3 | R43: BTS Operator | S43: Indoor | T43: Outdoor | BA43: 36 | BB43: N/A | BC43: 270000 | BD43: 300000 | BE43: 150000 | BF43: 270000 | BK43: S
B44: Kas masuk dari operator | M44: 2 | N44: Pemeliharaan | R44: - TSEL | T44: 150000000 | BA44: 37 | BB44: N/A | BC44: 270000 | BD44: 300000 | BE44: 150000 | BF44: 270000 | BK44: S
C45: No | D45: Operator | E45: =E32 -> 2019 | F45: =E45+1 -> 2020 | G45: =F45+1 -> 2021 | H45: =G45+1 -> 2022 | I45: =H45+1 -> 2023 | J45: =I45+1 -> 2024 | K45: TOTAL | N45: - Rutin | O45: 6000000 | P45: per Tahun/Op | R45: - ISAT | T45: 150000000 | BA45: 38 | BB45: N/A | BC45: 270000 | BD45: 300000 | BE45: 150000 | BF45: 270000 | BK45: S
C46: 1 | D46: TSEL | F46: =AS19 -> 0 | G46: =AT19 -> 0 | H46: =AU19 -> 0 | I46: =AV19 -> 0 | J46: =AW19 -> 0 | K46: =SUM(E46:J46) -> 0 | N46: - Perbaikan | O46: =7000000 -> 7000000 | P46: per Tahun/Op | R46: - XL | T46: 150000000 | BA46: 39 | BB46: N/A | BC46: 270000 | BD46: 300000 | BE46: 150000 | BF46: 270000 | BK46: S
C47: 2 | D47: ISAT | F47: =AS20 -> 0 | G47: =AT20 -> 0 | H47: =AU20 -> 0 | I47: =AV20 -> 0 | J47: =AW20 -> 0 | K47: =SUM(E47:J47) -> 0 | N47: - Tes Jangkauan | O47: 20000000 | P47: per Tahun/Op | R47: - HCPT | T47: 150000000 | BA47: 40 | BB47: 260000 | BC47: 216000 | BD47: 240000 | BE47: 150000 | BF47: 216000 | BK47: S
C48: 3 | D48: XL | F48: =AS21 -> 0 | G48: =AT21 -> 0 | H48: =AU21 -> 0 | I48: =AV21 -> 0 | J48: =AW21 -> 0 | K48: =SUM(E48:J48) -> 0 | N48: - Open Net | P48: per Tahun/Op | R48: - FM | BA48: 41 | BB48: 260000 | BC48: 216000 | BD48: 240000 | BE48: 150000 | BF48: 216000 | BK48: S
C49: 4 | D49: HCPT | F49: =AS22 -> 0 | G49: =AT22 -> 0 | H49: =AU22 -> 0 | I49: =AV22 -> 0 | J49: =AW22 -> 0 | K49: =SUM(E49:J49) -> 0 | R49: - SMARTFREN | BA49: 42 | BB49: 260000 | BC49: 216000 | BD49: 240000 | BE49: 150000 | BF49: 216000 | BK49: S
C50: 5 | D50: FM | F50: =AS23 -> 0 | G50: =AT23 -> 0 | H50: =AU23 -> 0 | I50: =AV23 -> 0 | J50: =AW23 -> 0 | K50: =SUM(E50:J50) -> 0 | R50: - AXIS | BA50: 43 | BB50: 260000 | BC50: 216000 | BD50: 240000 | BE50: 150000 | BF50: 216000 | BK50: S
C51: 6 | D51: SMARTFREN | F51: =AS24 -> 0 | G51: =AT24 -> 0 | H51: =AU24 -> 0 | I51: =AV24 -> 0 | J51: =AW24 -> 0 | K51: =SUM(E51:J51) -> 0 | R51: - FLEXI | BA51: 44 | BB51: 260000 | BC51: 216000 | BD51: 240000 | BE51: 150000 | BF51: 216000 | BK51: S
C52: 7 | D52: MTI | E52: =IRR!D41 -> 219011557 | F52: =IRR!E41 -> 493200168 | G52: =IRR!F41 -> 717210248 | H52: =IRR!G41 -> 955211336 | I52: =IRR!H41 -> 1133308407 | J52: 0 | K52: =SUM(E52:J52) -> 3517941716 | R52: - ESIA | BA52: 45 | BB52: 260000 | BC52: 216000 | BD52: 240000 | BE52: 150000 | BF52: 216000 | BK52: S
C53: 8 | D53: MCP | F53: ='New IRR (5th) OK (B)'!F53 -> 120000000 | G53: ='New IRR (5th) OK (B)'!G53 -> 120000000 | H53: ='New IRR (5th) OK (B)'!H53 -> 180000000 | I53: ='New IRR (5th) OK (B)'!I53 -> 180000000 | J53: ='New IRR (5th) OK (B)'!J53 -> 180000000 | K53: =SUM(E53:J53) -> 780000000 | BA53: 46 | BB53: 260000 | BC53: 216000 | BD53: 240000 | BE53: 150000 | BF53: 216000 | BK53: S
C54: 9 | D54: ESIA | F54: =AS27 -> 0 | G54: =AT27 -> 0 | H54: =AU27 -> 0 | I54: =AV27 -> 0 | J54: =AW27 -> 0 | K54: =SUM(E54:J54) -> 0 | BA54: 47 | BB54: 260000 | BC54: 216000 | BD54: 240000 | BE54: 150000 | BF54: 216000 | BK54: S
K55: =SUM(K46:K54) -> 4297941716 | BA55: 48 | BB55: 260000 | BC55: 216000 | BD55: 240000 | BE55: 150000 | BF55: 216000 | BK55: S
B56: Kas keluar | M56: Asumsi pembayaran | BA56: 49 | BB56: 260000 | BC56: 216000 | BD56: 240000 | BE56: 150000 | BF56: 216000 | BK56: S
C57: No | D57: Keterangan | E57: =E45 -> 2019 | F57: =E57+1 -> 2020 | G57: =F57+1 -> 2021 | H57: =G57+1 -> 2022 | I57: =H57+1 -> 2023 | J57: =I57+1 -> 2024 | K57: TOTAL | M57: No | N57: Keterangan | O57: =E57 -> 2019 | P57: =O57+1 -> 2020 | Q57: =P57+1 -> 2021 | R57: =Q57+1 -> 2022 | S57: =R57+1 -> 2023 | T57: =S57+1 -> 2024 | BA57: 50 | BB57: 260000 | BC57: 216000 | BD57: 240000 | BE57: 150000 | BF57: 216000 | BK57: S
C58: 1 | D58: SEWA | E58: =O58*($S$35*$M$8) -> 500000000 | F58: =P58*($S$35*$M$8) -> 0 | G58: =Q58*($S$35*$M$8) -> 0 | H58: =R58*($S$35*$M$8) -> 0 | I58: =S58*($S$35*$M$8) -> 0 | J58: =T58*($S$35*$M$8) -> 0 | K58: =SUM(E58:J58) -> 500000000 | L58: =SUM(O58:T58) -> 1 | M58: 1 | N58: =D58 -> SEWA | O58: 1 | U58: =IF(L58=1,0,"Salah") -> 0 | BA58: 51 | BB58: 260000 | BC58: 216000 | BD58: 240000 | BE58: 150000 | BF58: 216000 | BK58: S
C59: 2 | D59: Koordinasi | E59: =O59*$S$36 -> 25000000 | F59: =P59*$S$36 -> 0 | G59: =Q59*$S$36 -> 0 | H59: =R59*$S$36 -> 0 | I59: =S59*$S$36 -> 0 | J59: =T59*$S$36 -> 0 | K59: =SUM(E59:J59) -> 25000000 | L59: =SUM(O59:T59) -> 1 | M59: 2 | N59: =D59 -> Koordinasi | O59: 1 | U59: =IF(L59=1,0,"Salah") -> 0 | BA59: 52 | BB59: 260000 | BC59: 216000 | BD59: 240000 | BE59: 150000 | BF59: 216000 | BK59: S
C60: 3 | D60: MCP-Shooter | E60: =O60*$S$42 -> 700000000 | F60: =P60*$S$42 -> 0 | G60: =Q60*$S$42 -> 0 | H60: =R60*$S$42 -> 0 | I60: =S60*$S$42 -> 0 | J60: =T60*$S$42 -> 0 | K60: =SUM(E60:J60) -> 700000000 | L60: =SUM(O60:T60) -> 1 | M60: 3 | N60: =D60 -> MCP-Shooter | O60: 1 | U60: =IF(L60=1,0,"Salah") -> 0 | BA60: 53 | BB60: 260000 | BC60: 216000 | BD60: 240000 | BE60: 150000 | BF60: 216000 | BK60: S
C61: 4 | D61: DAS IBC | E61: =O61*($S$40) -> 60000000 | F61: =P61*($S$40) -> 0 | G61: =Q61*($S$40) -> 0 | H61: =R61*($S$40) -> 0 | I61: =S61*($S$40) -> 0 | J61: =T61*($S$40) -> 0 | K61: =SUM(E61:J61) -> 60000000 | L61: =SUM(O61:T61) -> 1 | M61: 4 | N61: =D61 -> DAS IBC | O61: 1 | U61: =IF(L61=1,0,"Salah") -> 0 | BA61: 54 | BB61: 260000 | BC61: 216000 | BD61: 240000 | BE61: 150000 | BF61: 216000 | BK61: S
C62: 5 | D62: CAPEX GPON | E62: =($S$41) -> 188250000 | F62: ='Gabungan_Calculation Sheet'!F49 -> 45000000 | G62: ='Gabungan_Calculation Sheet'!G49 -> 52200000 | H62: ='Gabungan_Calculation Sheet'!H49 -> 52800000 | I62: ='Gabungan_Calculation Sheet'!I49 -> 30000000 | J62: =T62*($S$41) -> 0 | K62: =SUM(E62:J62) -> 368250000 | L62: =SUM(O62:T62) -> 0 | M62: 5 | N62: =D62 -> CAPEX GPON | U62: =IF(L62=1,0,"Salah") -> Salah
C63: 6 | D63: BTS | F63: =(P63*(E33*($S$44+$T$44)))+(P63*(E34*($S$45+$T$45)))+(P63*(E35*($S$46+$T$46)))+(P63*(E36*($S$47+$T$47)))+(P63*(E37*($S$48+$T$48)))+(P63*(E38*($S$49+$T$49)))+(P63*(E39*($S$50+$T$50)))+(P63*(E40*($S$51+$T$51)))+(P63*(E41*($S$52+$T$52))) -> 150000000 | G63: =(Q63*(F33*($S$44+$T$44)))+(Q63*(F34*($S$45+$T$45)))+(Q63*(F35*($S$46+$T$46)))+(Q63*(F36*($S$47+$T$47)))+(Q63*(F37*($S$48+$T$48)))+(Q63*(F38*($S$49+$T$49)))+(Q63*(F39*($S$50+$T$50)))+(Q63*(F40*($S$51+$T$51)))+(Q63*(F41*($S$52+$T$52))) -> 0 | H63: =(R63*(G33*($S$44+$T$44)))+(R63*(G34*($S$45+$T$45)))+(R63*(G35*($S$46+$T$46)))+(R63*(G36*($S$47+$T$47)))+(R63*(G37*($S$48+$T$48)))+(R63*(G38*($S$49+$T$49)))+(R63*(G39*($S$50+$T$50)))+(R63*(G40*($S$51+$T$51)))+(R63*(G41*($S$52+$T$52))) -> 150000000 | I63: =(S63*(H33*($S$44+$T$44)))+(S63*(H34*($S$45+$T$45)))+(S63*(H35*($S$46+$T$46)))+(S63*(H36*($S$47+$T$47)))+(S63*(H37*($S$48+$T$48)))+(S63*(H38*($S$49+$T$49)))+(S63*(H39*($S$50+$T$50)))+(S63*(H40*($S$51+$T$51)))+(S63*(H41*($S$52+$T$52))) -> 0 | J63: =(T63*(I33*($S$44+$T$44)))+(T63*(I34*($S$45+$T$45)))+(T63*(I35*($S$46+$T$46)))+(T63*(I36*($S$47+$T$47)))+(T63*(I37*($S$48+$T$48)))+(T63*(I38*($S$49+$T$49)))+(T63*(I39*($S$50+$T$50)))+(T63*(I40*($S$51+$T$51)))+(T63*(I41*($S$52+$T$52))) -> 0 | K63: =SUM(F63:J63) -> 300000000 | L63: =SUM(O63:T63) -> 5 | M63: 6 | N63: =D63 -> BTS | P63: 1 | Q63: 1 | R63: 1 | S63: 1 | T63: 1 | U63: =IF(L63=5,0,"Salah") -> 0 | BA63: 55 | BB63: 260000 | BC63: 216000 | BD63: 240000 | BE63: 150000 | BF63: 216000 | BK63: S
C64: 7 | D64: Listrik | E64: 15000000 | F64: 15000000 | G64: =(Q64*F$33*$O$34)+(Q64*F$34*$O$35)+(Q64*F$35*$O$36)+(Q64*F$36*$O$37)+(Q64*F$37*$O$38)+(Q64*F$38*$O$39)+(Q64*F$39*$O$40)+(Q64*F$40*$O$41)+(Q64*F$41*$O$42)+F64 -> 15000000 | H64: =(R64*G$33*$O$34)+(R64*G$34*$O$35)+(R64*G$35*$O$36)+(R64*G$36*$O$37)+(R64*G$37*$O$38)+(R64*G$38*$O$39)+(R64*G$39*$O$40)+(R64*G$40*$O$41)+(R64*G$41*$O$42)+G64 -> 15000000 | I64: =(S64*H$33*$O$34)+(S64*H$34*$O$35)+(S64*H$35*$O$36)+(S64*H$36*$O$37)+(S64*H$37*$O$38)+(S64*H$38*$O$39)+(S64*H$39*$O$40)+(S64*H$40*$O$41)+(S64*H$41*$O$42)+H64 -> 15000000 | K64: =SUM(E64:J64) -> 75000000 | L64: =SUM(O64:T64) -> 5 | M64: 7 | N64: =D64 -> Listrik | P64: 1 | Q64: 1 | R64: 1 | S64: 1 | T64: 1 | U64: =IF(L64=5,0,"Salah") -> 0 | BA64: 56 | BB64: 260000 | BC64: 216000 | BD64: 240000 | BE64: 150000 | BF64: 216000 | BK64: S
C65: 8 | D65: Pemeliharaan | E65: =O47+O46+O45 -> 33000000 | F65: =O47+O46+O45 -> 33000000 | G65: =(Q65*((($O$45+$O$46)*SUM(F33:F41))+($O$47*SUM(F33:F41)))+F65) -> 33000000 | H65: =(R65*((($O$45+$O$46)*SUM(G33:G41))+($O$47*SUM(G33:G41)))+G65) -> 66000000 | I65: =(S65*((($O$45+$O$46)*SUM(H33:H41))+($O$47*SUM(H33:H41)))+H65) -> 66000000 | K65: =SUM(E65:J65) -> 231000000 | L65: =SUM(O65:T65) -> 5 | M65: 8 | N65: =D65 -> Pemeliharaan | P65: 1 | Q65: 1 | R65: 1 | S65: 1 | T65: 1 | U65: =IF(L65=5,0,"Salah") -> 0 | BA65: 57 | BB65: 260000 | BC65: 216000 | BD65: 240000 | BE65: 150000 | BF65: 216000 | BK65: S
C66: 9 | D66: OPEX GPON | E66: ='Gabungan_Calculation Sheet'!E64 -> 31603979 | F66: ='Gabungan_Calculation Sheet'!F64 -> 60150514 | G66: ='Gabungan_Calculation Sheet'!G64 -> 76789470 | H66: ='Gabungan_Calculation Sheet'!H64 -> 80934497 | I66: ='Gabungan_Calculation Sheet'!I64 -> 87849674 | J66: ='Gabungan_Calculation Sheet'!J64 -> 0 | K66: =SUM(F66:J66) -> 3.0572415e+08 | L66: =SUM(O66:T66) -> 5 | M66: 9 | N66: OPEX GPON | O66: 1 | P66: 1 | Q66: 1 | R66: 1 | S66: 1 | U66: =IF(L66=5,0,"Salah") -> 0 | BA66: 58 | BB66: 260000 | BC66: 216000 | BD66: 240000 | BE66: 150000 | BF66: 216000 | BK66: S
C67: 10 | K67: =SUM(E67:J67) -> 0
K68: =SUM(K58:K67) -> 2.5649742e+09 | BA68: 59 | BB68: 260000 | BC68: 216000 | BD68: 240000 | BE68: 150000 | BF68: 216000 | BK68: S
C69: Kas Bersih | E69: =E75 -> -1.4505536e+09 | F69: =F75+E69 -> -1.2300858e+09 | G69: =G75+F69 -> -6.0167762e+08 | H69: =H75+G69 -> 1.9931708e+08 | I69: =I75+H69 -> 1.4278781e+09 | J69: =J75+I69 -> 1.6078781e+09 | BA69: 60 | BB69: 260000 | BC69: 216000 | BD69: 240000 | BE69: 150000 | BF69: 216000 | BK69: S
C70: No | D70: Keterangan | E70: =E57 -> 2019 | F70: =E70+1 -> 2020 | G70: =F70+1 -> 2021 | H70: =G70+1 -> 2022 | I70: =H70+1 -> 2023 | J70: =I70+1 -> 2024 | K70: TOTAL | M70: =IF(N70<20%,"IRR.","IRR :") -> IRR : | N70: =IRR(E75:J75,E15) -> 0.2791563 | Q70: NFC | R70: =SUM(E75:J75) -> 1.6078781e+09 | BA70: 61 | BB70: 210000 | BC70: 216000 | BD70: 240000 | BE70: 150000 | BF70: 216000 | BK70: S
C71: 1 | D71: Kas Masuk | E71: =SUM(E46:E54) -> 219011557 | F71: =SUM(F46:F54) -> 613200168 | G71: =SUM(G46:G54) -> 837210248 | H71: =SUM(H46:H54) -> 1135211336 | I71: =SUM(I46:I54) -> 1313308407 | J71: =SUM(J46:J54) -> 180000000 | K71: =SUM(E71:J71) -> 4297941716 | BA71: 62 | BB71: 210000 | BC71: 216000 | BD71: 240000 | BE71: 150000 | BF71: 216000 | BK71: S
C72: 2 | D72: Kas Keluar | E72: =SUM(E58:E67) -> 1.552854e+09 | F72: =SUM(F58:F67) -> 3.0315051e+08 | G72: =SUM(G58:G67) -> 1.7698947e+08 | H72: =SUM(H58:H67) -> 3.647345e+08 | I72: =SUM(I58:I67) -> 1.9884967e+08 | J72: =SUM(J58:J67) -> 0 | K72: =SUM(K58:K67) -> 2.5649742e+09 | BA72: 63 | BB72: 210000 | BC72: 216000 | BD72: 240000 | BE72: 150000 | BF72: 216000 | BK72: S
D73: Kas Bersih | E73: =E71-E72 -> -1.3338424e+09 | F73: =F71-F72 -> 3.1004965e+08 | G73: =G71-G72 -> 6.6022078e+08 | H73: =H71-H72 -> 7.7047684e+08 | I73: =I71-I72 -> 1.1144587e+09 | J73: =J71-J72 -> 180000000 | K73: =SUM(E73:J73) -> 1701363582 | BA73: 64 | BB73: 210000 | BC73: 216000 | BD73: 240000 | BE73: 150000 | BF73: 216000 | BK73: S
D74: Biaya Bunga | E74: =E78 -> -1.1671121e+08 | F74: =F78 -> -89581867 | G74: =G78 -> -31812549 | H74: =H78 -> 30517864 | I74: =I78 -> 1.1410227e+08 | K74: =SUM(E74:J74) -> -93485496 | BA74: 65 | BB74: 210000 | BC74: 216000 | BD74: 240000 | BE74: 150000 | BF74: 216000 | BK74: S
D75: Jumlah | E75: =E73+E74 -> -1.4505536e+09 | F75: =F73+F74 -> 2.2046779e+08 | G75: =G73+G74 -> 6.2840823e+08 | H75: =H73+H74 -> 8.009947e+08 | I75: =I73+I74 -> 1.228561e+09 | J75: =J73+J74 -> 180000000 | K75: =SUM(K73:K74) -> 1.6078781e+09 | BA75: 66 | BB75: 210000 | BC75: 216000 | BD75: 240000 | BE75: 150000 | BF75: 216000 | BK75: S
E76: =E69>=0 -> FALSE | F76: =F69>=0 -> FALSE | G76: =G69>=0 -> FALSE | H76: =H69>=0 -> TRUE | I76: =I69>=0 -> TRUE | J76: =J69>=0 -> TRUE | BA76: 67 | BB76: 210000 | BC76: 216000 | BD76: 240000 | BE76: 150000 | BF76: 216000 | BK76: S
E77: =E73 -> -1.3338424e+09 | F77: =F73+E77 -> -1.0237928e+09 | G77: =G73+F77 -> -3.6357199e+08 | H77: =H73+G77 -> 4.0690485e+08 | I77: =I73+H77 -> 1521363582 | J77: =J73+I77 -> 1701363582 | BA77: 68 | BB77: 210000 | BC77: 216000 | BD77: 240000 | BE77: 150000 | BF77: 216000 | BK77: S
E78: =IF(E77<1,(E77*70%)*$E$16,E77*$E$14) -> -1.1671121e+08 | F78: =IF(F77<1,(F77*70%)*$E$16,F77*$E$14) -> -89581867 | G78: =IF(G77<1,(G77*70%)*$E$16,G77*$E$14) -> -31812549 | H78: =IF(H77<1,(H77*70%)*$E$16,H77*$E$14) -> 30517864 | I78: =IF(I77<1,(I77*70%)*$E$16,I77*$E$14) -> 1.1410227e+08 | J78: =IF(J77<1,(J77*70%)*$E$16,J77*$E$14) -> 1.2760227e+08 | BA78: 69 | BB78: 210000 | BC78: 216000 | BD78: 240000 | BE78: 150000 | BF78: 216000 | BK78: S
BA79: 70 | BB79: 210000 | BC79: 180000 | BD79: 200000 | BE79: 150000 | BF79: 180000 | BK79: S
BA80: 71 | BB80: 210000 | BC80: 180000 | BD80: 200000 | BE80: 150000 | BF80: 180000 | BK80: S
BA81: 72 | BB81: 210000 | BC81: 180000 | BD81: 200000 | BE81: 150000 | BF81: 180000 | BK81: S
BA82: 73 | BB82: 210000 | BC82: 180000 | BD82: 200000 | BE82: 150000 | BF82: 180000 | BK82: S
BA83: 74 | BB83: 210000 | BC83: 180000 | BD83: 200000 | BE83: 150000 | BF83: 180000 | BK83: S
BA84: 75 | BB84: 210000 | BC84: 180000 | BD84: 200000 | BE84: 150000 | BF84: 180000 | BK84: S
BA85: 76 | BB85: 210000 | BC85: 180000 | BD85: 200000 | BE85: 150000 | BF85: 180000 | BK85: S
BA86: 77 | BB86: 210000 | BC86: 180000 | BD86: 200000 | BE86: 150000 | BF86: 180000 | BK86: S
BA87: 78 | BB87: 210000 | BC87: 180000 | BD87: 200000 | BE87: 150000 | BF87: 180000 | BK87: S
BA88: 79 | BB88: 210000 | BC88: 180000 | BD88: 200000 | BE88: 150000 | BF88: 180000 | BK88: S
BA89: 80 | BB89: 210000 | BC89: 180000 | BD89: 200000 | BE89: 150000 | BF89: 180000 | BK89: S
BA90: 81 | BB90: 180000 | BC90: 180000 | BD90: 200000 | BE90: 150000 | BF90: 180000 | BK90: S
... BA759: 750 | BB759: 135000 | BC759: 99000 | BD759: 110000 | BE759: 85000 | BF759: 99000 | BK759: L
BA761: bulk price | BB761: N/A | BC761: N/A | BD761: N/A | BE761: 150000 | BF761: 250000

Sheet Summary
D3: SUMMARY
B7: Site Name | C7: Grand Dhika City Jatiwarna Tower Emerald
B8: Address | C8: Jl. Raya Hankam No.1, Jatimelati
B9: Service | C9: Open Net & IBC
B10: Existing ISP | C10: N/A
B11: Kontrak IBS dengan BM | C11: Eksklusif
B12: Target tenant | C12: =Assumption_Apt!H21 -> 499
B14: Net Cash Combined Open Net + IBC* | C14: Year 1 | D14: Year 2 | E14: Year 3 | F14: Year 4 | G14: Year 5 | H14: TOTAL
B15: 1. Skenario A (Achievable) | C15: ='New IRR (5th) OK (A)'!E75 -> -1.339174e+09 | D15: ='New IRR (5th) OK (A)'!F75 -> 4.9190849e+08 | E15: ='New IRR (5th) OK (A)'!G75 -> 1.1396151e+09 | F15: ='New IRR (5th) OK (A)'!H75 -> 1.1589935e+09 | G15: ='New IRR (5th) OK (A)'!I75 -> 1.4917339e+09 | H15: =SUM(C15:G15) -> 2.9430769e+09
B16: 2. Skenario B (Stretch) | C16: ='New IRR (5th) OK (B)'!E75 -> -1.1913544e+09 | D16: ='New IRR (5th) OK (B)'!F75 -> 9.3029464e+08 | E16: ='New IRR (5th) OK (B)'!G75 -> 1.2761126e+09 | F16: ='New IRR (5th) OK (B)'!H75 -> 1.2852765e+09 | G16: ='New IRR (5th) OK (B)'!I75 -> 1.6011136e+09 | H16: =SUM(C16:G16) -> 3.9014429e+09
B17: 3. Skenario C (Low Target) | C17: ='New IRR (5th) OK (C)'!E75 -> -1.4505536e+09 | D17: ='New IRR (5th) OK (C)'!F75 -> 2.2046779e+08 | E17: ='New IRR (5th) OK (C)'!G75 -> 6.2840823e+08 | F17: ='New IRR (5th) OK (C)'!H75 -> 8.009947e+08 | G17: ='New IRR (5th) OK (C)'!I75 -> 1.228561e+09 | H17: =SUM(C17:G17) -> 1.4278781e+09
C20: Combined Open Net + IBC
C21: 1. Skenario A (Achievable) | D21: 2. Skenario B (Stretch) | E21: 3. Skenario C (Low Target)
B22: IRR | C22: ='New IRR (5th) OK (A)'!Q27 -> 0.57017789 | D22: ='New IRR (5th) OK (B)'!Q27 -> 0.87506204 | E22: ='New IRR (5th) OK (C)'!Q27 -> 0.2791563 | G22: 1. Skenario A (Achievable) | H22: Asumsi subs 22% di tahun 1 | J22: =Assumption_Apt!$E$20*Assumption_Apt!E7 -> 0.224
B23: Payback Period (Years) | C23: ='New IRR (5th) OK (A)'!Q28/12 -> 2.7985662 | D23: ='New IRR (5th) OK (B)'!Q28/12 -> 2.5587359 | E23: ='New IRR (5th) OK (C)'!Q28/12 -> 3.8604103 | G23: 2. Skenario B (Stretch) | H23: Asumsi subs 42% di tahun 1 | J23: =Assumption_Apt!$E$20*Assumption_Apt!E8 -> 0.42
B24: NPV | C24: ='New IRR (5th) OK (A)'!Q26 -> 2.1208345e+09 | D24: ='New IRR (5th) OK (B)'!Q26 -> 2.9183163e+09 | E24: ='New IRR (5th) OK (C)'!Q26 -> 9.194527e+08 | G24: 3. Skenario C (Low Target) | H24: Asumsi subs 15% di tahun 1 | J24: =Assumption_Apt!$E$20*Assumption_Apt!E9 -> 0.154
B25: NFC | C25: ='New IRR (5th) OK (A)'!R70 -> 3.1230769e+09 | D25: ='New IRR (5th) OK (B)'!R70 -> 4.0814429e+09 | E25: ='New IRR (5th) OK (C)'!R70 -> 1.6078781e+09
B28: Approval:
C33: (Carlo O) | D33: (Asep S) | E33: (Anni S ) | F33: (Makmur Jaury) | G33: ( Farida Bau)

Sheet Remarks
A3: No | B3: Keterangan Asumsi
A4: 1 | B4: ISP MTI, Revshare 50%
A5: 2 | B5: MCP 2 Titik (@ 5jt/bulan/Antena)
A6: 3 | B6: Revshare ke BM sebesar 10%
A7: 4 | B7: Total Unit 892 unit
A8: 5 | B8: Target 70% dari total unit, 499 Unit
A9: 6 | B9: Instalasi GPON disediakan oleh Gedung (Include Project)
A10: 7 | B10: Asumsi maintenance 10jt/tahun adalah untuk mengcover perangkat yang IBS sediakan
A11: 8 | B11: IBS Menyediakan CPE dan disewakan ke customer seharga 30.000/bln/customer
A12: 9 | B12: IMB di budgetkan 50 juta / pole

Sheet Year Cust
C1: Broadband | D1: Dedicated
B2: Revo Town Tenatns | C2: 215 | D2: 25 | E2: =C2/(C2+D2) -> 0.89583333
B3: IBSW Target 80% in 5 years | C3: =80%*C2 -> 172 | D3: =80%*D2 -> 20 | F3: =192-112 -> 80
B5: Optimis | C5: Year 1 | D5: Year 2 | E5: Year 3 | F5: Year 4 | G5: Year 5
B6: Takeup | C6: 0.4 | D6: 0.8 | E6: 0.85 | F6: 0.9 | G6: 1
B7: Cust of Broadband | C7: =ROUNDDOWN(C6*$C$3,0) -> 68 | D7: =ROUNDDOWN(D6*$C$3,0) -> 137 | E7: =ROUNDDOWN(E6*$C$3,0) -> 146 | F7: =ROUNDDOWN(F6*$C$3,0) -> 154 | G7: =ROUNDDOWN(G6*$C$3,0) -> 172
B8: Cust of Dedicated | C8: =ROUNDDOWN(C6*$D$3,0) -> 8 | D8: =ROUNDDOWN(D6*$D$3,0) -> 16 | E8: =ROUNDDOWN(E6*$D$3,0) -> 17 | F8: =ROUNDDOWN(F6*$D$3,0) -> 18 | G8: =ROUNDDOWN(G6*$D$3,0) -> 20
C9: =SUM(C7:C8) -> 76 | D9: =SUM(D7:D8) -> 153 | E9: =SUM(E7:E8) -> 163 | F9: =SUM(F7:F8) -> 172 | G9: =SUM(G7:G8) -> 192
C10: =C9/($C$2+$D$2) -> 0.31666667 | D10: =D9/($C$2+$D$2) -> 0.6375 | E10: =E9/($C$2+$D$2) -> 0.67916667 | F10: =F9/($C$2+$D$2) -> 0.71666667 | G10: =G9/($C$2+$D$2) -> 0.8
B11: Tenant list
B12: Floor | C12: # Tenant
B13: GF | C13: =18+16 -> 34
B14: LG | C14: =21+23 -> 44
B15: UG | C15: =49+25+8 -> 82
B16: Lantai 1 | C16: =17+6+5 -> 28
B17: Enterprise | C17: =29+30 -> 59
B18: TOTAL | C18: 247

Sheet # of subscriber
A1: BROADBAND / RETAIL | P1: DEDICATED / SOHO
A2: End Year Cust | B2: ='Year Cust'!C7 -> 68 | P2: End Year Cust | Q2: ='Year Cust'!C8 -> 8
A3: Year 1 | B3: M1 | C3: M2 | D3: M3 | E3: M4 | F3: M5 | G3: M6 | H3: Total | P3: Year 1 | Q3: M1 | R3: M2 | S3: M3 | T3: M4 | U3: M5 | V3: M6 | W3: Total
A4: Cumulative (%) | B4: =10% -> 0.1 | C4: 0.2 | D4: 0.4 | E4: 0.6 | F4: 0.8 | G4: 1 | P4: Cumulative (%) | Q4: =10% -> 0.1 | R4: 0.2 | S4: 0.4 | T4: 0.6 | U4: 0.8 | V4: 1
A5: Cumulative | B5: =$B$2*B4 -> 6.8 | C5: =$B$2*C4 -> 13.6 | D5: =$B$2*D4 -> 27.2 | E5: =$B$2*E4 -> 40.8 | F5: =$B$2*F4 -> 54.4 | G5: =$B$2*G4 -> 68 | P5: Cumulative | Q5: =$Q$2*Q4 -> 0.8 | R5: =$Q$2*R4 -> 1.6 | S5: =$Q$2*S4 -> 3.2 | T5: =$Q$2*T4 -> 4.8 | U5: =$Q$2*U4 -> 6.4 | V5: =$Q$2*V4 -> 8
A6: Revenue (K) | B6: =B5*IRR!#REF!/1000 -> #REF! | C6: =C5*IRR!#REF!/1000 -> #REF! | D6: =D5*IRR!#REF!/1000 -> #REF! | E6: =E5*IRR!#REF!/1000 -> #REF! | F6: =F5*IRR!#REF!/1000 -> #REF! | G6: =G5*IRR!#REF!/1000 -> #REF! | H6: =SUM(B6:G6) -> #REF! | P6: Revenue (K) | Q6: =Q5*IRR!#REF!/1000 -> #REF! | R6: =R5*IRR!#REF!/1000 -> #REF! | S6: =S5*IRR!#REF!/1000 -> #REF! | T6: =T5*IRR!#REF!/1000 -> #REF! | U6: =U5*IRR!#REF!/1000 -> #REF! | V6: =V5*IRR!#REF!/1000 -> #REF! | W6: =SUM(Q6:V6) -> #REF!
A8: End Year Cust | B8: ='Year Cust'!D7 -> 137 | P8: End Year Cust | Q8: ='Year Cust'!D8 -> 16
A9: Year 2 | B9: M1 | C9: M2 | D9: M3 | E9: M4 | F9: M5 | G9: M6 | H9: M7 | I9: M8 | J9: M9 | K9: M10 | L9: M11 | M9: M12 | N9: Total | P9: Year 2 | Q9: M1 | R9: M2 | S9: M3 | T9: M4 | U9: M5 | V9: M6 | W9: M7 | X9: M8 | Y9: M9 | Z9: M10 | AA9: M11 | AB9: M12 | AC9: Total
A10: Cumulative (%) | B10: =10% -> 0.1 | C10: 0.12 | D10: 0.15 | E10: 0.17 | F10: 0.18 | G10: 0.2 | H10: 0.25 | I10: 0.3 | J10: 0.45 | K10: 0.65 | L10: 0.85 | M10: 1 | P10: Cumulative (%) | Q10: =10% -> 0.1 | R10: 0.12 | S10: 0.15 | T10: 0.17 | U10: 0.18 | V10: 0.2 | W10: 0.25 | X10: 0.3 | Y10: 0.45 | Z10: 0.65 | AA10: 0.85 | AB10: 1
A11: Cumulative | B11: =B10*($B$8-$G$5)+$G$5 -> 74.9 | C11: =C10*($B$8-$G$5)+$G$5 -> 76.28 | D11: =D10*($B$8-$G$5)+$G$5 -> 78.35 | E11: =E10*($B$8-$G$5)+$G$5 -> 79.73 | F11: =F10*($B$8-$G$5)+$G$5 -> 80.42 | G11: =G10*($B$8-$G$5)+$G$5 -> 81.8 | H11: =H10*($B$8-$G$5)+$G$5 -> 85.25 | I11: =I10*($B$8-$G$5)+$G$5 -> 88.7 | ... M11: =M10*($B$8-$G$5)+$G$5 -> 137 | P11: Cumulative | Q11: =Q10*($Q$8-$V$5)+$V$5 -> 8.8 | R11: =R10*($Q$8-$V$5)+$V$5 -> 8.96 | S11: =S10*($Q$8-$V$5)+$V$5 -> 9.2 | T11: =T10*($Q$8-$V$5)+$V$5 -> 9.36 | U11: =U10*($Q$8-$V$5)+$V$5 -> 9.44 | V11: =V10*($Q$8-$V$5)+$V$5 -> 9.6 | W11: =W10*($Q$8-$V$5)+$V$5 -> 10 | X11: =X10*($Q$8-$V$5)+$V$5 -> 10.4 | ... AB11: =AB10*($Q$8-$V$5)+$V$5 -> 16
A12: Revenue (K) | B12: =B11*IRR!#REF!/1000 -> #REF! | C12: =C11*IRR!#REF!/1000 -> #REF! | D12: =D11*IRR!#REF!/1000 -> #REF! | E12: =E11*IRR!#REF!/1000 -> #REF! | F12: =F11*IRR!#REF!/1000 -> #REF! | G12: =G11*IRR!#REF!/1000 -> #REF! | H12: =H11*IRR!#REF!/1000 -> #REF! | I12: =I11*IRR!#REF!/1000 -> #REF! | ... M12: =M11*IRR!#REF!/1000 -> #REF! | N12: =SUM(B12:M12) -> #REF! | P12: Revenue (K) | Q12: =Q11*IRR!#REF!/1000 -> #REF! | R12: =R11*IRR!#REF!/1000 -> #REF! | S12: =S11*IRR!#REF!/1000 -> #REF! | T12: =T11*IRR!#REF!/1000 -> #REF! | U12: =U11*IRR!#REF!/1000 -> #REF! | V12: =V11*IRR!#REF!/1000 -> #REF! | W12: =W11*IRR!#REF!/1000 -> #REF! | X12: =X11*IRR!#REF!/1000 -> #REF! | ... AB12: =AB11*IRR!#REF!/1000 -> #REF! | AC12: =SUM(Q12:AB12) -> #REF!
A14: End Year Cust | B14: ='Year Cust'!E7 -> 146 | P14: End Year Cust | Q14: ='Year Cust'!E8 -> 17
A15: Year 3 | B15: M1 | C15: M2 | D15: M3 | E15: M4 | F15: M5 | G15: M6 | H15: M7 | I15: M8 | J15: M9 | K15: M10 | L15: M11 | M15: M12 | N15: Total | P15: Year 3 | Q15: M1 | R15: M2 | S15: M3 | T15: M4 | U15: M5 | V15: M6 | W15: M7 | X15: M8 | Y15: M9 | Z15: M10 | AA15: M11 | AB15: M12 | AC15: Total
A16: Cumulative (%) | B16: =10% -> 0.1 | C16: 0.12 | D16: 0.15 | E16: 0.17 | F16: 0.18 | G16: 0.2 | H16: 0.25 | I16: 0.3 | J16: 0.45 | K16: 0.65 | L16: 0.85 | M16: 1 | P16: Cumulative (%) | Q16: =10% -> 0.1 | R16: 0.12 | S16: 0.15 | T16: 0.17 | U16: 0.18 | V16: 0.2 | W16: 0.25 | X16: 0.3 | Y16: 0.45 | Z16: 0.65 | AA16: 0.85 | AB16: 1
A17: Cumulative | B17: =B16*($B$14-$M$11)+$M$11 -> 137.9 | C17: =C16*($B$14-$M$11)+$M$11 -> 138.08 | D17: =D16*($B$14-$M$11)+$M$11 -> 138.35 | E17: =E16*($B$14-$M$11)+$M$11 -> 138.53 | F17: =F16*($B$14-$M$11)+$M$11 -> 138.62 | G17: =G16*($B$14-$M$11)+$M$11 -> 138.8 | H17: =H16*($B$14-$M$11)+$M$11 -> 139.25 | I17: =I16*($B$14-$M$11)+$M$11 -> 139.7 | ... M17: =M16*($B$14-$M$11)+$M$11 -> 146 | P17: Cumulative | Q17: =Q16*($Q$14-$AB$11)+$AB$11 -> 16.1 | R17: =R16*($Q$14-$AB$11)+$AB$11 -> 16.12 | S17: =S16*($Q$14-$AB$11)+$AB$11 -> 16.15 | T17: =T16*($Q$14-$AB$11)+$AB$11 -> 16.17 | U17: =U16*($Q$14-$AB$11)+$AB$11 -> 16.18 | V17: =V16*($Q$14-$AB$11)+$AB$11 -> 16.2 | W17: =W16*($Q$14-$AB$11)+$AB$11 -> 16.25 | X17: =X16*($Q$14-$AB$11)+$AB$11 -> 16.3 | ... AB17: =AB16*($Q$14-$AB$11)+$AB$11 -> 17
A18: Revenue (K) | B18: =B17*IRR!#REF!/1000 -> #REF! | C18: =C17*IRR!#REF!/1000 -> #REF! | D18: =D17*IRR!#REF!/1000 -> #REF! | E18: =E17*IRR!#REF!/1000 -> #REF! | F18: =F17*IRR!#REF!/1000 -> #REF! | G18: =G17*IRR!#REF!/1000 -> #REF! | H18: =H17*IRR!#REF!/1000 -> #REF! | I18: =I17*IRR!#REF!/1000 -> #REF! | ... M18: =M17*IRR!#REF!/1000 -> #REF! | N18: =SUM(B18:M18) -> #REF! | P18: Revenue (K) | Q18: =Q17*IRR!#REF!/1000 -> #REF! | R18: =R17*IRR!#REF!/1000 -> #REF! | S18: =S17*IRR!#REF!/1000 -> #REF! | T18: =T17*IRR!#REF!/1000 -> #REF! | U18: =U17*IRR!#REF!/1000 -> #REF! | V18: =V17*IRR!#REF!/1000 -> #REF! | W18: =W17*IRR!#REF!/1000 -> #REF! | X18: =X17*IRR!#REF!/1000 -> #REF! | ... AB18: =AB17*IRR!#REF!/1000 -> #REF! | AC18: =SUM(Q18:AB18) -> #REF!
A20: End Year Cust | B20: ='Year Cust'!F7 -> 154 | P20: End Year Cust | Q20: ='Year Cust'!F8 -> 18
A21: Year 4 | B21: M1 | C21: M2 | D21: M3 | E21: M4 | F21: M5 | G21: M6 | H21: M7 | I21: M8 | J21: M9 | K21: M10 | L21: M11 | M21: M12 | N21: Total | P21: Year 4 | Q21: M1 | R21: M2 | S21: M3 | T21: M4 | U21: M5 | V21: M6 | W21: M7 | X21: M8 | Y21: M9 | Z21: M10 | AA21: M11 | AB21: M12 | AC21: Total
A22: Cumulative (%) | B22: =10% -> 0.1 | C22: 0.12 | D22: 0.15 | E22: 0.17 | F22: 0.18 | G22: 0.2 | H22: 0.25 | I22: 0.3 | J22: 0.45 | K22: 0.65 | L22: 0.85 | M22: 1 | P22: Cumulative (%) | Q22: =10% -> 0.1 | R22: 0.12 | S22: 0.15 | T22: 0.17 | U22: 0.18 | V22: 0.2 | W22: 0.25 | X22: 0.3 | Y22: 0.45 | Z22: 0.65 | AA22: 0.85 | AB22: 1
A23: Cumulative | B23: =B22*($B$20-$M$17)+$M$17 -> 146.8 | C23: =C22*($B$20-$M$17)+$M$17 -> 146.96 | D23: =D22*($B$20-$M$17)+$M$17 -> 147.2 | E23: =E22*($B$20-$M$17)+$M$17 -> 147.36 | F23: =F22*($B$20-$M$17)+$M$17 -> 147.44 | G23: =G22*($B$20-$M$17)+$M$17 -> 147.6 | H23: =H22*($B$20-$M$17)+$M$17 -> 148 | I23: =I22*($B$20-$M$17)+$M$17 -> 148.4 | ... M23: =M22*($B$20-$M$17)+$M$17 -> 154 | P23: Cumulative | Q23: =Q22*($Q$20-$AB$17)+$AB$17 -> 17.1 | R23: =R22*($Q$20-$AB$17)+$AB$17 -> 17.12 | S23: =S22*($Q$20-$AB$17)+$AB$17 -> 17.15 | T23: =T22*($Q$20-$AB$17)+$AB$17 -> 17.17 | U23: =U22*($Q$20-$AB$17)+$AB$17 -> 17.18 | V23: =V22*($Q$20-$AB$17)+$AB$17 -> 17.2 | W23: =W22*($Q$20-$AB$17)+$AB$17 -> 17.25 | X23: =X22*($Q$20-$AB$17)+$AB$17 -> 17.3 | ... AB23: =AB22*($Q$20-$AB$17)+$AB$17 -> 18
A24: Revenue (K) | B24: =B23*IRR!#REF!/1000 -> #REF! | C24: =C23*IRR!#REF!/1000 -> #REF! | D24: =D23*IRR!#REF!/1000 -> #REF! | E24: =E23*IRR!#REF!/1000 -> #REF! | F24: =F23*IRR!#REF!/1000 -> #REF! | G24: =G23*IRR!#REF!/1000 -> #REF! | H24: =H23*IRR!#REF!/1000 -> #REF! | I24: =I23*IRR!#REF!/1000 -> #REF! | ... M24: =M23*IRR!#REF!/1000 -> #REF! | N24: =SUM(B24:M24) -> #REF! | P24: Revenue (K) | Q24: =Q23*IRR!#REF!/1000 -> #REF! | R24: =R23*IRR!#REF!/1000 -> #REF! | S24: =S23*IRR!#REF!/1000 -> #REF! | T24: =T23*IRR!#REF!/1000 -> #REF! | U24: =U23*IRR!#REF!/1000 -> #REF! | V24: =V23*IRR!#REF!/1000 -> #REF! | W24: =W23*IRR!#REF!/1000 -> #REF! | X24: =X23*IRR!#REF!/1000 -> #REF! | ... AB24: =AB23*IRR!#REF!/1000 -> #REF! | AC24: =SUM(Q24:AB24) -> #REF!
A26: End Year Cust | B26: ='Year Cust'!G7 -> 172 | P26: End Year Cust | Q26: ='Year Cust'!G8 -> 20
A27: Year 5 | B27: M1 | C27: M2 | D27: M3 | E27: M4 | F27: M5 | G27: M6 | H27: M7 | I27: M8 | J27: M9 | K27: M10 | L27: M11 | M27: M12 | N27: Total | P27: Year 5 | Q27: M1 | R27: M2 | S27: M3 | T27: M4 | U27: M5 | V27: M6 | W27: M7 | X27: M8 | Y27: M9 | Z27: M10 | AA27: M11 | AB27: M12 | AC27: Total
A28: Cumulative (%) | B28: =10% -> 0.1 | C28: 0.12 | D28: 0.15 | E28: 0.17 | F28: 0.18 | G28: 0.2 | H28: 0.25 | I28: 0.3 | J28: 0.45 | K28: 0.65 | L28: 0.85 | M28: 1 | P28: Cumulative (%) | Q28: =10% -> 0.1 | R28: 0.12 | S28: 0.15 | T28: 0.17 | U28: 0.18 | V28: 0.2 | W28: 0.25 | X28: 0.3 | Y28: 0.45 | Z28: 0.65 | AA28: 0.85 | AB28: 1
A29: Cumulative | B29: =B28*($B$26-$M$23)+$M$23 -> 155.8 | C29: =C28*($B$26-$M$23)+$M$23 -> 156.16 | D29: =D28*($B$26-$M$23)+$M$23 -> 156.7 | E29: =E28*($B$26-$M$23)+$M$23 -> 157.06 | F29: =F28*($B$26-$M$23)+$M$23 -> 157.24 | G29: =G28*($B$26-$M$23)+$M$23 -> 157.6 | H29: =H28*($B$26-$M$23)+$M$23 -> 158.5 | I29: =I28*($B$26-$M$23)+$M$23 -> 159.4 | ... M29: =M28*($B$26-$M$23)+$M$23 -> 172 | P29: Cumulative | Q29: =Q28*($Q$26-$AB$23)+$AB$23 -> 18.2 | R29: =R28*($Q$26-$AB$23)+$AB$23 -> 18.24 | S29: =S28*($Q$26-$AB$23)+$AB$23 -> 18.3 | T29: =T28*($Q$26-$AB$23)+$AB$23 -> 18.34 | U29: =U28*($Q$26-$AB$23)+$AB$23 -> 18.36 | V29: =V28*($Q$26-$AB$23)+$AB$23 -> 18.4 | W29: =W28*($Q$26-$AB$23)+$AB$23 -> 18.5 | X29: =X28*($Q$26-$AB$23)+$AB$23 -> 18.6 | ... AB29: =AB28*($Q$26-$AB$23)+$AB$23 -> 20
A30: Revenue (K) | B30: =B29*IRR!#REF!/1000 -> #REF! | C30: =C29*IRR!#REF!/1000 -> #REF! | D30: =D29*IRR!#REF!/1000 -> #REF! | E30: =E29*IRR!#REF!/1000 -> #REF! | F30: =F29*IRR!#REF!/1000 -> #REF! | G30: =G29*IRR!#REF!/1000 -> #REF! | H30: =H29*IRR!#REF!/1000 -> #REF! | I30: =I29*IRR!#REF!/1000 -> #REF! | ... M30: =M29*IRR!#REF!/1000 -> #REF! | N30: =SUM(B30:M30) -> #REF! | P30: Revenue (K) | Q30: =Q29*IRR!#REF!/1000 -> #REF! | R30: =R29*IRR!#REF!/1000 -> #REF! | S30: =S29*IRR!#REF!/1000 -> #REF! | T30: =T29*IRR!#REF!/1000 -> #REF! | U30: =U29*IRR!#REF!/1000 -> #REF! | V30: =V29*IRR!#REF!/1000 -> #REF! | W30: =W29*IRR!#REF!/1000 -> #REF! | X30: =X29*IRR!#REF!/1000 -> #REF! | ... AB30: =AB29*IRR!#REF!/1000 -> #REF! | AC30: =SUM(Q30:AB30) -> #REF!
